Workbook

Sheet Hoja3
A1: aseo | B1: 59034340 | C1: ='GENERAL 2DO CONTRATO'!D28 -> 0 | D1: =B1-C1 -> 59034340
A2: manipuladoras | B2: =24138348+25235388 -> 49373736 | D2: =B2 -> 49373736
A3: dotacion | B3: 46064 | C3: ='GENERAL 2DO CONTRATO'!D29 -> 0 | D3: =B3 -> 46064
A4: transporte | B4: 72034964 | C4: ='GENERAL 2DO CONTRATO'!D27 -> 19498248 | D4: =B4-C4 -> 52536716
B5: =SUM(B1:B4) -> 180489104 | C5: =SUM(C1:C4) -> 19498248 | D5: =SUM(D1:D4) -> 160990856 | E5: ='procesadoras ADICION 2'!D150 -> 16935257 | F5: =D5-E5 -> 144055599

Sheet GENERAL 2DO CONTRATO
A1: PROYECCIÓN OPERACIÓN PAE 2026
A3: NRO. DEL PROCESO EN SECOP II:
A4: NRO. CONVENIO GOBERNACIÓN: | B4: 4500067339
A5: OBJETO: Integrar esfuerzos para la ejecución del Programa de Alimentación Escolar - PAE, para los niños, niñas y adolescentes de la matrícula oficial del municipio de SONSÓN - Antioquia, no certificado en educación, para la vigencia 2026
A6: DIAS CALENDARIO ESCOLAR: 53
A7: CÓDIGO UNSPSC: 85151601 - Servicios de programación de la nutrición
A8: NRO. BENEFICIARIOS PAE REGULAR: 4.614
A9: NRO. BENEFICIARIOS PAE JORNADA ÚNICA: 849
A10: TOTAL RACIONES PAE REGULAR:
A11: TOTAL RACIONES PAE JORNADA ÚNICA:
A14: Descripción | B14: Valor trabajado en 2025 con impuestos incluidos | C14: Prodeporte no tenido en cuenta | D14: IPC | E14: Valor cotización 2026 incluye descuentos
C15: 0.013 | D15: 0.0551
A16: PAE Regular | B16: 3624 | C16: =B16*$C$15 -> 47.112 | D16: =(B16+C16)*$D$15 -> 202.27827 | E16: 3826
A17: PAE Jornada Única | B17: 4938 | C17: =B17*$C$15 -> 64.194 | D17: =(B17+C17)*$D$15 -> 275.62089 | E17: 5214
A18: Transporte | B18: 3080000 | C18: 0 | D18: =(B18+C18)*$D$15 -> 169708 | E18: 3249708
A19: kits de aseo | B19: 143000 | C19: 0 | D19: =(B19+C19)*$D$15 -> 7879.3 | E19: 150879
A20: Dotación manipuladoras | B20: 229900 | C20: 0 | D20: =(B20+C20)*$D$15 -> 12667.49 | E20: 242567
H22: OTRO SI NRO. 002
A23: PROYECCIÓN X 53 DÍAS CALENDARIO ESCOLAR | E23: APORTES | H23: Aporte total Gobernación | I23: 1661307089
A24: Descripción | B24: Cantidad | C24: Valor Unitario | D24: Valor Total | E24: Gobernación | H24: Raciones OTRO SI 2 | I24: ='proyección general ADICION 2'!E30 -> 529916400
A25: REGULAR | B25: =4614*32 -> 147648 | C25: =E16 -> 3826 | D25: =B25*C25 -> 564901248 | E25: Raciones | F25: Manipuladoras | H25: Manipuladoras OTRO SI 2 | I25: ='proyección general ADICION 2'!F30 -> 2.6103255e+08
A26: ÚNICA | B26: =849*32 -> 27168 | C26: =E17 -> 5214 | D26: =B26*C26 -> 141653952 | E26: =D25+D26 -> 706555200 | F26: =I32 -> 1.6380294e+08 | H26: Total Aporte OTRO SI 2 | I26: =SUM(I24:I25) -> 7.9094895e+08
A27: TRANSPORTE | B27: 6 | C27: =E18 -> 3249708 | D27: =B27*C27 -> 19498248 | E27: =SUM(E26:F26) -> 8.7035814e+08 | J27: =I26+I33 -> 1661307089
A28: KITS DE ASEO (1 kit) | B28: 0 | C28: =E19 -> 150879 | D28: =B28*C28 -> 0
A29: DOTACIÓN MANIPULADORAS | B29: 0 | C29: =E20 -> 242567 | D29: =C29*B29 -> 0 | E29: MUNICIPIO | H29: NUEVO CONTRATO
A30: MANIPULADORAS | B30: GLOBAL | D30: ='PROCESADORAS 2DO CONTRATO'!B32 -> 3.0476646e+08 | E30: Manipuladoras | F30: ='PROCESADORAS 2DO CONTRATO'!B38 -> 1.4096352e+08 | G30: =D30-F26 -> 1.4096352e+08 | H30: Aporte total Gobernación | I30: =I23-I26 -> 8.7035814e+08
A31: TOTAL | D31: =SUM(D25:D30) -> 1.0308199e+09 | E31: Transporte | F31: =D27 -> 19498248 | H31: Raciones | I31: =E26 -> 706555200
E32: Kits de Aseo | F32: =D28 -> 0 | H32: Manipuladoras | I32: =I30-I31 -> 1.6380294e+08
E33: Dotación Manipuladoras | F33: =D29 -> 0 | H33: Total Aporte | I33: =SUM(I31:I32) -> 8.7035814e+08
E34: Total Aporte | F34: =SUM(F30:F33) -> 1.6046177e+08
E37: 559528386 | F37: =E27-E37 -> 3.1082975e+08
E38: =E26-E37 -> 147026814 | F38: =F37-E38 -> 1.6380294e+08
E39: =SUM(E37:E38) -> 706555200
A40: DEDUCCIONES
A41: Nombre Estampilla | B41: Tarifa Gobernación | C41: Tarifa Municipio
A42: Impuesto de timbre | B42: 0.01 | C42: 0.01
A43: Servicios | B43: 0.04 | C43: 0.04
A44: Estampilla Pro-Cultura | B44: 0.015 | C44: 0.015
A45: RETEICA | B45: 0.01 | C45: 0.01
A46: Estampilla Pro-Adulto Mayor | B46: 0.04 | C46: 0.04
A47: Estampilla Pro-Hospital | B47: 0.01 | C47: 0.01
A48: Estampilla Pro-Deporte | B48: 0.025 | C48: 0.012
A49: Estampilla para la justicia familiar | B49: 0.02 | C49: 0.02
A50: Total | B50: =SUM(B42:B49) -> 0.17 | C50: =SUM(C42:C49) -> 0.157

Sheet PROCESADORAS 2DO CONTRATO
A1: Rango Procesadoras de Alimentos | B1: Salario Base | C1: Honorarios x Día | D1: IBC | E1: Seguridad Social | F1: Cantidad de Procesadoras x Rango
A2: RANGO 1 (1-15 estudiantes) 65% | B2: 1890000 | C2: =(B2*65%)/30 -> 40950 | D2: 1750905 | E2: 541700 | F2: =B72 -> 22
A3: RANGO 2 (16-43 estudiantes) 95% | B3: 1890000 | C3: =(B3*95%)/30 -> 59850 | F3: =D85 -> 35
A4: RANGO 3 (>=44 estudiantes) 130% | B4: 1890000 | C4: =(B4*130%)/30 -> 81900 | F4: =F70 -> 42
E5: Total Procesadoras | F5: =SUM(F2:F4) -> 99
A9: MES | B9: Días laborales | C9: Días de Seguridad | D9: Rango | E9: Cantidad Procesadoras | F9: Valor Día | G9: Valor Honorarios X mes 1 Procesadora | H9: Valor Honorarios Total Procesadoras X Rango | I9: Valor Seguridad X 1 Procesadora | J9: Valor Seguridad Total Procesadoras X Rango | K9: Valor Total Procesadoras X Mes
A10: Octubre | B10: 14 | C10: 18 | D10: 1 | E10: =F2 -> 22 | F10: =C2 -> 40950 | G10: =F10*$B$10 -> 573300 | H10: =G10*E10 -> 12612600 | I10: =$E$2/30*$C$10 -> 325020 | J10: =I10*E10 -> 7150440 | K10: =H13+J13 -> 122273280 | M10: 573300 | N10: 325020 | O10: =SUM(M10:N10) -> 898320 | P10: =O10*22 -> 19763040
D11: 2 | E11: =F3 -> 35 | F11: =C3 -> 59850 | G11: =F11*$B$10 -> 837900 | H11: =G11*E11 -> 29326500 | I11: =$E$2/30*$C$10 -> 325020 | J11: =I11*E11 -> 11375700 | M11: 837900 | N11: 325020 | O11: =SUM(M11:N11) -> 1162920 | P11: =O11*35 -> 40702200
D12: 3 | E12: =F4 -> 42 | F12: =C4 -> 81900 | G12: =F12*$B$10 -> 1146600 | H12: =G12*E12 -> 48157200 | I12: =$E$2/30*$C$10 -> 325020 | J12: =I12*E12 -> 13650840 | M12: 1146600 | N12: 325020 | O12: =SUM(M12:N12) -> 1471620 | P12: =O12*42 -> 61808040
G13: Total Honorarios | H13: =SUM(H10:H12) -> 90096300 | I13: Total Seguridad | J13: =SUM(J10:J12) -> 32176980 | P13: =SUM(P10:P12) -> 122273280
L14: =K10+K18 -> 241686330
A17: MES | B17: Días laborales | C17: Días de Seguridad | D17: Rango | E17: Cantidad Procesadoras | F17: Valor Día | G17: Valor Honorarios X mes 1 Procesadora | H17: Valor Honorarios Total Procesadoras X Rango | I17: Valor Seguridad X 1 Procesadora | J17: Valor Seguridad Total Procesadoras X Rango | K17: Valor Total Procesadoras X Mes
A18: Noviembre | B18: 13 | C18: 20 | D18: 1 | E18: =F2 -> 22 | F18: =C2 -> 40950 | G18: =F18*$B$18 -> 532350 | H18: =G18*E18 -> 11711700 | I18: =$E$2/30*$C$18 -> 361133.33 | J18: =I18*E18 -> 7944933.3 | K18: =H21+J21 -> 119413050 | M18: 532350 | N18: 361133 | O18: =SUM(M18:N18) -> 893483 | P18: =O18*22 -> 19656626
D19: 2 | E19: =F3 -> 35 | F19: =C3 -> 59850 | G19: =F19*$B$18 -> 778050 | H19: =G19*E19 -> 27231750 | I19: =$E$2/30*$C$18 -> 361133.33 | J19: =I19*E19 -> 12639667 | M19: 778050 | N19: 361133 | O19: =SUM(M19:N19) -> 1139183 | P19: =O19*35 -> 39871405
D20: 3 | E20: =F4 -> 42 | F20: =C4 -> 81900 | G20: =F20*$B$18 -> 1064700 | H20: =G20*E20 -> 44717400 | I20: =$E$2/30*$C$18 -> 361133.33 | J20: =I20*E20 -> 15167600 | M20: 1064700 | N20: 361133 | O20: =SUM(M20:N20) -> 1425833 | P20: =O20*42 -> 59884986
G21: Total Honorarios | H21: =SUM(H18:H20) -> 83660850 | I21: Total Seguridad | J21: =SUM(J18:J20) -> 35752200
O23: =O10+O18 -> 1791803 | P23: =O23*22 -> 39419666
O24: =O11+O19 -> 2302103 | P24: =O24*35 -> 80573605
O25: =O12+O20 -> 2897453 | P25: =O25*42 -> 121693026
A26: TOTAL INVERSIÓN MANIPULADORAS (Tabla contrato) | P26: =SUM(P23:P25) -> 241686297
A27: Honorarios | B27: =H13+H21 -> 173757150
A28: Seguridad Social | B28: =J13+J21 -> 67929180
A29: capacitaciones | B29: 0 | C29: ADMINISTRACIÓN 5% neto | D29: =B30*5% -> 12084316
A30: Total Procesadoras | B30: =SUM(B27:B29) -> 241686330
A31: AIU 26,1% | B31: =B30*26.1% -> 63080132 | C31: Total - Deducciones | D31: Total - Administración | E31: Sobra
A32: Total | B32: =SUM(B30:B31) -> 3.0476646e+08 | C32: =B32-C39 -> 2.5478869e+08 | D32: =C32-D29 -> 2.4270437e+08 | E32: =D32-B30 -> 1018042.8
A36: APORTES | C36: DEDUCCIONES
A37: Gobernación | B37: ='GENERAL 2DO CONTRATO'!F26 -> 1.6380294e+08 | C37: =B37*17% -> 27846500
A38: Municipio | B38: =B32-B37 -> 1.4096352e+08 | C38: =B38*15.7% -> 22131273
A39: Total | B39: =SUM(B37:B38) -> 3.0476646e+08 | C39: =SUM(C37:C38) -> 49977773
A47: PROCESADORAS RANGO 1 | C47: PROCESADORAS RANGO 2 | E47: PROCESADORAS RANGO 3
A49: Sede Educativa | B49: Cantidad Procesadoras | C49: Sede Educativa | D49: Cantidad Procesadoras | E49: Sede Educativa | F49: Cantidad Procesadoras
A50: C. E. R. BOQUERON | B50: 1 | C50: C. E. R. LA HONDA | D50: 1 | E50: C. E. R. LA LINDA | F50: 1
A51: C. E. R. SIRGUA ABAJO | B51: 1 | C51: C. E. R. ROBLAL ARRIBA | D51: 1 | E51: I. E. BRAULIO MEJIA | F51: 4
A52: C. E. R. LA MESA | B52: 1 | C52: C. E. R. EL SALADO | D52: 1 | E52: I. E. R. JERUSALEN | F52: 5
A53: C. E. R. MULATO ALTO | B53: 1 | C53: C. E. R. MARIANO OSPINA PEREZ | D53: 1 | E53: I. E. R. LA DANTA | F53: 6
A54: C. E. R. SANTA ROSA LA DANTA | B54: 1 | C54: C. E. R. GREGORIO GUTIERREZ GONZALEZ | D54: 1 | E54: C. E. R. PIEDRAS BLANCAS | F54: 1
A55: C. E. R. SANTO DOMINGO | B55: 1 | C55: C. E. R. LA FRANCIA | D55: 1 | E55: I. E. R. SAN MIGUEL | F55: 2
A56: C. E. R. LOS POTREROS | B56: 1 | C56: C. E. R. LA HONDITA | D56: 1 | E56: C. E. R. ALTO DE SABANA | F56: 1
A57: C. E. R. MAGALLO | B57: 1 | C57: C. E. R. ROBLALITO A | D57: 1 | E57: C. E. R. LAUREANO GOMEZ | F57: 1
A58: C. E. R. EL TIGRE EL CAUNZAL | B58: 1 | C58: C. E. R. SIRGUA ARRIBA | D58: 1 | E58: C. E. R. MANZANARES | F58: 1
A59: C. E. R. MARTHA PANESSO DE TORO | B59: 1 | C59: C. E. R. SIRGUITA | D59: 1 | E59: C. E. R. MANZANARES CENTRO | F59: 1
A60: C. E. R. NARANJAL ABAJO | B60: 1 | C60: C. E. R. ZURRUMBAL | D60: 1 | E60: I. E. INTEGRAL PARA JOVENES Y ADULTOS CELIA RAMOS TORO | F60: 2
A61: C. E. R. SAN JERONIMO | B61: 1 | C61: C. E. R. EL PORVENIR | D61: 1 | E61: I. E. ROSA MARIA HENAO PAVAS | F61: 2
... A69: C. E. R. AGUADITA | B69: 1 | C69: C. E. R. AURES SONSON | D69: 1 | E69: SUPERNUMERARIA URBANA | F69: 1
A70: C. E. R. LA PALMITA | B70: 1 | C70: C. E. R. TASAJO | D70: 1 | F70: =SUM(F50:F69) -> 42
A71: C. E. R. EL RODEO | B71: 1 | C71: C. E. R. VENTIADEROS | D71: 1
B72: =SUM(B50:B71) -> 22 | C72: I. E. R. LA SOLEDAD | D72: 1
C73: C. E. R. LA LOMA | D73: 1
C74: C. E. R. TOMAS CARRASQUILLA | D74: 1
C75: C. E. R. YARUMAL | D75: 1
C76: C. E. R. EL BRASIL | D76: 1
C77: C. E. R. EL SALTO | D77: 1
C78: C. E. R. GUAMAL | D78: 1
C79: C. E. R. LA ARGENTINA | D79: 1
C80: C. E. R. RIO ARRIBA | D80: 1
C81: C. E. R. CAUNZAL | D81: 1
C82: C. E. R. LOS PLANES | D82: 1
C83: C. E. R. CAÑAVERAL | D83: 1
C84: C. E. R. NARANJAL ARRIBA | D84: 1
D85: =SUM(D50:D84) -> 35

Sheet sedes industrializadas 2 contra
A1: SEDES INDUSTRIALIZADAS
A2: C. E. R. ALTO DEL RAYO
A3: C. E. R. EL BOSQUE
A4: C. E. R. EL CEDRO
A5: C. E. R. LA FALDA
A6: C. E. R. MEDIA CUESTA
A7: C. E. R. SAN JOSE DE LAS CRUCES
A8: C. E. R. SANTA MARTA
A9: C. E. R. LA PAZ SAN FRANCISCO
A10: C. E. R. SAN ANTONIO
A11: C. E. R. BRASILAL
A12: C. E. R. LA CIENAGA
... A17: COREDI CAUNZAL

Sheet proyección general ADICION 2
A1: PROYECCIÓN OPERACIÓN PAE 2026
A3: NRO. DEL PROCESO EN SECOP II:
A4: NRO. CONVENIO GOBERNACIÓN:
A5: OBJETO: Integrar esfuerzos para la ejecución del Programa de Alimentación Escolar - PAE, para los niños, niñas y adolescentes de la matrícula oficial del municipio de SONSÓN - Antioquia, no certificado en educación, para la vigencia 2026
A6: DIAS CALENDARIO ESCOLAR: 53
A7: CÓDIGO UNSPSC: 85151601 - Servicios de programación de la nutrición
A8: VALOR CONTRATO INICIAL | B8: 3719190517 | C8: 50% del contrato inicial: | D8: =B8/2 -> 1.8595953e+09
A9: VALOR ADICIÓN 001 | B9: 1018201286 | C9: VALOR ADICIÓN 002: | D9: =D8-B9 -> 8.4139397e+08 | E9: =D9-D35 -> 23716203
A10: VALOR APORTADO X GOBERNACIÓN: | B10: Raciones: | C10: 1089444786 | D10: =SUM(C10:C11) -> 1661307089
B11: Manipuladoras: | C11: 571862303
A12: NRO. BENEFICIARIOS PAE REGULAR: 4.614
A13: NRO. BENEFICIARIOS PAE JORNADA ÚNICA: 849
A14: TOTAL RACIONES PAE REGULAR:
A15: TOTAL RACIONES PAE JORNADA ÚNICA:
N16: PLAN DE CAPACITACIÓN
A18: Descripción | B18: Valor trabajado en 2025 con impuestos incluidos | C18: Prodeporte no tenido en cuenta | D18: IPC | E18: Valor cotización 2026 incluye descuentos | N18: Zona Urbana
C19: 0.013 | D19: 0.0551 | N19: Descripción | O19: Unidad | P19: Cantidad | Q19: Valor Unitario | R19: Valor Total
A20: PAE Regular | B20: 3624 | C20: =B20*$C$19 -> 47.112 | D20: =(B20+C20)*$D$19 -> 202.27827 | E20: 3826 | N20: Capacitador | O20: Persona | P20: 2 | Q20: 1500000 | R20: =Q20*P20 -> 3000000
A21: PAE Jornada Única | B21: 4938 | C21: =B21*$C$19 -> 64.194 | D21: =(B21+C21)*$D$19 -> 275.62089 | E21: 5214 | N21: Almuerzo | O21: Unidad | P21: 90 | Q21: 35000 | R21: =Q21*P21 -> 3150000
A22: Transporte | B22: 3080000 | C22: 0 | D22: =(B22+C22)*$D$19 -> 169708 | E22: 3249708 | N22: Refrigerio | O22: Unidad | P22: 90 | Q22: 10000 | R22: =Q22*P22 -> 900000
A23: kits de aseo | B23: 143000 | C23: 0 | D23: =(B23+C23)*$D$19 -> 7879.3 | E23: 150879 | N23: Material para talleres | O23: global | R23: 2500000
A24: Dotación manipuladoras | B24: 229900 | C24: 0 | D24: =(B24+C24)*$D$19 -> 12667.49 | E24: 242567 | N24: TOTAL | R24: =SUM(R20:R23) -> 9550000
N26: Magdalena Medio
A27: PROYECCIÓN X 53 DÍAS CALENDARIO ESCOLAR | E27: APORTES | N27: Descripción | O27: Unidad | P27: Cantidad | Q27: Valor Unitario | R27: Valor Total
A28: Descripción | B28: Cantidad | C28: Valor Unitario | D28: Valor Total | E28: Gobernación | N28: Capacitador | O28: Persona | P28: 1 | Q28: 1500000 | R28: =Q28*P28 -> 1500000
A29: REGULAR | B29: =4614*24 -> 110736 | C29: =E20 -> 3826 | D29: =B29*C29 -> 423675936 | E29: Raciones | F29: Manipuladoras | N29: Almuerzo | O29: Unidad | P29: 26 | Q29: 35000 | R29: =Q29*P29 -> 910000
A30: ÚNICA | B30: =849*24 -> 20376 | C30: =E21 -> 5214 | D30: =B30*C30 -> 106240464 | E30: =D29+D30 -> 529916400 | F30: ='procesadoras ADICION 2'!B140 -> 2.6103255e+08 | N30: Refrigerio | O30: Unidad | P30: 26 | Q30: 10000 | R30: =Q30*P30 -> 260000
A31: TRANSPORTE | B31: 4 | C31: =E22 -> 3249708 | D31: =B31*C31 -> 12998832 | E31: =SUM(E30:F30) -> 7.9094895e+08 | N31: Material para talleres | O31: global | R31: 1000000
A32: KITS DE ASEO (1 kit) | B32: 91 | C32: =E23 -> 150879 | D32: =B32*C32 -> 13729989 | N32: TOTAL | R32: =SUM(R28:R31) -> 3670000
A33: DOTACIÓN MANIPULADORAS | B33: 0 | C33: =E24 -> 242567 | D33: =C33*B33 -> 0 | E33: MUNICIPIO
A34: MANIPULADORAS | B34: GLOBAL | D34: ='procesadoras ADICION 2'!B136 -> 2.6103255e+08 | E34: Manipuladoras | F34: ='procesadoras ADICION 2'!B141 -> 0
A35: TOTAL | D35: =SUM(D29:D34) -> 8.1767777e+08 | E35: Transporte | F35: =D31 -> 12998832
E36: Kits de Aseo | F36: =D32 -> 13729989
E37: Dotación Manipuladoras | F37: =D33 -> 0
E38: Total Aporte | F38: =SUM(F34:F37) -> 26728821
A44: DEDUCCIONES
A45: Nombre Estampilla | B45: Tarifa Gobernación | C45: Tarifa Municipio
A46: Impuesto de timbre | B46: 0.01 | C46: 0.01
A47: Servicios | B47: 0.04 | C47: 0.04
A48: Estampilla Pro-Cultura | B48: 0.015 | C48: 0.015
A49: RETEICA | B49: 0.01 | C49: 0.01
A50: Estampilla Pro-Adulto Mayor | B50: 0.04 | C50: 0.04
A51: Estampilla Pro-Hospital | B51: 0.01 | C51: 0.01
A52: Estampilla Pro-Deporte | B52: 0.025 | C52: 0.012
A53: Estampilla para la justicia familiar | B53: 0.02 | C53: 0.02
A54: Total | B54: =SUM(B46:B53) -> 0.17 | C54: =SUM(C46:C53) -> 0.157
D58: 3719190517 | E58: =D58/2 -> 1.8595953e+09
D59: 1018201286 | E59: =D59+D60 -> 1835849269
D60: 817647983
D61: =SUM(D58:D60) -> 5555039786

Sheet procesadoras ADICION 2
A1: PROYECCIÓN PROCESADORAS DE ALIMENTOS 2026 | F1: 541660 | G1: =#REF!-F1 -> #REF!
A3: Rango Procesadoras de Alimentos | B3: Salario Base | C3: Honorarios x Día | D3: IBC
A4: RANGO 1 (1-15 estudiantes) 65% | B4: 1890000 | C4: =(B4*65%)/30 -> 40950 | D4: 1750905
A5: RANGO 2 (16-43 estudiantes) 95% | B5: 1890000 | C5: =(B5*95%)/30 -> 59850
A6: RANGO 3 (>=44 estudiantes) 130% | B6: 1890000 | C6: =(B6*130%)/30 -> 81900
F9: SEPTIEMBRE | L9: OCTUBRE (hasta el 15 de octubre, 11 días laborales y 15 de seguridad social) | R9: NOVIEMBRE (hasta el 24 para ajustar los 53 días del convenio)
A10: Sede | B10: Cantidad de Procesadoras | C10: Cantidad Alumnos al 03-08-2026 | D10: Alumnos COREDI | E10: Total Alumnos | F10: Días Laborales | G10: Honorarios | H10: salud 12,5% | I10: riesgos (R3) 2,436% | J10: pensión 16% | K10: Total Manipuladora | L10: Días Laborales | M10: Honorarios | N10: salud 12,5% | O10: riesgos (R3) 2,436% | P10: pensión 16% | Q10: Total Manipuladora | R10: Días Laborales | S10: Honorarios | T10: salud 12,5% | U10: riesgos (R3) 2,436% | V10: pensión 16% | W10: Total Manipuladora
A11: C. E. R. BOQUERON | B11: 1 | C11: 5 | D11: 0 | E11: =C11+D11 -> 5 | F11: 20 | G11: =$C$4*F11 -> 819000 | H11: =$D$4*12.5% -> 218863.12 | I11: =$D$4*2.436% -> 42652.046 | J11: =$D$4*16% -> 280144.8 | K11: =SUM(G11:J11)*B11 -> 1360660 | L11: 2 | M11: =$C$4*L11 -> 81900 | N11: =($D$4*12.5%)/30*2 -> 14590.875 | O11: =($D$4*2.436%)/30*2 -> 2843.4697 | P11: =($D$4*16%)/30*2 -> 18676.32 | Q11: =SUM(M11:P11)*B11 -> 118010.66 | R11: 18 | S11: =$C$4*R11 -> 737100 | T11: =$D$4*12.5% -> 218863.12 | U11: =$D$4*2.436% -> 42652.046 | V11: =$D$4*16% -> 280144.8 | W11: =SUM(S11:V11)*B11 -> 1278760
A12: C. E. R. LA TORRE | B12: 1 | C12: 4 | D12: 0 | E12: =C12+D12 -> 4 | F12: 20 | G12: =$C$4*F12 -> 819000 | H12: =$D$4*12.5% -> 218863.12 | I12: =$D$4*2.436% -> 42652.046 | J12: =$D$4*16% -> 280144.8 | K12: =SUM(G12:J12)*B12 -> 1360660 | L12: 2 | M12: =$C$4*L12 -> 81900 | N12: =($D$4*12.5%)/30*2 -> 14590.875 | O12: =($D$4*2.436%)/30*2 -> 2843.4697 | P12: =($D$4*16%)/30*2 -> 18676.32 | Q12: =SUM(M12:P12)*B12 -> 118010.66 | R12: 18 | S12: =$C$4*R12 -> 737100 | T12: =$D$4*12.5% -> 218863.12 | U12: =$D$4*2.436% -> 42652.046 | V12: =$D$4*16% -> 280144.8 | W12: =SUM(S12:V12)*B12 -> 1278760
A13: C. E. R. SIRGUA ABAJO | B13: 1 | C13: 7 | D13: 0 | E13: =C13+D13 -> 7 | F13: 20 | G13: =$C$4*F13 -> 819000 | H13: =$D$4*12.5% -> 218863.12 | I13: =$D$4*2.436% -> 42652.046 | J13: =$D$4*16% -> 280144.8 | K13: =SUM(G13:J13)*B13 -> 1360660 | L13: 2 | M13: =$C$4*L13 -> 81900 | N13: =($D$4*12.5%)/30*2 -> 14590.875 | O13: =($D$4*2.436%)/30*2 -> 2843.4697 | P13: =($D$4*16%)/30*2 -> 18676.32 | Q13: =SUM(M13:P13)*B13 -> 118010.66 | R13: 18 | S13: =$C$4*R13 -> 737100 | T13: =$D$4*12.5% -> 218863.12 | U13: =$D$4*2.436% -> 42652.046 | V13: =$D$4*16% -> 280144.8 | W13: =SUM(S13:V13)*B13 -> 1278760
A14: C. E. R. LA MESA | B14: 1 | C14: 7 | D14: 0 | E14: =C14+D14 -> 7 | F14: 20 | G14: =$C$4*F14 -> 819000 | H14: =$D$4*12.5% -> 218863.12 | I14: =$D$4*2.436% -> 42652.046 | J14: =$D$4*16% -> 280144.8 | K14: =SUM(G14:J14)*B14 -> 1360660 | L14: 2 | M14: =$C$4*L14 -> 81900 | N14: =($D$4*12.5%)/30*2 -> 14590.875 | O14: =($D$4*2.436%)/30*2 -> 2843.4697 | P14: =($D$4*16%)/30*2 -> 18676.32 | Q14: =SUM(M14:P14)*B14 -> 118010.66 | R14: 18 | S14: =$C$4*R14 -> 737100 | T14: =$D$4*12.5% -> 218863.12 | U14: =$D$4*2.436% -> 42652.046 | V14: =$D$4*16% -> 280144.8 | W14: =SUM(S14:V14)*B14 -> 1278760
A15: C. E. R. MULATO ALTO | B15: 1 | C15: 3 | D15: 0 | E15: =C15+D15 -> 3 | F15: 20 | G15: =$C$4*F15 -> 819000 | H15: =$D$4*12.5% -> 218863.12 | I15: =$D$4*2.436% -> 42652.046 | J15: =$D$4*16% -> 280144.8 | K15: =SUM(G15:J15)*B15 -> 1360660 | L15: 2 | M15: =$C$4*L15 -> 81900 | N15: =($D$4*12.5%)/30*2 -> 14590.875 | O15: =($D$4*2.436%)/30*2 -> 2843.4697 | P15: =($D$4*16%)/30*2 -> 18676.32 | Q15: =SUM(M15:P15)*B15 -> 118010.66 | R15: 18 | S15: =$C$4*R15 -> 737100 | T15: =$D$4*12.5% -> 218863.12 | U15: =$D$4*2.436% -> 42652.046 | V15: =$D$4*16% -> 280144.8 | W15: =SUM(S15:V15)*B15 -> 1278760
A16: C. E. R. SANTA ROSA LA DANTA | B16: 1 | C16: 2 | D16: 0 | E16: =C16+D16 -> 2 | F16: 20 | G16: =$C$4*F16 -> 819000 | H16: =$D$4*12.5% -> 218863.12 | I16: =$D$4*2.436% -> 42652.046 | J16: =$D$4*16% -> 280144.8 | K16: =SUM(G16:J16)*B16 -> 1360660 | L16: 2 | M16: =$C$4*L16 -> 81900 | N16: =($D$4*12.5%)/30*2 -> 14590.875 | O16: =($D$4*2.436%)/30*2 -> 2843.4697 | P16: =($D$4*16%)/30*2 -> 18676.32 | Q16: =SUM(M16:P16)*B16 -> 118010.66 | R16: 18 | S16: =$C$4*R16 -> 737100 | T16: =$D$4*12.5% -> 218863.12 | U16: =$D$4*2.436% -> 42652.046 | V16: =$D$4*16% -> 280144.8 | W16: =SUM(S16:V16)*B16 -> 1278760
A17: C. E. R. SANTO DOMINGO | B17: 1 | C17: 2 | D17: 0 | E17: =C17+D17 -> 2 | F17: 20 | G17: =$C$4*F17 -> 819000 | H17: =$D$4*12.5% -> 218863.12 | I17: =$D$4*2.436% -> 42652.046 | J17: =$D$4*16% -> 280144.8 | K17: =SUM(G17:J17)*B17 -> 1360660 | L17: 2 | M17: =$C$4*L17 -> 81900 | N17: =($D$4*12.5%)/30*2 -> 14590.875 | O17: =($D$4*2.436%)/30*2 -> 2843.4697 | P17: =($D$4*16%)/30*2 -> 18676.32 | Q17: =SUM(M17:P17)*B17 -> 118010.66 | R17: 18 | S17: =$C$4*R17 -> 737100 | T17: =$D$4*12.5% -> 218863.12 | U17: =$D$4*2.436% -> 42652.046 | V17: =$D$4*16% -> 280144.8 | W17: =SUM(S17:V17)*B17 -> 1278760
A18: C. E. R. LOS POTREROS | B18: 1 | C18: 7 | D18: 0 | E18: =C18+D18 -> 7 | F18: 20 | G18: =$C$4*F18 -> 819000 | H18: =$D$4*12.5% -> 218863.12 | I18: =$D$4*2.436% -> 42652.046 | J18: =$D$4*16% -> 280144.8 | K18: =SUM(G18:J18)*B18 -> 1360660 | L18: 2 | M18: =$C$4*L18 -> 81900 | N18: =($D$4*12.5%)/30*2 -> 14590.875 | O18: =($D$4*2.436%)/30*2 -> 2843.4697 | P18: =($D$4*16%)/30*2 -> 18676.32 | Q18: =SUM(M18:P18)*B18 -> 118010.66 | R18: 18 | S18: =$C$4*R18 -> 737100 | T18: =$D$4*12.5% -> 218863.12 | U18: =$D$4*2.436% -> 42652.046 | V18: =$D$4*16% -> 280144.8 | W18: =SUM(S18:V18)*B18 -> 1278760
A19: C. E. R. MAGALLO | B19: 1 | C19: 4 | D19: 0 | E19: =C19+D19 -> 4 | F19: 20 | G19: =$C$4*F19 -> 819000 | H19: =$D$4*12.5% -> 218863.12 | I19: =$D$4*2.436% -> 42652.046 | J19: =$D$4*16% -> 280144.8 | K19: =SUM(G19:J19)*B19 -> 1360660 | L19: 2 | M19: =$C$4*L19 -> 81900 | N19: =($D$4*12.5%)/30*2 -> 14590.875 | O19: =($D$4*2.436%)/30*2 -> 2843.4697 | P19: =($D$4*16%)/30*2 -> 18676.32 | Q19: =SUM(M19:P19)*B19 -> 118010.66 | R19: 18 | S19: =$C$4*R19 -> 737100 | T19: =$D$4*12.5% -> 218863.12 | U19: =$D$4*2.436% -> 42652.046 | V19: =$D$4*16% -> 280144.8 | W19: =SUM(S19:V19)*B19 -> 1278760
A20: C. E. R. EL TIGRE EL CAUNZAL | B20: 1 | C20: 4 | D20: 0 | E20: =C20+D20 -> 4 | F20: 20 | G20: =$C$4*F20 -> 819000 | H20: =$D$4*12.5% -> 218863.12 | I20: =$D$4*2.436% -> 42652.046 | J20: =$D$4*16% -> 280144.8 | K20: =SUM(G20:J20)*B20 -> 1360660 | L20: 2 | M20: =$C$4*L20 -> 81900 | N20: =($D$4*12.5%)/30*2 -> 14590.875 | O20: =($D$4*2.436%)/30*2 -> 2843.4697 | P20: =($D$4*16%)/30*2 -> 18676.32 | Q20: =SUM(M20:P20)*B20 -> 118010.66 | R20: 18 | S20: =$C$4*R20 -> 737100 | T20: =$D$4*12.5% -> 218863.12 | U20: =$D$4*2.436% -> 42652.046 | V20: =$D$4*16% -> 280144.8 | W20: =SUM(S20:V20)*B20 -> 1278760
A21: C. E. R. EL TIGRE LA HABANA | B21: 1 | C21: 2 | D21: 0 | E21: =C21+D21 -> 2 | F21: 20 | G21: =$C$4*F21 -> 819000 | H21: =$D$4*12.5% -> 218863.12 | I21: =$D$4*2.436% -> 42652.046 | J21: =$D$4*16% -> 280144.8 | K21: =SUM(G21:J21)*B21 -> 1360660 | L21: 2 | M21: =$C$4*L21 -> 81900 | N21: =($D$4*12.5%)/30*2 -> 14590.875 | O21: =($D$4*2.436%)/30*2 -> 2843.4697 | P21: =($D$4*16%)/30*2 -> 18676.32 | Q21: =SUM(M21:P21)*B21 -> 118010.66 | R21: 18 | S21: =$C$4*R21 -> 737100 | T21: =$D$4*12.5% -> 218863.12 | U21: =$D$4*2.436% -> 42652.046 | V21: =$D$4*16% -> 280144.8 | W21: =SUM(S21:V21)*B21 -> 1278760
A22: C. E. R. MARTHA PANESSO DE TORO | B22: 1 | C22: 4 | D22: 0 | E22: =C22+D22 -> 4 | F22: 20 | G22: =$C$4*F22 -> 819000 | H22: =$D$4*12.5% -> 218863.12 | I22: =$D$4*2.436% -> 42652.046 | J22: =$D$4*16% -> 280144.8 | K22: =SUM(G22:J22)*B22 -> 1360660 | L22: 2 | M22: =$C$4*L22 -> 81900 | N22: =($D$4*12.5%)/30*2 -> 14590.875 | O22: =($D$4*2.436%)/30*2 -> 2843.4697 | P22: =($D$4*16%)/30*2 -> 18676.32 | Q22: =SUM(M22:P22)*B22 -> 118010.66 | R22: 18 | S22: =$C$4*R22 -> 737100 | T22: =$D$4*12.5% -> 218863.12 | U22: =$D$4*2.436% -> 42652.046 | V22: =$D$4*16% -> 280144.8 | W22: =SUM(S22:V22)*B22 -> 1278760
... A34: C. E. R. EL RODEO | B34: 1 | C34: 10 | D34: 0 | E34: =C34+D34 -> 10 | F34: 20 | G34: =$C$4*F34 -> 819000 | H34: =$D$4*12.5% -> 218863.12 | I34: =$D$4*2.436% -> 42652.046 | J34: =$D$4*16% -> 280144.8 | K34: =SUM(G34:J34)*B34 -> 1360660 | L34: 2 | M34: =$C$4*L34 -> 81900 | N34: =($D$4*12.5%)/30*2 -> 14590.875 | O34: =($D$4*2.436%)/30*2 -> 2843.4697 | P34: =($D$4*16%)/30*2 -> 18676.32 | Q34: =SUM(M34:P34)*B34 -> 118010.66 | R34: 18 | S34: =$C$4*R34 -> 737100 | T34: =$D$4*12.5% -> 218863.12 | U34: =$D$4*2.436% -> 42652.046 | V34: =$D$4*16% -> 280144.8 | W34: =SUM(S34:V34)*B34 -> 1278760
A35: C. E. R. LA HONDA | B35: 1 | C35: 16 | D35: 0 | E35: =C35+D35 -> 16 | F35: 20 | G35: =$C$5*F35 -> 1197000 | H35: =$D$4*12.5% -> 218863.12 | I35: =$D$4*2.436% -> 42652.046 | J35: =$D$4*16% -> 280144.8 | K35: =SUM(G35:J35)*B35 -> 1738660 | L35: 2 | M35: =$C$5*L35 -> 119700 | N35: =($D$4*12.5%)/30*2 -> 14590.875 | O35: =($D$4*2.436%)/30*2 -> 2843.4697 | P35: =($D$4*16%)/30*2 -> 18676.32 | Q35: =SUM(M35:P35)*B35 -> 155810.66 | R35: 18 | S35: =$C$5*R35 -> 1077300 | T35: =$D$4*12.5% -> 218863.12 | U35: =$D$4*2.436% -> 42652.046 | V35: =$D$4*16% -> 280144.8 | W35: =SUM(S35:V35)*B35 -> 1618960
A36: C. E. R. ROBLAL ARRIBA | B36: 1 | C36: 10 | D36: 7 | E36: =C36+D36 -> 17 | F36: 20 | G36: =$C$5*F36 -> 1197000 | H36: =$D$4*12.5% -> 218863.12 | I36: =$D$4*2.436% -> 42652.046 | J36: =$D$4*16% -> 280144.8 | K36: =SUM(G36:J36)*B36 -> 1738660 | L36: 2 | M36: =$C$5*L36 -> 119700 | N36: =($D$4*12.5%)/30*2 -> 14590.875 | O36: =($D$4*2.436%)/30*2 -> 2843.4697 | P36: =($D$4*16%)/30*2 -> 18676.32 | Q36: =SUM(M36:P36)*B36 -> 155810.66 | R36: 18 | S36: =$C$5*R36 -> 1077300 | T36: =$D$4*12.5% -> 218863.12 | U36: =$D$4*2.436% -> 42652.046 | V36: =$D$4*16% -> 280144.8 | W36: =SUM(S36:V36)*B36 -> 1618960
A37: C. E. R. EL SALADO | B37: 1 | C37: 10 | D37: 7 | E37: =C37+D37 -> 17 | F37: 20 | G37: =$C$5*F37 -> 1197000 | H37: =$D$4*12.5% -> 218863.12 | I37: =$D$4*2.436% -> 42652.046 | J37: =$D$4*16% -> 280144.8 | K37: =SUM(G37:J37)*B37 -> 1738660 | L37: 2 | M37: =$C$5*L37 -> 119700 | N37: =($D$4*12.5%)/30*2 -> 14590.875 | O37: =($D$4*2.436%)/30*2 -> 2843.4697 | P37: =($D$4*16%)/30*2 -> 18676.32 | Q37: =SUM(M37:P37)*B37 -> 155810.66 | R37: 18 | S37: =$C$5*R37 -> 1077300 | T37: =$D$4*12.5% -> 218863.12 | U37: =$D$4*2.436% -> 42652.046 | V37: =$D$4*16% -> 280144.8 | W37: =SUM(S37:V37)*B37 -> 1618960
A38: C. E. R. MARIANO OSPINA PEREZ | B38: 1 | C38: 7 | D38: 15 | E38: =C38+D38 -> 22 | F38: 20 | G38: =$C$5*F38 -> 1197000 | H38: =$D$4*12.5% -> 218863.12 | I38: =$D$4*2.436% -> 42652.046 | J38: =$D$4*16% -> 280144.8 | K38: =SUM(G38:J38)*B38 -> 1738660 | L38: 2 | M38: =$C$5*L38 -> 119700 | N38: =($D$4*12.5%)/30*2 -> 14590.875 | O38: =($D$4*2.436%)/30*2 -> 2843.4697 | P38: =($D$4*16%)/30*2 -> 18676.32 | Q38: =SUM(M38:P38)*B38 -> 155810.66 | R38: 18 | S38: =$C$5*R38 -> 1077300 | T38: =$D$4*12.5% -> 218863.12 | U38: =$D$4*2.436% -> 42652.046 | V38: =$D$4*16% -> 280144.8 | W38: =SUM(S38:V38)*B38 -> 1618960
A39: C. E. R. GREGORIO GUTIERREZ GONZALEZ | B39: 1 | C39: 25 | D39: 0 | E39: =C39+D39 -> 25 | F39: 20 | G39: =$C$5*F39 -> 1197000 | H39: =$D$4*12.5% -> 218863.12 | I39: =$D$4*2.436% -> 42652.046 | J39: =$D$4*16% -> 280144.8 | K39: =SUM(G39:J39)*B39 -> 1738660 | L39: 2 | M39: =$C$5*L39 -> 119700 | N39: =($D$4*12.5%)/30*2 -> 14590.875 | O39: =($D$4*2.436%)/30*2 -> 2843.4697 | P39: =($D$4*16%)/30*2 -> 18676.32 | Q39: =SUM(M39:P39)*B39 -> 155810.66 | R39: 18 | S39: =$C$5*R39 -> 1077300 | T39: =$D$4*12.5% -> 218863.12 | U39: =$D$4*2.436% -> 42652.046 | V39: =$D$4*16% -> 280144.8 | W39: =SUM(S39:V39)*B39 -> 1618960
A40: C. E. R. LA FRANCIA | B40: 1 | C40: 25 | D40: 0 | E40: =C40+D40 -> 25 | F40: 20 | G40: =$C$5*F40 -> 1197000 | H40: =$D$4*12.5% -> 218863.12 | I40: =$D$4*2.436% -> 42652.046 | J40: =$D$4*16% -> 280144.8 | K40: =SUM(G40:J40)*B40 -> 1738660 | L40: 2 | M40: =$C$5*L40 -> 119700 | N40: =($D$4*12.5%)/30*2 -> 14590.875 | O40: =($D$4*2.436%)/30*2 -> 2843.4697 | P40: =($D$4*16%)/30*2 -> 18676.32 | Q40: =SUM(M40:P40)*B40 -> 155810.66 | R40: 18 | S40: =$C$5*R40 -> 1077300 | T40: =$D$4*12.5% -> 218863.12 | U40: =$D$4*2.436% -> 42652.046 | V40: =$D$4*16% -> 280144.8 | W40: =SUM(S40:V40)*B40 -> 1618960
A41: C. E. R. LA HONDITA | B41: 1 | C41: 16 | D41: 21 | E41: =C41+D41 -> 37 | F41: 20 | G41: =$C$5*F41 -> 1197000 | H41: =$D$4*12.5% -> 218863.12 | I41: =$D$4*2.436% -> 42652.046 | J41: =$D$4*16% -> 280144.8 | K41: =SUM(G41:J41)*B41 -> 1738660 | L41: 2 | M41: =$C$5*L41 -> 119700 | N41: =($D$4*12.5%)/30*2 -> 14590.875 | O41: =($D$4*2.436%)/30*2 -> 2843.4697 | P41: =($D$4*16%)/30*2 -> 18676.32 | Q41: =SUM(M41:P41)*B41 -> 155810.66 | R41: 18 | S41: =$C$5*R41 -> 1077300 | T41: =$D$4*12.5% -> 218863.12 | U41: =$D$4*2.436% -> 42652.046 | V41: =$D$4*16% -> 280144.8 | W41: =SUM(S41:V41)*B41 -> 1618960
A42: C. E. R. ROBLALITO A | B42: 1 | C42: 31 | D42: 0 | E42: =C42+D42 -> 31 | F42: 20 | G42: =$C$5*F42 -> 1197000 | H42: =$D$4*12.5% -> 218863.12 | I42: =$D$4*2.436% -> 42652.046 | J42: =$D$4*16% -> 280144.8 | K42: =SUM(G42:J42)*B42 -> 1738660 | L42: 2 | M42: =$C$5*L42 -> 119700 | N42: =($D$4*12.5%)/30*2 -> 14590.875 | O42: =($D$4*2.436%)/30*2 -> 2843.4697 | P42: =($D$4*16%)/30*2 -> 18676.32 | Q42: =SUM(M42:P42)*B42 -> 155810.66 | R42: 18 | S42: =$C$5*R42 -> 1077300 | T42: =$D$4*12.5% -> 218863.12 | U42: =$D$4*2.436% -> 42652.046 | V42: =$D$4*16% -> 280144.8 | W42: =SUM(S42:V42)*B42 -> 1618960
A43: C. E. R. SIRGUA ARRIBA | B43: 1 | C43: 43 | D43: 0 | E43: =C43+D43 -> 43 | F43: 20 | G43: =$C$5*F43 -> 1197000 | H43: =$D$4*12.5% -> 218863.12 | I43: =$D$4*2.436% -> 42652.046 | J43: =$D$4*16% -> 280144.8 | K43: =SUM(G43:J43)*B43 -> 1738660 | L43: 2 | M43: =$C$5*L43 -> 119700 | N43: =($D$4*12.5%)/30*2 -> 14590.875 | O43: =($D$4*2.436%)/30*2 -> 2843.4697 | P43: =($D$4*16%)/30*2 -> 18676.32 | Q43: =SUM(M43:P43)*B43 -> 155810.66 | R43: 18 | S43: =$C$5*R43 -> 1077300 | T43: =$D$4*12.5% -> 218863.12 | U43: =$D$4*2.436% -> 42652.046 | V43: =$D$4*16% -> 280144.8 | W43: =SUM(S43:V43)*B43 -> 1618960
A44: C. E. R. SIRGUITA | B44: 1 | C44: 23 | D44: 0 | E44: =C44+D44 -> 23 | F44: 20 | G44: =$C$5*F44 -> 1197000 | H44: =$D$4*12.5% -> 218863.12 | I44: =$D$4*2.436% -> 42652.046 | J44: =$D$4*16% -> 280144.8 | K44: =SUM(G44:J44)*B44 -> 1738660 | L44: 2 | M44: =$C$5*L44 -> 119700 | N44: =($D$4*12.5%)/30*2 -> 14590.875 | O44: =($D$4*2.436%)/30*2 -> 2843.4697 | P44: =($D$4*16%)/30*2 -> 18676.32 | Q44: =SUM(M44:P44)*B44 -> 155810.66 | R44: 18 | S44: =$C$5*R44 -> 1077300 | T44: =$D$4*12.5% -> 218863.12 | U44: =$D$4*2.436% -> 42652.046 | V44: =$D$4*16% -> 280144.8 | W44: =SUM(S44:V44)*B44 -> 1618960
A45: C. E. R. ZURRUMBAL | B45: 1 | C45: 16 | D45: 0 | E45: =C45+D45 -> 16 | F45: 20 | G45: =$C$5*F45 -> 1197000 | H45: =$D$4*12.5% -> 218863.12 | I45: =$D$4*2.436% -> 42652.046 | J45: =$D$4*16% -> 280144.8 | K45: =SUM(G45:J45)*B45 -> 1738660 | L45: 2 | M45: =$C$5*L45 -> 119700 | N45: =($D$4*12.5%)/30*2 -> 14590.875 | O45: =($D$4*2.436%)/30*2 -> 2843.4697 | P45: =($D$4*16%)/30*2 -> 18676.32 | Q45: =SUM(M45:P45)*B45 -> 155810.66 | R45: 18 | S45: =$C$5*R45 -> 1077300 | T45: =$D$4*12.5% -> 218863.12 | U45: =$D$4*2.436% -> 42652.046 | V45: =$D$4*16% -> 280144.8 | W45: =SUM(S45:V45)*B45 -> 1618960
A46: C. E. R. EL PORVENIR | B46: 1 | C46: 16 | D46: 0 | E46: =C46+D46 -> 16 | F46: 20 | G46: =$C$5*F46 -> 1197000 | H46: =$D$4*12.5% -> 218863.12 | I46: =$D$4*2.436% -> 42652.046 | J46: =$D$4*16% -> 280144.8 | K46: =SUM(G46:J46)*B46 -> 1738660 | L46: 2 | M46: =$C$5*L46 -> 119700 | N46: =($D$4*12.5%)/30*2 -> 14590.875 | O46: =($D$4*2.436%)/30*2 -> 2843.4697 | P46: =($D$4*16%)/30*2 -> 18676.32 | Q46: =SUM(M46:P46)*B46 -> 155810.66 | R46: 18 | S46: =$C$5*R46 -> 1077300 | T46: =$D$4*12.5% -> 218863.12 | U46: =$D$4*2.436% -> 42652.046 | V46: =$D$4*16% -> 280144.8 | W46: =SUM(S46:V46)*B46 -> 1618960
... A68: C. E. R. CAÑAVERAL | B68: 1 | C68: 19 | D68: 0 | E68: =C68+D68 -> 19 | F68: 20 | G68: =$C$5*F68 -> 1197000 | H68: =$D$4*12.5% -> 218863.12 | I68: =$D$4*2.436% -> 42652.046 | J68: =$D$4*16% -> 280144.8 | K68: =SUM(G68:J68)*B68 -> 1738660 | L68: 2 | M68: =$C$5*L68 -> 119700 | N68: =($D$4*12.5%)/30*2 -> 14590.875 | O68: =($D$4*2.436%)/30*2 -> 2843.4697 | P68: =($D$4*16%)/30*2 -> 18676.32 | Q68: =SUM(M68:P68)*B68 -> 155810.66 | R68: 18 | S68: =$C$5*R68 -> 1077300 | T68: =$D$4*12.5% -> 218863.12 | U68: =$D$4*2.436% -> 42652.046 | V68: =$D$4*16% -> 280144.8 | W68: =SUM(S68:V68)*B68 -> 1618960
A69: C. E. R. LA LINDA | B69: 1 | C69: 85 | D69: 0 | E69: =C69+D69 -> 85 | F69: 20 | G69: =$C$6*F69 -> 1638000 | H69: =$D$4*12.5% -> 218863.12 | I69: =$D$4*2.436% -> 42652.046 | J69: =$D$4*16% -> 280144.8 | K69: =SUM(G69:J69)*B69 -> 2179660 | L69: 2 | M69: =$C$6*L69 -> 163800 | N69: =($D$4*12.5%)/30*2 -> 14590.875 | O69: =($D$4*2.436%)/30*2 -> 2843.4697 | P69: =($D$4*16%)/30*2 -> 18676.32 | Q69: =SUM(M69:P69)*B69 -> 199910.66 | R69: 18 | S69: =$C$6*R69 -> 1474200 | T69: =$D$4*12.5% -> 218863.12 | U69: =$D$4*2.436% -> 42652.046 | V69: =$D$4*16% -> 280144.8 | W69: =SUM(S69:V69)*B69 -> 2015860
A70: I. E. BRAULIO MEJIA | B70: 5 | C70: 468 | D70: 0 | E70: =C70+D70 -> 468 | F70: 20 | G70: =$C$6*F70 -> 1638000 | H70: =$D$4*12.5% -> 218863.12 | I70: =$D$4*2.436% -> 42652.046 | J70: =$D$4*16% -> 280144.8 | K70: =SUM(G70:J70)*B70 -> 10898300 | L70: 2 | M70: =$C$6*L70 -> 163800 | N70: =($D$4*12.5%)/30*2 -> 14590.875 | O70: =($D$4*2.436%)/30*2 -> 2843.4697 | P70: =($D$4*16%)/30*2 -> 18676.32 | Q70: =SUM(M70:P70)*B70 -> 999553.32 | R70: 18 | S70: =$C$6*R70 -> 1474200 | T70: =$D$4*12.5% -> 218863.12 | U70: =$D$4*2.436% -> 42652.046 | V70: =$D$4*16% -> 280144.8 | W70: =SUM(S70:V70)*B70 -> 10079300
A71: I. E. R. JERUSALEN | B71: 5 | C71: 331 | D71: 0 | E71: =C71+D71 -> 331 | F71: 20 | G71: =$C$6*F71 -> 1638000 | H71: =$D$4*12.5% -> 218863.12 | I71: =$D$4*2.436% -> 42652.046 | J71: =$D$4*16% -> 280144.8 | K71: =SUM(G71:J71)*B71 -> 10898300 | L71: 2 | M71: =$C$6*L71 -> 163800 | N71: =($D$4*12.5%)/30*2 -> 14590.875 | O71: =($D$4*2.436%)/30*2 -> 2843.4697 | P71: =($D$4*16%)/30*2 -> 18676.32 | Q71: =SUM(M71:P71)*B71 -> 999553.32 | R71: 18 | S71: =$C$6*R71 -> 1474200 | T71: =$D$4*12.5% -> 218863.12 | U71: =$D$4*2.436% -> 42652.046 | V71: =$D$4*16% -> 280144.8 | W71: =SUM(S71:V71)*B71 -> 10079300
A72: I. E. R. LA DANTA | B72: 6 | C72: 477 | D72: 0 | E72: =C72+D72 -> 477 | F72: 20 | G72: =$C$6*F72 -> 1638000 | H72: =$D$4*12.5% -> 218863.12 | I72: =$D$4*2.436% -> 42652.046 | J72: =$D$4*16% -> 280144.8 | K72: =SUM(G72:J72)*B72 -> 13077960 | L72: 2 | M72: =$C$6*L72 -> 163800 | N72: =($D$4*12.5%)/30*2 -> 14590.875 | O72: =($D$4*2.436%)/30*2 -> 2843.4697 | P72: =($D$4*16%)/30*2 -> 18676.32 | Q72: =SUM(M72:P72)*B72 -> 1199464 | R72: 18 | S72: =$C$6*R72 -> 1474200 | T72: =$D$4*12.5% -> 218863.12 | U72: =$D$4*2.436% -> 42652.046 | V72: =$D$4*16% -> 280144.8 | W72: =SUM(S72:V72)*B72 -> 12095160
A73: C. E. R. PIEDRAS BLANCAS | B73: 1 | C73: 50 | D73: 0 | E73: =C73+D73 -> 50 | F73: 20 | G73: =$C$6*F73 -> 1638000 | H73: =$D$4*12.5% -> 218863.12 | I73: =$D$4*2.436% -> 42652.046 | J73: =$D$4*16% -> 280144.8 | K73: =SUM(G73:J73)*B73 -> 2179660 | L73: 2 | M73: =$C$6*L73 -> 163800 | N73: =($D$4*12.5%)/30*2 -> 14590.875 | O73: =($D$4*2.436%)/30*2 -> 2843.4697 | P73: =($D$4*16%)/30*2 -> 18676.32 | Q73: =SUM(M73:P73)*B73 -> 199910.66 | R73: 18 | S73: =$C$6*R73 -> 1474200 | T73: =$D$4*12.5% -> 218863.12 | U73: =$D$4*2.436% -> 42652.046 | V73: =$D$4*16% -> 280144.8 | W73: =SUM(S73:V73)*B73 -> 2015860
A74: I. E. R. SAN MIGUEL | B74: 2 | C74: 286 | D74: 0 | E74: =C74+D74 -> 286 | F74: 20 | G74: =$C$6*F74 -> 1638000 | H74: =$D$4*12.5% -> 218863.12 | I74: =$D$4*2.436% -> 42652.046 | J74: =$D$4*16% -> 280144.8 | K74: =SUM(G74:J74)*B74 -> 4359319.9 | L74: 2 | M74: =$C$6*L74 -> 163800 | N74: =($D$4*12.5%)/30*2 -> 14590.875 | O74: =($D$4*2.436%)/30*2 -> 2843.4697 | P74: =($D$4*16%)/30*2 -> 18676.32 | Q74: =SUM(M74:P74)*B74 -> 399821.33 | R74: 18 | S74: =$C$6*R74 -> 1474200 | T74: =$D$4*12.5% -> 218863.12 | U74: =$D$4*2.436% -> 42652.046 | V74: =$D$4*16% -> 280144.8 | W74: =SUM(S74:V74)*B74 -> 4031719.9
A75: C. E. R. ALTO DE SABANA | B75: 1 | C75: 84 | D75: 0 | E75: =C75+D75 -> 84 | F75: 20 | G75: =$C$6*F75 -> 1638000 | H75: =$D$4*12.5% -> 218863.12 | I75: =$D$4*2.436% -> 42652.046 | J75: =$D$4*16% -> 280144.8 | K75: =SUM(G75:J75)*B75 -> 2179660 | L75: 2 | M75: =$C$6*L75 -> 163800 | N75: =($D$4*12.5%)/30*2 -> 14590.875 | O75: =($D$4*2.436%)/30*2 -> 2843.4697 | P75: =($D$4*16%)/30*2 -> 18676.32 | Q75: =SUM(M75:P75)*B75 -> 199910.66 | R75: 18 | S75: =$C$6*R75 -> 1474200 | T75: =$D$4*12.5% -> 218863.12 | U75: =$D$4*2.436% -> 42652.046 | V75: =$D$4*16% -> 280144.8 | W75: =SUM(S75:V75)*B75 -> 2015860
A76: C. E. R. LAUREANO GOMEZ | B76: 1 | C76: 49 | D76: 0 | E76: =C76+D76 -> 49 | F76: 20 | G76: =$C$6*F76 -> 1638000 | H76: =$D$4*12.5% -> 218863.12 | I76: =$D$4*2.436% -> 42652.046 | J76: =$D$4*16% -> 280144.8 | K76: =SUM(G76:J76)*B76 -> 2179660 | L76: 2 | M76: =$C$6*L76 -> 163800 | N76: =($D$4*12.5%)/30*2 -> 14590.875 | O76: =($D$4*2.436%)/30*2 -> 2843.4697 | P76: =($D$4*16%)/30*2 -> 18676.32 | Q76: =SUM(M76:P76)*B76 -> 199910.66 | R76: 18 | S76: =$C$6*R76 -> 1474200 | T76: =$D$4*12.5% -> 218863.12 | U76: =$D$4*2.436% -> 42652.046 | V76: =$D$4*16% -> 280144.8 | W76: =SUM(S76:V76)*B76 -> 2015860
A77: C. E. R. MANZANARES | B77: 1 | C77: 49 | D77: 0 | E77: =C77+D77 -> 49 | F77: 20 | G77: =$C$6*F77 -> 1638000 | H77: =$D$4*12.5% -> 218863.12 | I77: =$D$4*2.436% -> 42652.046 | J77: =$D$4*16% -> 280144.8 | K77: =SUM(G77:J77)*B77 -> 2179660 | L77: 2 | M77: =$C$6*L77 -> 163800 | N77: =($D$4*12.5%)/30*2 -> 14590.875 | O77: =($D$4*2.436%)/30*2 -> 2843.4697 | P77: =($D$4*16%)/30*2 -> 18676.32 | Q77: =SUM(M77:P77)*B77 -> 199910.66 | R77: 18 | S77: =$C$6*R77 -> 1474200 | T77: =$D$4*12.5% -> 218863.12 | U77: =$D$4*2.436% -> 42652.046 | V77: =$D$4*16% -> 280144.8 | W77: =SUM(S77:V77)*B77 -> 2015860
A78: C. E. R. MANZANARES CENTRO | B78: 1 | C78: 68 | D78: 0 | E78: =C78+D78 -> 68 | F78: 20 | G78: =$C$6*F78 -> 1638000 | H78: =$D$4*12.5% -> 218863.12 | I78: =$D$4*2.436% -> 42652.046 | J78: =$D$4*16% -> 280144.8 | K78: =SUM(G78:J78)*B78 -> 2179660 | L78: 2 | M78: =$C$6*L78 -> 163800 | N78: =($D$4*12.5%)/30*2 -> 14590.875 | O78: =($D$4*2.436%)/30*2 -> 2843.4697 | P78: =($D$4*16%)/30*2 -> 18676.32 | Q78: =SUM(M78:P78)*B78 -> 199910.66 | R78: 18 | S78: =$C$6*R78 -> 1474200 | T78: =$D$4*12.5% -> 218863.12 | U78: =$D$4*2.436% -> 42652.046 | V78: =$D$4*16% -> 280144.8 | W78: =SUM(S78:V78)*B78 -> 2015860
A79: I. E. INTEGRAL PARA JOVENES Y ADULTOS CELIA RAMOS TORO | B79: 2 | C79: 219 | D79: 0 | E79: =C79+D79 -> 219 | F79: 20 | G79: =$C$6*F79 -> 1638000 | H79: =$D$4*12.5% -> 218863.12 | I79: =$D$4*2.436% -> 42652.046 | J79: =$D$4*16% -> 280144.8 | K79: =SUM(G79:J79)*B79 -> 4359319.9 | L79: 2 | M79: =$C$6*L79 -> 163800 | N79: =($D$4*12.5%)/30*2 -> 14590.875 | O79: =($D$4*2.436%)/30*2 -> 2843.4697 | P79: =($D$4*16%)/30*2 -> 18676.32 | Q79: =SUM(M79:P79)*B79 -> 399821.33 | R79: 18 | S79: =$C$6*R79 -> 1474200 | T79: =$D$4*12.5% -> 218863.12 | U79: =$D$4*2.436% -> 42652.046 | V79: =$D$4*16% -> 280144.8 | W79: =SUM(S79:V79)*B79 -> 4031719.9
A80: I. E. ROSA MARIA HENAO PAVAS | B80: 2 | C80: 287 | D80: 0 | E80: =C80+D80 -> 287 | F80: 20 | G80: =$C$6*F80 -> 1638000 | H80: =$D$4*12.5% -> 218863.12 | I80: =$D$4*2.436% -> 42652.046 | J80: =$D$4*16% -> 280144.8 | K80: =SUM(G80:J80)*B80 -> 4359319.9 | L80: 2 | M80: =$C$6*L80 -> 163800 | N80: =($D$4*12.5%)/30*2 -> 14590.875 | O80: =($D$4*2.436%)/30*2 -> 2843.4697 | P80: =($D$4*16%)/30*2 -> 18676.32 | Q80: =SUM(M80:P80)*B80 -> 399821.33 | R80: 18 | S80: =$C$6*R80 -> 1474200 | T80: =$D$4*12.5% -> 218863.12 | U80: =$D$4*2.436% -> 42652.046 | V80: =$D$4*16% -> 280144.8 | W80: =SUM(S80:V80)*B80 -> 4031719.9
... A89: SUPERNUMERARIA URBANA | B89: 1 | C89: 0 | D89: 0 | E89: =C89+D89 -> 0 | F89: 20 | G89: =$C$6*F89 -> 1638000 | H89: =$D$4*12.5% -> 218863.12 | I89: =$D$4*2.436% -> 42652.046 | J89: =$D$4*16% -> 280144.8 | K89: =SUM(G89:J89)*B89 -> 2179660 | L89: 2 | M89: =$C$6*L89 -> 163800 | N89: =($D$4*12.5%)/30*2 -> 14590.875 | O89: =($D$4*2.436%)/30*2 -> 2843.4697 | P89: =($D$4*16%)/30*2 -> 18676.32 | Q89: =SUM(M89:P89)*B89 -> 199910.66 | R89: 18 | S89: =$C$6*R89 -> 1474200 | T89: =$D$4*12.5% -> 218863.12 | U89: =$D$4*2.436% -> 42652.046 | V89: =$D$4*16% -> 280144.8 | W89: =SUM(S89:V89)*B89 -> 2015860
A90: Total Procesadoras | B90: =SUM(B11:B89) -> 103 | D90: =SUM(D11:D89) -> 155 | K90: =SUM(K11:K89) -> 1.8985498e+08 | Q90: =SUM(Q11:Q89) -> 17125798 | W90: =SUM(W11:W89) -> 1.7644858e+08
A93: RESUMEN INVERSIÓN PROCESADORAS
A97: Rango | B97: Cantidad Procesadoras | C97: HONORARIOS SEPTIEMBRE
C98: Rango | D98: Días Laborales | E98: X 1 Procesadora | F98: Seguridad Social X 1 Procesadora | G98: Total Seguridad Social | H98: Total X Rango | I98: Total X Mes
A99: RANGO 1 | B99: =SUM(B11:B34) -> 24 | C99: =C4 -> 40950 | D99: 20 | E99: =C99*D99 -> 819000 | F99: 541800 | G99: =F99*B99 -> 13003200 | H99: =E99*B99 -> 19656000 | I99: =SUM(G102:H102) -> 189869400 | J99: =G99+H99 -> 32659200 | K99: =J99/B99 -> 1360800
A100: RANGO 2 | B100: =SUM(B35:B68) -> 34 | C100: =C5 -> 59850 | D100: 20 | E100: =C100*D100 -> 1197000 | F100: =F99 -> 541800 | G100: =F100*B100 -> 18421200 | H100: =E100*B100 -> 40698000 | J100: =G100+H100 -> 59119200 | K100: =J100/B100 -> 1738800
A101: RANGO 3 | B101: =SUM(B69:B89) -> 45 | C101: =C6 -> 81900 | D101: 20 | E101: =C101*D101 -> 1638000 | F101: =F99 -> 541800 | G101: =F101*B101 -> 24381000 | H101: =E101*B101 -> 73710000 | J101: =G101+H101 -> 98091000 | K101: =J101/B101 -> 2179800
G102: =SUM(G99:G101) -> 55805400 | H102: =SUM(H99:H101) -> 134064000
C105: HONORARIOS OCTUBRE
C106: Rango | D106: Días Laborales | E106: X 1 Procesadora | F106: Seguridad Social X 1 Procesadora | G106: Total Seguridad Social | H106: Total X Rango | I106: Total X Mes
C107: RANGO 1 | D107: 2 | E107: =C99*D107 -> 81900 | F107: 36200 | G107: =F107*B99 -> 868800 | H107: =E107*B99 -> 1965600 | I107: =SUM(G110:H110) -> 17135000 | J107: =G107+H107 -> 2834400 | K107: =J107/B99 -> 118100
C108: RANGO 2 | D108: 2 | E108: =C100*D108 -> 119700 | F108: =F107 -> 36200 | G108: =F108*B100 -> 1230800 | H108: =E108*B100 -> 4069800 | J108: =G108+H108 -> 5300600 | K108: =J108/B100 -> 155900
C109: RANGO 3 | D109: 2 | E109: =C101*D109 -> 163800 | F109: =F107 -> 36200 | G109: =F109*B101 -> 1629000 | H109: =E109*B101 -> 7371000 | J109: =G109+H109 -> 9000000 | K109: =J109/B101 -> 200000
G110: =SUM(G107:G109) -> 3728600 | H110: =SUM(H107:H109) -> 13406400
A114: RESUMEN GENERAL
A115: Rango | B115: SEPTIEMBRE | D115: OCTUBRE
B116: Honorarios | C116: Seguridad | D116: Honorarios | E116: Seguridad
A117: RANGO 1 | B117: =H99 -> 19656000 | C117: =G99 -> 13003200 | D117: =H107 -> 1965600 | E117: =G107 -> 868800
A118: RANGO 2 | B118: =H100 -> 40698000 | C118: =G100 -> 18421200 | D118: =H108 -> 4069800 | E118: =G108 -> 1230800
A119: RANGO 3 | B119: =H101 -> 73710000 | C119: =G101 -> 24381000 | D119: =H109 -> 7371000 | E119: =G109 -> 1629000
A120: Subtotales | B120: =SUM(B117:B119) -> 134064000 | C120: =SUM(C117:C119) -> 55805400 | D120: =SUM(D117:D119) -> 13406400 | E120: =SUM(E117:E119) -> 3728600
A121: Valor Total Inversión | B121: =SUM(B120:C120) -> 189869400 | D121: =D120+E120 -> 17135000 | F121: =D121*26.1% -> 4472235 | G121: =D121+F121 -> 21607235
A123: TOTAL INVERSIÓN MANIPULADORAS
A124: Honorarios | B124: =B120+D120 -> 147470400
A125: Seguridad Social | B125: =C120+E120 -> 59534000
A126: Sub Total | B126: =SUM(B124:B125) -> 207004400
A130: TOTAL INVERSIÓN MANIPULADORAS (Tabla contrato)
A131: Honorarios | B131: =B124 -> 147470400
A132: Seguridad Social | B132: =B125 -> 59534000
A133: capacitaciones | B133: 0 | C133: ADMINISTRACIÓN 5% neto
A134: Total Procesadoras | B134: =SUM(B131:B133) -> 207004400 | C134: =B134*5% -> 10350220 | D134: =C134-D136 -> 697604.83
A135: AIU 26,1% | B135: =B134*26.1% -> 54028148 | C135: Total - Deducciones
A136: Total | B136: =SUM(B134:B135) -> 2.6103255e+08 | C136: =B136-E140 -> 2.1665702e+08 | D136: =C136-B134 -> 9652615.2
C138: Deducciones
A139: APORTES | C139: 0.17 | D139: 0.157 | E139: Total deducciones
A140: Gobernación | B140: =B136-B133 -> 2.6103255e+08 | C140: =B140*C139 -> 44375533 | D140: =B141*D139 -> 0 | E140: =SUM(C140:D142) -> 44375533
A141: Municipio | B141: =B136-B140 -> 0
A142: Total | B142: =SUM(B140:B141) -> 2.6103255e+08
C149: ADICION 02 | D149: 261002762 | E149: 277938019
C150: DOS DIAS | D150: =E149-D149 -> 16935257

Sheet calendario escolar
A1: Contrato Inicial
A2: ENERO | B2: 10 | C2: ok
A3: FEBRERO | B3: 20 | C3: ok
A4: MARZO | B4: 19 | C4: ok
A5: ABRIL | B5: 19 | C5: ok
A6: MAYO | B6: 19 | C6: ok
A7: JUNIO | B7: 9 | C7: ok
A8: JULIO | B8: 15 | C8: Raciones hasta el 28 de julio
B9: =SUM(B2:B8) -> 111
A10: Adición 001
A11: JULIO | B11: 4 | C11: Raciones que agarra la adición del 28 al 31
A12: AGOSTO | B12: 19 | C12: hasta el 31 de Agosto
A14: Segundo Contrato
A15: SEPTIEMBRE | B15: 22
A16: OCTUBRE | B16: 16
A17: NOVIEMBRE | B17: 18 | C17: hasta el 27 de noviembre ya que el calendario escolar va hasta el 29 de noviembre
B18: =SUM(B15:B17) -> 56

Sheet proyección general Ad-1
A1: PROYECCIÓN OPERACIÓN PAE 2026
A3: NRO. DEL PROCESO EN SECOP II: 26AS151F2610
A4: OBJETO: Integrar esfuerzos para la ejecución del Programa de Alimentación Escolar - PAE, para los niños, niñas y adolescentes de la matrícula oficial del municipio de SONSÓN - Antioquia, no certificado en educación, para la vigencia 2026
A5: DIAS CALENDARIO ESCOLAR: 111 + 23 = 134
A6: CÓDIGO UNSPSC: 85151601 - Servicios de programación ed la nutrición
A7: VALOR APORTADO X GOBERNACIÓN: $3.364.200.299 + $833.687.557 = $4.197.887.856
A8: NRO. BENEFICIARIOS PAE REGULAR: 4.614
A9: NRO. BENEFICIARIOS PAE JORNADA ÚNICA: 849
A10: TOTAL RACIONES PAE REGULAR: 512.154 + 106.122 = 618.276
A11: TOTAL RACIONES PAE JORNADA ÚNICA: 94.239 + 19.527 = 113.766
N12: PLAN DE CAPACITACIÓN
A14: Descripción | B14: Valor trabajado en 2025 con impuestos incluidos | C14: Prodeporte no tenido en cuenta | D14: IPC | E14: Valor cotización 2026 incluye descuentos | N14: Zona Urbana
C15: 0.013 | D15: 0.0551 | N15: Descripción | O15: Unidad | P15: Cantidad | Q15: Valor Unitario | R15: Valor Total
A16: PAE Regular | B16: 3624 | C16: =B16*$C$15 -> 47.112 | D16: =(B16+C16)*$D$15 -> 202.27827 | E16: 3826 | N16: Capacitador | O16: Persona | P16: 2 | Q16: 1500000 | R16: =Q16*P16 -> 3000000
A17: PAE Jornada Única | B17: 4938 | C17: =B17*$C$15 -> 64.194 | D17: =(B17+C17)*$D$15 -> 275.62089 | E17: 5214 | N17: Almuerzo | O17: Unidad | P17: 90 | Q17: 35000 | R17: =Q17*P17 -> 3150000
A18: Transporte | B18: 3080000 | C18: 0 | D18: =(B18+C18)*$D$15 -> 169708 | E18: 3249708 | N18: Refrigerio | O18: Unidad | P18: 90 | Q18: 10000 | R18: =Q18*P18 -> 900000
A19: kits de aseo | B19: 143000 | C19: 0 | D19: =(B19+C19)*$D$15 -> 7879.3 | E19: 150879 | N19: Material para talleres | O19: global | R19: 2500000
A20: Dotación manipuladoras | B20: 229900 | C20: 0 | D20: =(B20+C20)*$D$15 -> 12667.49 | E20: 242567 | N20: TOTAL | R20: =SUM(R16:R19) -> 9550000
N22: Magdalena Medio
A23: PROYECCIÓN X 111 DÍAS CALENDARIO ESCOLAR | E23: 23 DÍAS CALENDARIO ESCOLAR MÁS | N23: Descripción | O23: Unidad | P23: Cantidad | Q23: Valor Unitario | R23: Valor Total
A24: Descripción | B24: Cantidad | C24: Valor Unitario | D24: Valor Total | E24: Raciones Aición 001 | N24: Capacitador | O24: Persona | P24: 1 | Q24: 1500000 | R24: =Q24*P24 -> 1500000
A25: REGULAR | B25: 512154 | C25: =E16 -> 3826 | D25: =B25*C25 -> 1959501204 | E25: 106122 | F25: =E25*C25 -> 406022772 | N25: Almuerzo | O25: Unidad | P25: 26 | Q25: 35000 | R25: =Q25*P25 -> 910000
A26: ÚNICA | B26: 94239 | C26: =E17 -> 5214 | D26: =B26*C26 -> 491362146 | E26: 19527 | F26: =E26*C26 -> 101813778 | N26: Refrigerio | O26: Unidad | P26: 26 | Q26: 10000 | R26: =Q26*P26 -> 260000
A27: TRANSPORTE | B27: 10 | C27: =E18 -> 3249708 | D27: =B27*C27 -> 32497080 | N27: Material para talleres | O27: global | R27: 1000000
A28: KITS DE ASEO | B28: =80*2 -> 160 | C28: =E19 -> 150879 | D28: =B28*C28 -> 24140640 | E28: =D28/2 -> 12070320 | N28: TOTAL | R28: =SUM(R24:R27) -> 3670000
A29: DOTACIÓN MANIPULADORAS | B29: =104*2 -> 208 | C29: =E20 -> 242567 | D29: =C29*B29 -> 50453936 | E29: =D29/2 -> 25226968
A30: MANIPULADORAS | B30: GLOBAL | D30: ='proyección inicial procesadoras'!B174 -> 1.1612355e+09
A31: TOTAL | D31: =SUM(D25:D30) -> 3.7191905e+09
A34: DISCRIMINACIÓN APORTES
B35: Aporte Gobernación | D35: Aporte Municipio
A36: Descripción | B36: Contrato Inicial | C36: Adición 001 | D36: Contrato Inicial | E36: Adición 001
A37: Regular | B37: =D25 -> 1959501204 | C37: =F25 -> 406022772 | D37: 0 | E37: 0
A38: Única | B38: =D26 -> 491362146 | C38: =F26 -> 101813778 | D38: 0 | E38: 0
A39: Manipuladoras | B39: =3364200299-(B37+B38) -> 913336949 | C39: =833687557-(C37+C38) -> 325851007 | D39: =D30-B39 -> 2.4789857e+08 | E39: ='proyección Ad-1 procesadoras'!B185-('proyección general Ad-1'!B39+'proyección general Ad-1'!C39+'proyección general Ad-1'!D39) -> 1.747646e+08 | F39: =SUM(B39:E39) -> 1.6618511e+09
A40: Transporte | B40: 0 | C40: 0 | D40: =D27 -> 32497080 | E40: =3*C27 -> 9749124
A41: Kits de Aseo | B41: 0 | C41: 0 | D41: =D28 -> 24140640 | E41: 0
A42: Dotación Manipuladoras | B42: 0 | C42: 0 | D42: =D29 -> 50453936 | E42: 0
A43: Totales | B43: =SUM(B37:B42) -> 3364200299 | C43: =SUM(C37:C42) -> 833687557 | D43: =SUM(D37:D42) -> 3.5499023e+08 | E43: =SUM(E37:E42) -> 1.8451373e+08 | F43: =C43+E43 -> 1.0182013e+09
B44: =SUM(B43:C43) -> 4197887856 | D44: =SUM(D43:E43) -> 5.3950395e+08 | F44: =SUM(B44:E44) -> 4.7373918e+09
B45: =SUM(B44+D44) -> 4.7373918e+09
A48: PROYECCIÓN X 134 DÍAS CALENDARIO ESCOLAR (Hasta el 31 de Agosto)
A49: Descripción | B49: Cantidad | C49: Valor Unitario | D49: Valor Total
A50: REGULAR | B50: =B25+E25 -> 618276 | C50: =C25 -> 3826 | D50: =B50*C50 -> 2365523976
A51: ÚNICA | B51: =B26+E26 -> 113766 | C51: =C26 -> 5214 | D51: =B51*C51 -> 593175924
A52: TRANSPORTE | B52: 13 | C52: =C27 -> 3249708 | D52: =B52*C52 -> 42246204
A53: KITS DE ASEO | B53: 160 | C53: =C28 -> 150879 | D53: =B53*C53 -> 24140640
A54: DOTACIÓN MANIPULADORAS | B54: 208 | C54: =C29 -> 242567 | D54: =B54*C54 -> 50453936
A55: MANIPULADORAS | B55: GLOBAL | D55: ='proyección Ad-1 procesadoras'!B185 -> 1.6618511e+09
A56: TOTAL | D56: =SUM(D50:D55) -> 4.7373918e+09 | E56: =D56-D31 -> 1.0182013e+09
E59: Aporte Gobernación inicial | F59: =B43 -> 3364200299 | G59: =SUM(F59:F60) -> 4197887856
E60: Aporte Gobernación Adición 001 | F60: =C43 -> 833687557
A61: DEDUCCIONES | E61: Aporte Municipio inicial | F61: =D43 -> 3.5499023e+08 | G61: =SUM(F61:F62) -> 5.3950395e+08
A62: Nombre Estampilla | B62: Tarifa Gobernación | C62: Tarifa Municipio | E62: Aporte Municipio Adición 001 | F62: =F63-(F59+F60+F61) -> 1.8451373e+08
A63: Impuesto de timbre | B63: 0.01 | C63: 0.01 | E63: Total convenio + Adicion 001 | F63: =D56 -> 4.7373918e+09
A64: Servicios | B64: 0.04 | C64: 0.04
A65: Estampilla Pro-Cultura | B65: 0.015 | C65: 0.015
A66: RETEICA | B66: 0.01 | C66: 0.01
A67: Estampilla Pro-Adulto Mayor | B67: 0.04 | C67: 0.04
A68: Estampilla Pro-Hospital | B68: 0.01 | C68: 0.01
A69: Estampilla Pro-Deporte | B69: 0.025 | C69: 0.012
A70: Estampilla para la justicia familiar | B70: 0.02 | C70: 0.02
A71: Total | B71: =SUM(B63:B70) -> 0.17 | C71: =SUM(C63:C70) -> 0.157

Sheet proyección Ad-1  procesadoras
A1: PROYECCIÓN PROCESADORAS DE ALIMENTOS 2026 | K1: 541800 | L1: 541660 | M1: =K1-L1 -> 140
A3: Rango Procesadoras de Alimentos | B3: Salario Base | C3: Honorarios x Día | D3: IBC
A4: RANGO 1 (1-15 estudiantes) 65% | B4: 1890000 | C4: =(B4*65%)/30 -> 40950 | D4: 1750905
A5: RANGO 2 (16-43 estudiantes) 95% | B5: 1890000 | C5: =(B5*95%)/30 -> 59850
A6: RANGO 3 (>=44 estudiantes) 130% | B6: 1890000 | C6: =(B6*130%)/30 -> 81900
G7: =G12-G11 -> 0
F9: ENERO | L9: FEBRERO | R9: MARZO | X9: ABRIL | AD9: MAYO | AJ9: JUNIO (9 días laborales y todo el mes de seguridad) | AP9: JULIO | AV9: AGOSTO (hasta el 31 de Agosto) hasta esta fecha va la adición 01 de la gobernación
A10: Sede | B10: Cantidad de Procesadoras | C10: Cantidad Alumnos a Noviembre de 2025 | D10: Alumnos COREDI | E10: Total Alumnos | F10: Días Laborales | G10: Honorarios | H10: salud 12,5% | I10: riesgos (R3) 2,436% | J10: pensión 16% | K10: Total Manipuladora | L10: Días Laborales | M10: Honorarios | N10: salud 12,5% | O10: riesgos (R3) 2,436% | P10: pensión 16% | Q10: Total Manipuladora | R10: Días Laborales | S10: Honorarios | T10: salud 12,5% | U10: riesgos (R3) 2,436% | V10: pensión 16% | W10: Total Manipuladora | X10: Días Laborales | Y10: Honorarios | Z10: salud 12,5% | AA10: riesgos (R3) 2,436% | AB10: pensión 16% | AC10: Total Manipuladora | AD10: Días Laborales | AE10: Honorarios | AF10: salud 12,5% | AG10: riesgos (R3) 2,436% | AH10: pensión 16% | AI10: Total Manipuladora | AJ10: Días Laborales | AK10: Honorarios | AL10: salud 12,5% | AM10: riesgos (R3) 2,436% | AN10: pensión 16% | AO10: Total Manipuladora | AP10: Días Laborales | AQ10: Honorarios | AR10: salud 12,5% | AS10: riesgos (R3) 2,436% | AT10: pensión 16% | AU10: Total Manipuladora | AV10: Días Laborales | AW10: Honorarios | AX10: salud 12,5% | AY10: riesgos (R3) 2,436% | AZ10: pensión 16% | BA10: Total Manipuladora
A11: C. E. R. BOQUERON | B11: 1 | C11: 4 | D11: 0 | E11: =C11+D11 -> 4 | F11: 10 | G11: =$C$4*F11 -> 409500 | H11: =($D$4*12.5%)/30*13 -> 94840.688 | I11: =($D$4*2.436%)/30*13 -> 18482.553 | J11: =($D$4*16%)/30*13 -> 121396.08 | K11: =SUM(G11:J11)*B11 -> 644219.32 | L11: 20 | M11: =$C$4*L11 -> 819000 | N11: =$D$4*12.5% -> 218863.12 | O11: =$D$4*2.436% -> 42652.046 | P11: =$D$4*16% -> 280144.8 | Q11: =SUM(M11:P11)*B11 -> 1360660 | R11: 19 | S11: =$C$4*R11 -> 778050 | T11: =$D$4*12.5% -> 218863.12 | U11: =$D$4*2.436% -> 42652.046 | V11: =$D$4*16% -> 280144.8 | W11: =SUM(S11:V11)*B11 -> 1319710 | X11: 19 | Y11: =$C$4*X11 -> 778050 | Z11: =$D$4*12.5% -> 218863.12 | AA11: =$D$4*2.436% -> 42652.046 | AB11: =$D$4*16% -> 280144.8 | AC11: =SUM(Y11:AB11)*B11 -> 1319710 | AD11: 19 | AE11: =$C$4*AD11 -> 778050 | AF11: =$D$4*12.5% -> 218863.12 | AG11: =$D$4*2.436% -> 42652.046 | AH11: =$D$4*16% -> 280144.8 | AI11: =SUM(AE11:AH11)*B11 -> 1319710 | AJ11: 9 | AK11: =$C$4*AJ11 -> 368550 | AL11: =$D$4*12.5% -> 218863.12 | AM11: =$D$4*2.436% -> 42652.046 | AN11: =$D$4*16% -> 280144.8 | AO11: =SUM(AK11:AN11)*B11 -> 910209.97 | AP11: 18 | AQ11: =$C$4*AP11 -> 737100 | AR11: =$D$4*12.5% -> 218863.12 | AS11: =$D$4*2.436% -> 42652.046 | AT11: =$D$4*16% -> 280144.8 | AU11: =SUM(AQ11:AT11)*B11 -> 1278760 | AV11: 19 | AW11: =$C$4*AV11 -> 778050 | AX11: =$D$4*12.5% -> 218863.12 | AY11: =$D$4*2.436% -> 42652.046 | AZ11: =$D$4*16% -> 280144.8 | BA11: =SUM(AW11:AZ11)*B11 -> 1319710
A12: C. E. R. LA TORRE | B12: 1 | C12: 4 | D12: 0 | E12: =C12+D12 -> 4 | F12: 10 | G12: =$C$4*F12 -> 409500 | H12: =($D$4*12.5%)/30*13 -> 94840.688 | I12: =($D$4*2.436%)/30*13 -> 18482.553 | J12: =($D$4*16%)/30*13 -> 121396.08 | K12: =SUM(G12:J12)*B12 -> 644219.32 | L12: 20 | M12: =$C$4*L12 -> 819000 | N12: =$D$4*12.5% -> 218863.12 | O12: =$D$4*2.436% -> 42652.046 | P12: =$D$4*16% -> 280144.8 | Q12: =SUM(M12:P12)*B12 -> 1360660 | R12: 19 | S12: =$C$4*R12 -> 778050 | T12: =$D$4*12.5% -> 218863.12 | U12: =$D$4*2.436% -> 42652.046 | V12: =$D$4*16% -> 280144.8 | W12: =SUM(S12:V12)*B12 -> 1319710 | X12: 19 | Y12: =$C$4*X12 -> 778050 | Z12: =$D$4*12.5% -> 218863.12 | AA12: =$D$4*2.436% -> 42652.046 | AB12: =$D$4*16% -> 280144.8 | AC12: =SUM(Y12:AB12)*B12 -> 1319710 | AD12: 19 | AE12: =$C$4*AD12 -> 778050 | AF12: =$D$4*12.5% -> 218863.12 | AG12: =$D$4*2.436% -> 42652.046 | AH12: =$D$4*16% -> 280144.8 | AI12: =SUM(AE12:AH12)*B12 -> 1319710 | AJ12: 9 | AK12: =$C$4*AJ12 -> 368550 | AL12: =$D$4*12.5% -> 218863.12 | AM12: =$D$4*2.436% -> 42652.046 | AN12: =$D$4*16% -> 280144.8 | AO12: =SUM(AK12:AN12)*B12 -> 910209.97 | AP12: 18 | AQ12: =$C$4*AP12 -> 737100 | AR12: =$D$4*12.5% -> 218863.12 | AS12: =$D$4*2.436% -> 42652.046 | AT12: =$D$4*16% -> 280144.8 | AU12: =SUM(AQ12:AT12)*B12 -> 1278760 | AV12: 19 | AW12: =$C$4*AV12 -> 778050 | AX12: =$D$4*12.5% -> 218863.12 | AY12: =$D$4*2.436% -> 42652.046 | AZ12: =$D$4*16% -> 280144.8 | BA12: =SUM(AW12:AZ12)*B12 -> 1319710
A13: C. E. R. SIRGUA ABAJO | B13: 1 | C13: 7 | D13: 0 | E13: =C13+D13 -> 7 | F13: 10 | G13: =$C$4*F13 -> 409500 | H13: =($D$4*12.5%)/30*13 -> 94840.688 | I13: =($D$4*2.436%)/30*13 -> 18482.553 | J13: =($D$4*16%)/30*13 -> 121396.08 | K13: =SUM(G13:J13)*B13 -> 644219.32 | L13: 20 | M13: =$C$4*L13 -> 819000 | N13: =$D$4*12.5% -> 218863.12 | O13: =$D$4*2.436% -> 42652.046 | P13: =$D$4*16% -> 280144.8 | Q13: =SUM(M13:P13)*B13 -> 1360660 | R13: 19 | S13: =$C$4*R13 -> 778050 | T13: =$D$4*12.5% -> 218863.12 | U13: =$D$4*2.436% -> 42652.046 | V13: =$D$4*16% -> 280144.8 | W13: =SUM(S13:V13)*B13 -> 1319710 | X13: 19 | Y13: =$C$4*X13 -> 778050 | Z13: =$D$4*12.5% -> 218863.12 | AA13: =$D$4*2.436% -> 42652.046 | AB13: =$D$4*16% -> 280144.8 | AC13: =SUM(Y13:AB13)*B13 -> 1319710 | AD13: 19 | AE13: =$C$4*AD13 -> 778050 | AF13: =$D$4*12.5% -> 218863.12 | AG13: =$D$4*2.436% -> 42652.046 | AH13: =$D$4*16% -> 280144.8 | AI13: =SUM(AE13:AH13)*B13 -> 1319710 | AJ13: 9 | AK13: =$C$4*AJ13 -> 368550 | AL13: =$D$4*12.5% -> 218863.12 | AM13: =$D$4*2.436% -> 42652.046 | AN13: =$D$4*16% -> 280144.8 | AO13: =SUM(AK13:AN13)*B13 -> 910209.97 | AP13: 18 | AQ13: =$C$4*AP13 -> 737100 | AR13: =$D$4*12.5% -> 218863.12 | AS13: =$D$4*2.436% -> 42652.046 | AT13: =$D$4*16% -> 280144.8 | AU13: =SUM(AQ13:AT13)*B13 -> 1278760 | AV13: 19 | AW13: =$C$4*AV13 -> 778050 | AX13: =$D$4*12.5% -> 218863.12 | AY13: =$D$4*2.436% -> 42652.046 | AZ13: =$D$4*16% -> 280144.8 | BA13: =SUM(AW13:AZ13)*B13 -> 1319710
A14: C. E. R. LA MESA | B14: 1 | C14: 5 | D14: 0 | E14: =C14+D14 -> 5 | F14: 10 | G14: =$C$4*F14 -> 409500 | H14: =($D$4*12.5%)/30*13 -> 94840.688 | I14: =($D$4*2.436%)/30*13 -> 18482.553 | J14: =($D$4*16%)/30*13 -> 121396.08 | K14: =SUM(G14:J14)*B14 -> 644219.32 | L14: 20 | M14: =$C$4*L14 -> 819000 | N14: =$D$4*12.5% -> 218863.12 | O14: =$D$4*2.436% -> 42652.046 | P14: =$D$4*16% -> 280144.8 | Q14: =SUM(M14:P14)*B14 -> 1360660 | R14: 19 | S14: =$C$4*R14 -> 778050 | T14: =$D$4*12.5% -> 218863.12 | U14: =$D$4*2.436% -> 42652.046 | V14: =$D$4*16% -> 280144.8 | W14: =SUM(S14:V14)*B14 -> 1319710 | X14: 19 | Y14: =$C$4*X14 -> 778050 | Z14: =$D$4*12.5% -> 218863.12 | AA14: =$D$4*2.436% -> 42652.046 | AB14: =$D$4*16% -> 280144.8 | AC14: =SUM(Y14:AB14)*B14 -> 1319710 | AD14: 19 | AE14: =$C$4*AD14 -> 778050 | AF14: =$D$4*12.5% -> 218863.12 | AG14: =$D$4*2.436% -> 42652.046 | AH14: =$D$4*16% -> 280144.8 | AI14: =SUM(AE14:AH14)*B14 -> 1319710 | AJ14: 9 | AK14: =$C$4*AJ14 -> 368550 | AL14: =$D$4*12.5% -> 218863.12 | AM14: =$D$4*2.436% -> 42652.046 | AN14: =$D$4*16% -> 280144.8 | AO14: =SUM(AK14:AN14)*B14 -> 910209.97 | AP14: 18 | AQ14: =$C$4*AP14 -> 737100 | AR14: =$D$4*12.5% -> 218863.12 | AS14: =$D$4*2.436% -> 42652.046 | AT14: =$D$4*16% -> 280144.8 | AU14: =SUM(AQ14:AT14)*B14 -> 1278760 | AV14: 19 | AW14: =$C$4*AV14 -> 778050 | AX14: =$D$4*12.5% -> 218863.12 | AY14: =$D$4*2.436% -> 42652.046 | AZ14: =$D$4*16% -> 280144.8 | BA14: =SUM(AW14:AZ14)*B14 -> 1319710
A15: C. E. R. MULATO ALTO | B15: 1 | C15: 3 | D15: 0 | E15: =C15+D15 -> 3 | F15: 10 | G15: =$C$4*F15 -> 409500 | H15: =($D$4*12.5%)/30*13 -> 94840.688 | I15: =($D$4*2.436%)/30*13 -> 18482.553 | J15: =($D$4*16%)/30*13 -> 121396.08 | K15: =SUM(G15:J15)*B15 -> 644219.32 | L15: 20 | M15: =$C$4*L15 -> 819000 | N15: =$D$4*12.5% -> 218863.12 | O15: =$D$4*2.436% -> 42652.046 | P15: =$D$4*16% -> 280144.8 | Q15: =SUM(M15:P15)*B15 -> 1360660 | R15: 19 | S15: =$C$4*R15 -> 778050 | T15: =$D$4*12.5% -> 218863.12 | U15: =$D$4*2.436% -> 42652.046 | V15: =$D$4*16% -> 280144.8 | W15: =SUM(S15:V15)*B15 -> 1319710 | X15: 19 | Y15: =$C$4*X15 -> 778050 | Z15: =$D$4*12.5% -> 218863.12 | AA15: =$D$4*2.436% -> 42652.046 | AB15: =$D$4*16% -> 280144.8 | AC15: =SUM(Y15:AB15)*B15 -> 1319710 | AD15: 19 | AE15: =$C$4*AD15 -> 778050 | AF15: =$D$4*12.5% -> 218863.12 | AG15: =$D$4*2.436% -> 42652.046 | AH15: =$D$4*16% -> 280144.8 | AI15: =SUM(AE15:AH15)*B15 -> 1319710 | AJ15: 9 | AK15: =$C$4*AJ15 -> 368550 | AL15: =$D$4*12.5% -> 218863.12 | AM15: =$D$4*2.436% -> 42652.046 | AN15: =$D$4*16% -> 280144.8 | AO15: =SUM(AK15:AN15)*B15 -> 910209.97 | AP15: 18 | AQ15: =$C$4*AP15 -> 737100 | AR15: =$D$4*12.5% -> 218863.12 | AS15: =$D$4*2.436% -> 42652.046 | AT15: =$D$4*16% -> 280144.8 | AU15: =SUM(AQ15:AT15)*B15 -> 1278760 | AV15: 19 | AW15: =$C$4*AV15 -> 778050 | AX15: =$D$4*12.5% -> 218863.12 | AY15: =$D$4*2.436% -> 42652.046 | AZ15: =$D$4*16% -> 280144.8 | BA15: =SUM(AW15:AZ15)*B15 -> 1319710
A16: C. E. R. SANTA ROSA LA DANTA | B16: 1 | C16: 4 | D16: 0 | E16: =C16+D16 -> 4 | F16: 10 | G16: =$C$4*F16 -> 409500 | H16: =($D$4*12.5%)/30*13 -> 94840.688 | I16: =($D$4*2.436%)/30*13 -> 18482.553 | J16: =($D$4*16%)/30*13 -> 121396.08 | K16: =SUM(G16:J16)*B16 -> 644219.32 | L16: 20 | M16: =$C$4*L16 -> 819000 | N16: =$D$4*12.5% -> 218863.12 | O16: =$D$4*2.436% -> 42652.046 | P16: =$D$4*16% -> 280144.8 | Q16: =SUM(M16:P16)*B16 -> 1360660 | R16: 19 | S16: =$C$4*R16 -> 778050 | T16: =$D$4*12.5% -> 218863.12 | U16: =$D$4*2.436% -> 42652.046 | V16: =$D$4*16% -> 280144.8 | W16: =SUM(S16:V16)*B16 -> 1319710 | X16: 19 | Y16: =$C$4*X16 -> 778050 | Z16: =$D$4*12.5% -> 218863.12 | AA16: =$D$4*2.436% -> 42652.046 | AB16: =$D$4*16% -> 280144.8 | AC16: =SUM(Y16:AB16)*B16 -> 1319710 | AD16: 19 | AE16: =$C$4*AD16 -> 778050 | AF16: =$D$4*12.5% -> 218863.12 | AG16: =$D$4*2.436% -> 42652.046 | AH16: =$D$4*16% -> 280144.8 | AI16: =SUM(AE16:AH16)*B16 -> 1319710 | AJ16: 9 | AK16: =$C$4*AJ16 -> 368550 | AL16: =$D$4*12.5% -> 218863.12 | AM16: =$D$4*2.436% -> 42652.046 | AN16: =$D$4*16% -> 280144.8 | AO16: =SUM(AK16:AN16)*B16 -> 910209.97 | AP16: 18 | AQ16: =$C$4*AP16 -> 737100 | AR16: =$D$4*12.5% -> 218863.12 | AS16: =$D$4*2.436% -> 42652.046 | AT16: =$D$4*16% -> 280144.8 | AU16: =SUM(AQ16:AT16)*B16 -> 1278760 | AV16: 19 | AW16: =$C$4*AV16 -> 778050 | AX16: =$D$4*12.5% -> 218863.12 | AY16: =$D$4*2.436% -> 42652.046 | AZ16: =$D$4*16% -> 280144.8 | BA16: =SUM(AW16:AZ16)*B16 -> 1319710
A17: C. E. R. SANTO DOMINGO | B17: 1 | C17: 3 | D17: 0 | E17: =C17+D17 -> 3 | F17: 10 | G17: =$C$4*F17 -> 409500 | H17: =($D$4*12.5%)/30*13 -> 94840.688 | I17: =($D$4*2.436%)/30*13 -> 18482.553 | J17: =($D$4*16%)/30*13 -> 121396.08 | K17: =SUM(G17:J17)*B17 -> 644219.32 | L17: 20 | M17: =$C$4*L17 -> 819000 | N17: =$D$4*12.5% -> 218863.12 | O17: =$D$4*2.436% -> 42652.046 | P17: =$D$4*16% -> 280144.8 | Q17: =SUM(M17:P17)*B17 -> 1360660 | R17: 19 | S17: =$C$4*R17 -> 778050 | T17: =$D$4*12.5% -> 218863.12 | U17: =$D$4*2.436% -> 42652.046 | V17: =$D$4*16% -> 280144.8 | W17: =SUM(S17:V17)*B17 -> 1319710 | X17: 19 | Y17: =$C$4*X17 -> 778050 | Z17: =$D$4*12.5% -> 218863.12 | AA17: =$D$4*2.436% -> 42652.046 | AB17: =$D$4*16% -> 280144.8 | AC17: =SUM(Y17:AB17)*B17 -> 1319710 | AD17: 19 | AE17: =$C$4*AD17 -> 778050 | AF17: =$D$4*12.5% -> 218863.12 | AG17: =$D$4*2.436% -> 42652.046 | AH17: =$D$4*16% -> 280144.8 | AI17: =SUM(AE17:AH17)*B17 -> 1319710 | AJ17: 9 | AK17: =$C$4*AJ17 -> 368550 | AL17: =$D$4*12.5% -> 218863.12 | AM17: =$D$4*2.436% -> 42652.046 | AN17: =$D$4*16% -> 280144.8 | AO17: =SUM(AK17:AN17)*B17 -> 910209.97 | AP17: 18 | AQ17: =$C$4*AP17 -> 737100 | AR17: =$D$4*12.5% -> 218863.12 | AS17: =$D$4*2.436% -> 42652.046 | AT17: =$D$4*16% -> 280144.8 | AU17: =SUM(AQ17:AT17)*B17 -> 1278760 | AV17: 19 | AW17: =$C$4*AV17 -> 778050 | AX17: =$D$4*12.5% -> 218863.12 | AY17: =$D$4*2.436% -> 42652.046 | AZ17: =$D$4*16% -> 280144.8 | BA17: =SUM(AW17:AZ17)*B17 -> 1319710
A18: C. E. R. LOS POTREROS | B18: 1 | C18: 6 | D18: 0 | E18: =C18+D18 -> 6 | F18: 10 | G18: =$C$4*F18 -> 409500 | H18: =($D$4*12.5%)/30*13 -> 94840.688 | I18: =($D$4*2.436%)/30*13 -> 18482.553 | J18: =($D$4*16%)/30*13 -> 121396.08 | K18: =SUM(G18:J18)*B18 -> 644219.32 | L18: 20 | M18: =$C$4*L18 -> 819000 | N18: =$D$4*12.5% -> 218863.12 | O18: =$D$4*2.436% -> 42652.046 | P18: =$D$4*16% -> 280144.8 | Q18: =SUM(M18:P18)*B18 -> 1360660 | R18: 19 | S18: =$C$4*R18 -> 778050 | T18: =$D$4*12.5% -> 218863.12 | U18: =$D$4*2.436% -> 42652.046 | V18: =$D$4*16% -> 280144.8 | W18: =SUM(S18:V18)*B18 -> 1319710 | X18: 19 | Y18: =$C$4*X18 -> 778050 | Z18: =$D$4*12.5% -> 218863.12 | AA18: =$D$4*2.436% -> 42652.046 | AB18: =$D$4*16% -> 280144.8 | AC18: =SUM(Y18:AB18)*B18 -> 1319710 | AD18: 19 | AE18: =$C$4*AD18 -> 778050 | AF18: =$D$4*12.5% -> 218863.12 | AG18: =$D$4*2.436% -> 42652.046 | AH18: =$D$4*16% -> 280144.8 | AI18: =SUM(AE18:AH18)*B18 -> 1319710 | AJ18: 9 | AK18: =$C$4*AJ18 -> 368550 | AL18: =$D$4*12.5% -> 218863.12 | AM18: =$D$4*2.436% -> 42652.046 | AN18: =$D$4*16% -> 280144.8 | AO18: =SUM(AK18:AN18)*B18 -> 910209.97 | AP18: 18 | AQ18: =$C$4*AP18 -> 737100 | AR18: =$D$4*12.5% -> 218863.12 | AS18: =$D$4*2.436% -> 42652.046 | AT18: =$D$4*16% -> 280144.8 | AU18: =SUM(AQ18:AT18)*B18 -> 1278760 | AV18: 19 | AW18: =$C$4*AV18 -> 778050 | AX18: =$D$4*12.5% -> 218863.12 | AY18: =$D$4*2.436% -> 42652.046 | AZ18: =$D$4*16% -> 280144.8 | BA18: =SUM(AW18:AZ18)*B18 -> 1319710
A19: C. E. R. MAGALLO | B19: 1 | C19: 6 | D19: 0 | E19: =C19+D19 -> 6 | F19: 10 | G19: =$C$4*F19 -> 409500 | H19: =($D$4*12.5%)/30*13 -> 94840.688 | I19: =($D$4*2.436%)/30*13 -> 18482.553 | J19: =($D$4*16%)/30*13 -> 121396.08 | K19: =SUM(G19:J19)*B19 -> 644219.32 | L19: 20 | M19: =$C$4*L19 -> 819000 | N19: =$D$4*12.5% -> 218863.12 | O19: =$D$4*2.436% -> 42652.046 | P19: =$D$4*16% -> 280144.8 | Q19: =SUM(M19:P19)*B19 -> 1360660 | R19: 19 | S19: =$C$4*R19 -> 778050 | T19: =$D$4*12.5% -> 218863.12 | U19: =$D$4*2.436% -> 42652.046 | V19: =$D$4*16% -> 280144.8 | W19: =SUM(S19:V19)*B19 -> 1319710 | X19: 19 | Y19: =$C$4*X19 -> 778050 | Z19: =$D$4*12.5% -> 218863.12 | AA19: =$D$4*2.436% -> 42652.046 | AB19: =$D$4*16% -> 280144.8 | AC19: =SUM(Y19:AB19)*B19 -> 1319710 | AD19: 19 | AE19: =$C$4*AD19 -> 778050 | AF19: =$D$4*12.5% -> 218863.12 | AG19: =$D$4*2.436% -> 42652.046 | AH19: =$D$4*16% -> 280144.8 | AI19: =SUM(AE19:AH19)*B19 -> 1319710 | AJ19: 9 | AK19: =$C$4*AJ19 -> 368550 | AL19: =$D$4*12.5% -> 218863.12 | AM19: =$D$4*2.436% -> 42652.046 | AN19: =$D$4*16% -> 280144.8 | AO19: =SUM(AK19:AN19)*B19 -> 910209.97 | AP19: 18 | AQ19: =$C$4*AP19 -> 737100 | AR19: =$D$4*12.5% -> 218863.12 | AS19: =$D$4*2.436% -> 42652.046 | AT19: =$D$4*16% -> 280144.8 | AU19: =SUM(AQ19:AT19)*B19 -> 1278760 | AV19: 19 | AW19: =$C$4*AV19 -> 778050 | AX19: =$D$4*12.5% -> 218863.12 | AY19: =$D$4*2.436% -> 42652.046 | AZ19: =$D$4*16% -> 280144.8 | BA19: =SUM(AW19:AZ19)*B19 -> 1319710
A20: C. E. R. EL TIGRE EL CAUNZAL | B20: 1 | C20: 5 | D20: 0 | E20: =C20+D20 -> 5 | F20: 10 | G20: =$C$4*F20 -> 409500 | H20: =($D$4*12.5%)/30*13 -> 94840.688 | I20: =($D$4*2.436%)/30*13 -> 18482.553 | J20: =($D$4*16%)/30*13 -> 121396.08 | K20: =SUM(G20:J20)*B20 -> 644219.32 | L20: 20 | M20: =$C$4*L20 -> 819000 | N20: =$D$4*12.5% -> 218863.12 | O20: =$D$4*2.436% -> 42652.046 | P20: =$D$4*16% -> 280144.8 | Q20: =SUM(M20:P20)*B20 -> 1360660 | R20: 19 | S20: =$C$4*R20 -> 778050 | T20: =$D$4*12.5% -> 218863.12 | U20: =$D$4*2.436% -> 42652.046 | V20: =$D$4*16% -> 280144.8 | W20: =SUM(S20:V20)*B20 -> 1319710 | X20: 19 | Y20: =$C$4*X20 -> 778050 | Z20: =$D$4*12.5% -> 218863.12 | AA20: =$D$4*2.436% -> 42652.046 | AB20: =$D$4*16% -> 280144.8 | AC20: =SUM(Y20:AB20)*B20 -> 1319710 | AD20: 19 | AE20: =$C$4*AD20 -> 778050 | AF20: =$D$4*12.5% -> 218863.12 | AG20: =$D$4*2.436% -> 42652.046 | AH20: =$D$4*16% -> 280144.8 | AI20: =SUM(AE20:AH20)*B20 -> 1319710 | AJ20: 9 | AK20: =$C$4*AJ20 -> 368550 | AL20: =$D$4*12.5% -> 218863.12 | AM20: =$D$4*2.436% -> 42652.046 | AN20: =$D$4*16% -> 280144.8 | AO20: =SUM(AK20:AN20)*B20 -> 910209.97 | AP20: 18 | AQ20: =$C$4*AP20 -> 737100 | AR20: =$D$4*12.5% -> 218863.12 | AS20: =$D$4*2.436% -> 42652.046 | AT20: =$D$4*16% -> 280144.8 | AU20: =SUM(AQ20:AT20)*B20 -> 1278760 | AV20: 19 | AW20: =$C$4*AV20 -> 778050 | AX20: =$D$4*12.5% -> 218863.12 | AY20: =$D$4*2.436% -> 42652.046 | AZ20: =$D$4*16% -> 280144.8 | BA20: =SUM(AW20:AZ20)*B20 -> 1319710
A21: C. E. R. EL TIGRE LA HABANA | B21: 1 | C21: 2 | D21: 0 | E21: =C21+D21 -> 2 | F21: 10 | G21: =$C$4*F21 -> 409500 | H21: =($D$4*12.5%)/30*13 -> 94840.688 | I21: =($D$4*2.436%)/30*13 -> 18482.553 | J21: =($D$4*16%)/30*13 -> 121396.08 | K21: =SUM(G21:J21)*B21 -> 644219.32 | L21: 20 | M21: =$C$4*L21 -> 819000 | N21: =$D$4*12.5% -> 218863.12 | O21: =$D$4*2.436% -> 42652.046 | P21: =$D$4*16% -> 280144.8 | Q21: =SUM(M21:P21)*B21 -> 1360660 | R21: 19 | S21: =$C$4*R21 -> 778050 | T21: =$D$4*12.5% -> 218863.12 | U21: =$D$4*2.436% -> 42652.046 | V21: =$D$4*16% -> 280144.8 | W21: =SUM(S21:V21)*B21 -> 1319710 | X21: 19 | Y21: =$C$4*X21 -> 778050 | Z21: =$D$4*12.5% -> 218863.12 | AA21: =$D$4*2.436% -> 42652.046 | AB21: =$D$4*16% -> 280144.8 | AC21: =SUM(Y21:AB21)*B21 -> 1319710 | AD21: 19 | AE21: =$C$4*AD21 -> 778050 | AF21: =$D$4*12.5% -> 218863.12 | AG21: =$D$4*2.436% -> 42652.046 | AH21: =$D$4*16% -> 280144.8 | AI21: =SUM(AE21:AH21)*B21 -> 1319710 | AJ21: 9 | AK21: =$C$4*AJ21 -> 368550 | AL21: =$D$4*12.5% -> 218863.12 | AM21: =$D$4*2.436% -> 42652.046 | AN21: =$D$4*16% -> 280144.8 | AO21: =SUM(AK21:AN21)*B21 -> 910209.97 | AP21: 18 | AQ21: =$C$4*AP21 -> 737100 | AR21: =$D$4*12.5% -> 218863.12 | AS21: =$D$4*2.436% -> 42652.046 | AT21: =$D$4*16% -> 280144.8 | AU21: =SUM(AQ21:AT21)*B21 -> 1278760 | AV21: 19 | AW21: =$C$4*AV21 -> 778050 | AX21: =$D$4*12.5% -> 218863.12 | AY21: =$D$4*2.436% -> 42652.046 | AZ21: =$D$4*16% -> 280144.8 | BA21: =SUM(AW21:AZ21)*B21 -> 1319710
A22: C. E. R. LA HONDA | B22: 1 | C22: 7 | D22: 0 | E22: =C22+D22 -> 7 | F22: 10 | G22: =$C$4*F22 -> 409500 | H22: =($D$4*12.5%)/30*13 -> 94840.688 | I22: =($D$4*2.436%)/30*13 -> 18482.553 | J22: =($D$4*16%)/30*13 -> 121396.08 | K22: =SUM(G22:J22)*B22 -> 644219.32 | L22: 20 | M22: =$C$4*L22 -> 819000 | N22: =$D$4*12.5% -> 218863.12 | O22: =$D$4*2.436% -> 42652.046 | P22: =$D$4*16% -> 280144.8 | Q22: =SUM(M22:P22)*B22 -> 1360660 | R22: 19 | S22: =$C$4*R22 -> 778050 | T22: =$D$4*12.5% -> 218863.12 | U22: =$D$4*2.436% -> 42652.046 | V22: =$D$4*16% -> 280144.8 | W22: =SUM(S22:V22)*B22 -> 1319710 | X22: 19 | Y22: =$C$4*X22 -> 778050 | Z22: =$D$4*12.5% -> 218863.12 | AA22: =$D$4*2.436% -> 42652.046 | AB22: =$D$4*16% -> 280144.8 | AC22: =SUM(Y22:AB22)*B22 -> 1319710 | AD22: 19 | AE22: =$C$4*AD22 -> 778050 | AF22: =$D$4*12.5% -> 218863.12 | AG22: =$D$4*2.436% -> 42652.046 | AH22: =$D$4*16% -> 280144.8 | AI22: =SUM(AE22:AH22)*B22 -> 1319710 | AJ22: 9 | AK22: =$C$4*AJ22 -> 368550 | AL22: =$D$4*12.5% -> 218863.12 | AM22: =$D$4*2.436% -> 42652.046 | AN22: =$D$4*16% -> 280144.8 | AO22: =SUM(AK22:AN22)*B22 -> 910209.97 | AP22: 18 | AQ22: =$C$4*AP22 -> 737100 | AR22: =$D$4*12.5% -> 218863.12 | AS22: =$D$4*2.436% -> 42652.046 | AT22: =$D$4*16% -> 280144.8 | AU22: =SUM(AQ22:AT22)*B22 -> 1278760 | AV22: 19 | AW22: =$C$4*AV22 -> 778050 | AX22: =$D$4*12.5% -> 218863.12 | AY22: =$D$4*2.436% -> 42652.046 | AZ22: =$D$4*16% -> 280144.8 | BA22: =SUM(AW22:AZ22)*B22 -> 1319710
... A35: C. E. R. EL RODEO | B35: 1 | C35: 15 | D35: 0 | E35: =C35+D35 -> 15 | F35: 10 | G35: =$C$4*F35 -> 409500 | H35: =($D$4*12.5%)/30*13 -> 94840.688 | I35: =($D$4*2.436%)/30*13 -> 18482.553 | J35: =($D$4*16%)/30*13 -> 121396.08 | K35: =SUM(G35:J35)*B35 -> 644219.32 | L35: 20 | M35: =$C$4*L35 -> 819000 | N35: =$D$4*12.5% -> 218863.12 | O35: =$D$4*2.436% -> 42652.046 | P35: =$D$4*16% -> 280144.8 | Q35: =SUM(M35:P35)*B35 -> 1360660 | R35: 19 | S35: =$C$4*R35 -> 778050 | T35: =$D$4*12.5% -> 218863.12 | U35: =$D$4*2.436% -> 42652.046 | V35: =$D$4*16% -> 280144.8 | W35: =SUM(S35:V35)*B35 -> 1319710 | X35: 19 | Y35: =$C$4*X35 -> 778050 | Z35: =$D$4*12.5% -> 218863.12 | AA35: =$D$4*2.436% -> 42652.046 | AB35: =$D$4*16% -> 280144.8 | AC35: =SUM(Y35:AB35)*B35 -> 1319710 | AD35: 19 | AE35: =$C$4*AD35 -> 778050 | AF35: =$D$4*12.5% -> 218863.12 | AG35: =$D$4*2.436% -> 42652.046 | AH35: =$D$4*16% -> 280144.8 | AI35: =SUM(AE35:AH35)*B35 -> 1319710 | AJ35: 9 | AK35: =$C$4*AJ35 -> 368550 | AL35: =$D$4*12.5% -> 218863.12 | AM35: =$D$4*2.436% -> 42652.046 | AN35: =$D$4*16% -> 280144.8 | AO35: =SUM(AK35:AN35)*B35 -> 910209.97 | AP35: 18 | AQ35: =$C$4*AP35 -> 737100 | AR35: =$D$4*12.5% -> 218863.12 | AS35: =$D$4*2.436% -> 42652.046 | AT35: =$D$4*16% -> 280144.8 | AU35: =SUM(AQ35:AT35)*B35 -> 1278760 | AV35: 19 | AW35: =$C$4*AV35 -> 778050 | AX35: =$D$4*12.5% -> 218863.12 | AY35: =$D$4*2.436% -> 42652.046 | AZ35: =$D$4*16% -> 280144.8 | BA35: =SUM(AW35:AZ35)*B35 -> 1319710
A36: C. E. R. ROBLAL ARRIBA | B36: 1 | C36: 10 | D36: 7 | E36: =C36+D36 -> 17 | F36: 10 | G36: =$C$5*F36 -> 598500 | H36: =($D$4*12.5%)/30*13 -> 94840.688 | I36: =($D$4*2.436%)/30*13 -> 18482.553 | J36: =($D$4*16%)/30*13 -> 121396.08 | K36: =SUM(G36:J36)*B36 -> 833219.32 | L36: 20 | M36: =$C$5*L36 -> 1197000 | N36: =$D$4*12.5% -> 218863.12 | O36: =$D$4*2.436% -> 42652.046 | P36: =$D$4*16% -> 280144.8 | Q36: =SUM(M36:P36)*B36 -> 1738660 | R36: 19 | S36: =$C$5*R36 -> 1137150 | T36: =$D$4*12.5% -> 218863.12 | U36: =$D$4*2.436% -> 42652.046 | V36: =$D$4*16% -> 280144.8 | W36: =SUM(S36:V36)*B36 -> 1678810 | X36: 19 | Y36: =$C$5*X36 -> 1137150 | Z36: =$D$4*12.5% -> 218863.12 | AA36: =$D$4*2.436% -> 42652.046 | AB36: =$D$4*16% -> 280144.8 | AC36: =SUM(Y36:AB36)*B36 -> 1678810 | AD36: 19 | AE36: =$C$5*AD36 -> 1137150 | AF36: =$D$4*12.5% -> 218863.12 | AG36: =$D$4*2.436% -> 42652.046 | AH36: =$D$4*16% -> 280144.8 | AI36: =SUM(AE36:AH36)*B36 -> 1678810 | AJ36: 9 | AK36: =$C$5*AJ36 -> 538650 | AL36: =$D$4*12.5% -> 218863.12 | AM36: =$D$4*2.436% -> 42652.046 | AN36: =$D$4*16% -> 280144.8 | AO36: =SUM(AK36:AN36)*B36 -> 1080310 | AP36: 18 | AQ36: =$C$5*AP36 -> 1077300 | AR36: =$D$4*12.5% -> 218863.12 | AS36: =$D$4*2.436% -> 42652.046 | AT36: =$D$4*16% -> 280144.8 | AU36: =SUM(AQ36:AT36)*B36 -> 1618960 | AV36: 19 | AW36: =$C$5*AV36 -> 1137150 | AX36: =$D$4*12.5% -> 218863.12 | AY36: =$D$4*2.436% -> 42652.046 | AZ36: =$D$4*16% -> 280144.8 | BA36: =SUM(AW36:AZ36)*B36 -> 1678810
A37: C. E. R. EL SALADO | B37: 1 | C37: 10 | D37: 7 | E37: =C37+D37 -> 17 | F37: 10 | G37: =$C$5*F37 -> 598500 | H37: =($D$4*12.5%)/30*13 -> 94840.688 | I37: =($D$4*2.436%)/30*13 -> 18482.553 | J37: =($D$4*16%)/30*13 -> 121396.08 | K37: =SUM(G37:J37)*B37 -> 833219.32 | L37: 20 | M37: =$C$5*L37 -> 1197000 | N37: =$D$4*12.5% -> 218863.12 | O37: =$D$4*2.436% -> 42652.046 | P37: =$D$4*16% -> 280144.8 | Q37: =SUM(M37:P37)*B37 -> 1738660 | R37: 19 | S37: =$C$5*R37 -> 1137150 | T37: =$D$4*12.5% -> 218863.12 | U37: =$D$4*2.436% -> 42652.046 | V37: =$D$4*16% -> 280144.8 | W37: =SUM(S37:V37)*B37 -> 1678810 | X37: 19 | Y37: =$C$5*X37 -> 1137150 | Z37: =$D$4*12.5% -> 218863.12 | AA37: =$D$4*2.436% -> 42652.046 | AB37: =$D$4*16% -> 280144.8 | AC37: =SUM(Y37:AB37)*B37 -> 1678810 | AD37: 19 | AE37: =$C$5*AD37 -> 1137150 | AF37: =$D$4*12.5% -> 218863.12 | AG37: =$D$4*2.436% -> 42652.046 | AH37: =$D$4*16% -> 280144.8 | AI37: =SUM(AE37:AH37)*B37 -> 1678810 | AJ37: 9 | AK37: =$C$5*AJ37 -> 538650 | AL37: =$D$4*12.5% -> 218863.12 | AM37: =$D$4*2.436% -> 42652.046 | AN37: =$D$4*16% -> 280144.8 | AO37: =SUM(AK37:AN37)*B37 -> 1080310 | AP37: 18 | AQ37: =$C$5*AP37 -> 1077300 | AR37: =$D$4*12.5% -> 218863.12 | AS37: =$D$4*2.436% -> 42652.046 | AT37: =$D$4*16% -> 280144.8 | AU37: =SUM(AQ37:AT37)*B37 -> 1618960 | AV37: 19 | AW37: =$C$5*AV37 -> 1137150 | AX37: =$D$4*12.5% -> 218863.12 | AY37: =$D$4*2.436% -> 42652.046 | AZ37: =$D$4*16% -> 280144.8 | BA37: =SUM(AW37:AZ37)*B37 -> 1678810
A38: C. E. R. MARIANO OSPINA PEREZ | B38: 1 | C38: 8 | D38: 15 | E38: =C38+D38 -> 23 | F38: 10 | G38: =$C$5*F38 -> 598500 | H38: =($D$4*12.5%)/30*13 -> 94840.688 | I38: =($D$4*2.436%)/30*13 -> 18482.553 | J38: =($D$4*16%)/30*13 -> 121396.08 | K38: =SUM(G38:J38)*B38 -> 833219.32 | L38: 20 | M38: =$C$5*L38 -> 1197000 | N38: =$D$4*12.5% -> 218863.12 | O38: =$D$4*2.436% -> 42652.046 | P38: =$D$4*16% -> 280144.8 | Q38: =SUM(M38:P38)*B38 -> 1738660 | R38: 19 | S38: =$C$5*R38 -> 1137150 | T38: =$D$4*12.5% -> 218863.12 | U38: =$D$4*2.436% -> 42652.046 | V38: =$D$4*16% -> 280144.8 | W38: =SUM(S38:V38)*B38 -> 1678810 | X38: 19 | Y38: =$C$5*X38 -> 1137150 | Z38: =$D$4*12.5% -> 218863.12 | AA38: =$D$4*2.436% -> 42652.046 | AB38: =$D$4*16% -> 280144.8 | AC38: =SUM(Y38:AB38)*B38 -> 1678810 | AD38: 19 | AE38: =$C$5*AD38 -> 1137150 | AF38: =$D$4*12.5% -> 218863.12 | AG38: =$D$4*2.436% -> 42652.046 | AH38: =$D$4*16% -> 280144.8 | AI38: =SUM(AE38:AH38)*B38 -> 1678810 | AJ38: 9 | AK38: =$C$5*AJ38 -> 538650 | AL38: =$D$4*12.5% -> 218863.12 | AM38: =$D$4*2.436% -> 42652.046 | AN38: =$D$4*16% -> 280144.8 | AO38: =SUM(AK38:AN38)*B38 -> 1080310 | AP38: 18 | AQ38: =$C$5*AP38 -> 1077300 | AR38: =$D$4*12.5% -> 218863.12 | AS38: =$D$4*2.436% -> 42652.046 | AT38: =$D$4*16% -> 280144.8 | AU38: =SUM(AQ38:AT38)*B38 -> 1618960 | AV38: 19 | AW38: =$C$5*AV38 -> 1137150 | AX38: =$D$4*12.5% -> 218863.12 | AY38: =$D$4*2.436% -> 42652.046 | AZ38: =$D$4*16% -> 280144.8 | BA38: =SUM(AW38:AZ38)*B38 -> 1678810
A39: C. E. R. GREGORIO GUTIERREZ GONZALEZ | B39: 1 | C39: 32 | D39: 0 | E39: =C39+D39 -> 32 | F39: 10 | G39: =$C$5*F39 -> 598500 | H39: =($D$4*12.5%)/30*13 -> 94840.688 | I39: =($D$4*2.436%)/30*13 -> 18482.553 | J39: =($D$4*16%)/30*13 -> 121396.08 | K39: =SUM(G39:J39)*B39 -> 833219.32 | L39: 20 | M39: =$C$5*L39 -> 1197000 | N39: =$D$4*12.5% -> 218863.12 | O39: =$D$4*2.436% -> 42652.046 | P39: =$D$4*16% -> 280144.8 | Q39: =SUM(M39:P39)*B39 -> 1738660 | R39: 19 | S39: =$C$5*R39 -> 1137150 | T39: =$D$4*12.5% -> 218863.12 | U39: =$D$4*2.436% -> 42652.046 | V39: =$D$4*16% -> 280144.8 | W39: =SUM(S39:V39)*B39 -> 1678810 | X39: 19 | Y39: =$C$5*X39 -> 1137150 | Z39: =$D$4*12.5% -> 218863.12 | AA39: =$D$4*2.436% -> 42652.046 | AB39: =$D$4*16% -> 280144.8 | AC39: =SUM(Y39:AB39)*B39 -> 1678810 | AD39: 19 | AE39: =$C$5*AD39 -> 1137150 | AF39: =$D$4*12.5% -> 218863.12 | AG39: =$D$4*2.436% -> 42652.046 | AH39: =$D$4*16% -> 280144.8 | AI39: =SUM(AE39:AH39)*B39 -> 1678810 | AJ39: 9 | AK39: =$C$5*AJ39 -> 538650 | AL39: =$D$4*12.5% -> 218863.12 | AM39: =$D$4*2.436% -> 42652.046 | AN39: =$D$4*16% -> 280144.8 | AO39: =SUM(AK39:AN39)*B39 -> 1080310 | AP39: 18 | AQ39: =$C$5*AP39 -> 1077300 | AR39: =$D$4*12.5% -> 218863.12 | AS39: =$D$4*2.436% -> 42652.046 | AT39: =$D$4*16% -> 280144.8 | AU39: =SUM(AQ39:AT39)*B39 -> 1618960 | AV39: 19 | AW39: =$C$5*AV39 -> 1137150 | AX39: =$D$4*12.5% -> 218863.12 | AY39: =$D$4*2.436% -> 42652.046 | AZ39: =$D$4*16% -> 280144.8 | BA39: =SUM(AW39:AZ39)*B39 -> 1678810
A40: C. E. R. LA FRANCIA | B40: 1 | C40: 21 | D40: 0 | E40: =C40+D40 -> 21 | F40: 10 | G40: =$C$5*F40 -> 598500 | H40: =($D$4*12.5%)/30*13 -> 94840.688 | I40: =($D$4*2.436%)/30*13 -> 18482.553 | J40: =($D$4*16%)/30*13 -> 121396.08 | K40: =SUM(G40:J40)*B40 -> 833219.32 | L40: 20 | M40: =$C$5*L40 -> 1197000 | N40: =$D$4*12.5% -> 218863.12 | O40: =$D$4*2.436% -> 42652.046 | P40: =$D$4*16% -> 280144.8 | Q40: =SUM(M40:P40)*B40 -> 1738660 | R40: 19 | S40: =$C$5*R40 -> 1137150 | T40: =$D$4*12.5% -> 218863.12 | U40: =$D$4*2.436% -> 42652.046 | V40: =$D$4*16% -> 280144.8 | W40: =SUM(S40:V40)*B40 -> 1678810 | X40: 19 | Y40: =$C$5*X40 -> 1137150 | Z40: =$D$4*12.5% -> 218863.12 | AA40: =$D$4*2.436% -> 42652.046 | AB40: =$D$4*16% -> 280144.8 | AC40: =SUM(Y40:AB40)*B40 -> 1678810 | AD40: 19 | AE40: =$C$5*AD40 -> 1137150 | AF40: =$D$4*12.5% -> 218863.12 | AG40: =$D$4*2.436% -> 42652.046 | AH40: =$D$4*16% -> 280144.8 | AI40: =SUM(AE40:AH40)*B40 -> 1678810 | AJ40: 9 | AK40: =$C$5*AJ40 -> 538650 | AL40: =$D$4*12.5% -> 218863.12 | AM40: =$D$4*2.436% -> 42652.046 | AN40: =$D$4*16% -> 280144.8 | AO40: =SUM(AK40:AN40)*B40 -> 1080310 | AP40: 18 | AQ40: =$C$5*AP40 -> 1077300 | AR40: =$D$4*12.5% -> 218863.12 | AS40: =$D$4*2.436% -> 42652.046 | AT40: =$D$4*16% -> 280144.8 | AU40: =SUM(AQ40:AT40)*B40 -> 1618960 | AV40: 19 | AW40: =$C$5*AV40 -> 1137150 | AX40: =$D$4*12.5% -> 218863.12 | AY40: =$D$4*2.436% -> 42652.046 | AZ40: =$D$4*16% -> 280144.8 | BA40: =SUM(AW40:AZ40)*B40 -> 1678810
A41: C. E. R. LA HONDITA | B41: 1 | C41: 15 | D41: 21 | E41: =C41+D41 -> 36 | F41: 10 | G41: =$C$5*F41 -> 598500 | H41: =($D$4*12.5%)/30*13 -> 94840.688 | I41: =($D$4*2.436%)/30*13 -> 18482.553 | J41: =($D$4*16%)/30*13 -> 121396.08 | K41: =SUM(G41:J41)*B41 -> 833219.32 | L41: 20 | M41: =$C$5*L41 -> 1197000 | N41: =$D$4*12.5% -> 218863.12 | O41: =$D$4*2.436% -> 42652.046 | P41: =$D$4*16% -> 280144.8 | Q41: =SUM(M41:P41)*B41 -> 1738660 | R41: 19 | S41: =$C$5*R41 -> 1137150 | T41: =$D$4*12.5% -> 218863.12 | U41: =$D$4*2.436% -> 42652.046 | V41: =$D$4*16% -> 280144.8 | W41: =SUM(S41:V41)*B41 -> 1678810 | X41: 19 | Y41: =$C$5*X41 -> 1137150 | Z41: =$D$4*12.5% -> 218863.12 | AA41: =$D$4*2.436% -> 42652.046 | AB41: =$D$4*16% -> 280144.8 | AC41: =SUM(Y41:AB41)*B41 -> 1678810 | AD41: 19 | AE41: =$C$5*AD41 -> 1137150 | AF41: =$D$4*12.5% -> 218863.12 | AG41: =$D$4*2.436% -> 42652.046 | AH41: =$D$4*16% -> 280144.8 | AI41: =SUM(AE41:AH41)*B41 -> 1678810 | AJ41: 9 | AK41: =$C$5*AJ41 -> 538650 | AL41: =$D$4*12.5% -> 218863.12 | AM41: =$D$4*2.436% -> 42652.046 | AN41: =$D$4*16% -> 280144.8 | AO41: =SUM(AK41:AN41)*B41 -> 1080310 | AP41: 18 | AQ41: =$C$5*AP41 -> 1077300 | AR41: =$D$4*12.5% -> 218863.12 | AS41: =$D$4*2.436% -> 42652.046 | AT41: =$D$4*16% -> 280144.8 | AU41: =SUM(AQ41:AT41)*B41 -> 1618960 | AV41: 19 | AW41: =$C$5*AV41 -> 1137150 | AX41: =$D$4*12.5% -> 218863.12 | AY41: =$D$4*2.436% -> 42652.046 | AZ41: =$D$4*16% -> 280144.8 | BA41: =SUM(AW41:AZ41)*B41 -> 1678810
A42: C. E. R. ROBLALITO A | B42: 1 | C42: 28 | D42: 0 | E42: =C42+D42 -> 28 | F42: 10 | G42: =$C$5*F42 -> 598500 | H42: =($D$4*12.5%)/30*13 -> 94840.688 | I42: =($D$4*2.436%)/30*13 -> 18482.553 | J42: =($D$4*16%)/30*13 -> 121396.08 | K42: =SUM(G42:J42)*B42 -> 833219.32 | L42: 20 | M42: =$C$5*L42 -> 1197000 | N42: =$D$4*12.5% -> 218863.12 | O42: =$D$4*2.436% -> 42652.046 | P42: =$D$4*16% -> 280144.8 | Q42: =SUM(M42:P42)*B42 -> 1738660 | R42: 19 | S42: =$C$5*R42 -> 1137150 | T42: =$D$4*12.5% -> 218863.12 | U42: =$D$4*2.436% -> 42652.046 | V42: =$D$4*16% -> 280144.8 | W42: =SUM(S42:V42)*B42 -> 1678810 | X42: 19 | Y42: =$C$5*X42 -> 1137150 | Z42: =$D$4*12.5% -> 218863.12 | AA42: =$D$4*2.436% -> 42652.046 | AB42: =$D$4*16% -> 280144.8 | AC42: =SUM(Y42:AB42)*B42 -> 1678810 | AD42: 19 | AE42: =$C$5*AD42 -> 1137150 | AF42: =$D$4*12.5% -> 218863.12 | AG42: =$D$4*2.436% -> 42652.046 | AH42: =$D$4*16% -> 280144.8 | AI42: =SUM(AE42:AH42)*B42 -> 1678810 | AJ42: 9 | AK42: =$C$5*AJ42 -> 538650 | AL42: =$D$4*12.5% -> 218863.12 | AM42: =$D$4*2.436% -> 42652.046 | AN42: =$D$4*16% -> 280144.8 | AO42: =SUM(AK42:AN42)*B42 -> 1080310 | AP42: 18 | AQ42: =$C$5*AP42 -> 1077300 | AR42: =$D$4*12.5% -> 218863.12 | AS42: =$D$4*2.436% -> 42652.046 | AT42: =$D$4*16% -> 280144.8 | AU42: =SUM(AQ42:AT42)*B42 -> 1618960 | AV42: 19 | AW42: =$C$5*AV42 -> 1137150 | AX42: =$D$4*12.5% -> 218863.12 | AY42: =$D$4*2.436% -> 42652.046 | AZ42: =$D$4*16% -> 280144.8 | BA42: =SUM(AW42:AZ42)*B42 -> 1678810
A43: C. E. R. SIRGUA ARRIBA | B43: 1 | C43: 40 | D43: 0 | E43: =C43+D43 -> 40 | F43: 10 | G43: =$C$5*F43 -> 598500 | H43: =($D$4*12.5%)/30*13 -> 94840.688 | I43: =($D$4*2.436%)/30*13 -> 18482.553 | J43: =($D$4*16%)/30*13 -> 121396.08 | K43: =SUM(G43:J43)*B43 -> 833219.32 | L43: 20 | M43: =$C$5*L43 -> 1197000 | N43: =$D$4*12.5% -> 218863.12 | O43: =$D$4*2.436% -> 42652.046 | P43: =$D$4*16% -> 280144.8 | Q43: =SUM(M43:P43)*B43 -> 1738660 | R43: 19 | S43: =$C$5*R43 -> 1137150 | T43: =$D$4*12.5% -> 218863.12 | U43: =$D$4*2.436% -> 42652.046 | V43: =$D$4*16% -> 280144.8 | W43: =SUM(S43:V43)*B43 -> 1678810 | X43: 19 | Y43: =$C$5*X43 -> 1137150 | Z43: =$D$4*12.5% -> 218863.12 | AA43: =$D$4*2.436% -> 42652.046 | AB43: =$D$4*16% -> 280144.8 | AC43: =SUM(Y43:AB43)*B43 -> 1678810 | AD43: 19 | AE43: =$C$5*AD43 -> 1137150 | AF43: =$D$4*12.5% -> 218863.12 | AG43: =$D$4*2.436% -> 42652.046 | AH43: =$D$4*16% -> 280144.8 | AI43: =SUM(AE43:AH43)*B43 -> 1678810 | AJ43: 9 | AK43: =$C$5*AJ43 -> 538650 | AL43: =$D$4*12.5% -> 218863.12 | AM43: =$D$4*2.436% -> 42652.046 | AN43: =$D$4*16% -> 280144.8 | AO43: =SUM(AK43:AN43)*B43 -> 1080310 | AP43: 18 | AQ43: =$C$5*AP43 -> 1077300 | AR43: =$D$4*12.5% -> 218863.12 | AS43: =$D$4*2.436% -> 42652.046 | AT43: =$D$4*16% -> 280144.8 | AU43: =SUM(AQ43:AT43)*B43 -> 1618960 | AV43: 19 | AW43: =$C$5*AV43 -> 1137150 | AX43: =$D$4*12.5% -> 218863.12 | AY43: =$D$4*2.436% -> 42652.046 | AZ43: =$D$4*16% -> 280144.8 | BA43: =SUM(AW43:AZ43)*B43 -> 1678810
A44: C. E. R. SIRGUITA | B44: 1 | C44: 21 | D44: 0 | E44: =C44+D44 -> 21 | F44: 10 | G44: =$C$5*F44 -> 598500 | H44: =($D$4*12.5%)/30*13 -> 94840.688 | I44: =($D$4*2.436%)/30*13 -> 18482.553 | J44: =($D$4*16%)/30*13 -> 121396.08 | K44: =SUM(G44:J44)*B44 -> 833219.32 | L44: 20 | M44: =$C$5*L44 -> 1197000 | N44: =$D$4*12.5% -> 218863.12 | O44: =$D$4*2.436% -> 42652.046 | P44: =$D$4*16% -> 280144.8 | Q44: =SUM(M44:P44)*B44 -> 1738660 | R44: 19 | S44: =$C$5*R44 -> 1137150 | T44: =$D$4*12.5% -> 218863.12 | U44: =$D$4*2.436% -> 42652.046 | V44: =$D$4*16% -> 280144.8 | W44: =SUM(S44:V44)*B44 -> 1678810 | X44: 19 | Y44: =$C$5*X44 -> 1137150 | Z44: =$D$4*12.5% -> 218863.12 | AA44: =$D$4*2.436% -> 42652.046 | AB44: =$D$4*16% -> 280144.8 | AC44: =SUM(Y44:AB44)*B44 -> 1678810 | AD44: 19 | AE44: =$C$5*AD44 -> 1137150 | AF44: =$D$4*12.5% -> 218863.12 | AG44: =$D$4*2.436% -> 42652.046 | AH44: =$D$4*16% -> 280144.8 | AI44: =SUM(AE44:AH44)*B44 -> 1678810 | AJ44: 9 | AK44: =$C$5*AJ44 -> 538650 | AL44: =$D$4*12.5% -> 218863.12 | AM44: =$D$4*2.436% -> 42652.046 | AN44: =$D$4*16% -> 280144.8 | AO44: =SUM(AK44:AN44)*B44 -> 1080310 | AP44: 18 | AQ44: =$C$5*AP44 -> 1077300 | AR44: =$D$4*12.5% -> 218863.12 | AS44: =$D$4*2.436% -> 42652.046 | AT44: =$D$4*16% -> 280144.8 | AU44: =SUM(AQ44:AT44)*B44 -> 1618960 | AV44: 19 | AW44: =$C$5*AV44 -> 1137150 | AX44: =$D$4*12.5% -> 218863.12 | AY44: =$D$4*2.436% -> 42652.046 | AZ44: =$D$4*16% -> 280144.8 | BA44: =SUM(AW44:AZ44)*B44 -> 1678810
A45: C. E. R. ZURRUMBAL | B45: 1 | C45: 16 | D45: 0 | E45: =C45+D45 -> 16 | F45: 10 | G45: =$C$5*F45 -> 598500 | H45: =($D$4*12.5%)/30*13 -> 94840.688 | I45: =($D$4*2.436%)/30*13 -> 18482.553 | J45: =($D$4*16%)/30*13 -> 121396.08 | K45: =SUM(G45:J45)*B45 -> 833219.32 | L45: 20 | M45: =$C$5*L45 -> 1197000 | N45: =$D$4*12.5% -> 218863.12 | O45: =$D$4*2.436% -> 42652.046 | P45: =$D$4*16% -> 280144.8 | Q45: =SUM(M45:P45)*B45 -> 1738660 | R45: 19 | S45: =$C$5*R45 -> 1137150 | T45: =$D$4*12.5% -> 218863.12 | U45: =$D$4*2.436% -> 42652.046 | V45: =$D$4*16% -> 280144.8 | W45: =SUM(S45:V45)*B45 -> 1678810 | X45: 19 | Y45: =$C$5*X45 -> 1137150 | Z45: =$D$4*12.5% -> 218863.12 | AA45: =$D$4*2.436% -> 42652.046 | AB45: =$D$4*16% -> 280144.8 | AC45: =SUM(Y45:AB45)*B45 -> 1678810 | AD45: 19 | AE45: =$C$5*AD45 -> 1137150 | AF45: =$D$4*12.5% -> 218863.12 | AG45: =$D$4*2.436% -> 42652.046 | AH45: =$D$4*16% -> 280144.8 | AI45: =SUM(AE45:AH45)*B45 -> 1678810 | AJ45: 9 | AK45: =$C$5*AJ45 -> 538650 | AL45: =$D$4*12.5% -> 218863.12 | AM45: =$D$4*2.436% -> 42652.046 | AN45: =$D$4*16% -> 280144.8 | AO45: =SUM(AK45:AN45)*B45 -> 1080310 | AP45: 18 | AQ45: =$C$5*AP45 -> 1077300 | AR45: =$D$4*12.5% -> 218863.12 | AS45: =$D$4*2.436% -> 42652.046 | AT45: =$D$4*16% -> 280144.8 | AU45: =SUM(AQ45:AT45)*B45 -> 1618960 | AV45: 19 | AW45: =$C$5*AV45 -> 1137150 | AX45: =$D$4*12.5% -> 218863.12 | AY45: =$D$4*2.436% -> 42652.046 | AZ45: =$D$4*16% -> 280144.8 | BA45: =SUM(AW45:AZ45)*B45 -> 1678810
A46: C. E. R. EL PORVENIR | B46: 1 | C46: 18 | D46: 0 | E46: =C46+D46 -> 18 | F46: 10 | G46: =$C$5*F46 -> 598500 | H46: =($D$4*12.5%)/30*13 -> 94840.688 | I46: =($D$4*2.436%)/30*13 -> 18482.553 | J46: =($D$4*16%)/30*13 -> 121396.08 | K46: =SUM(G46:J46)*B46 -> 833219.32 | L46: 20 | M46: =$C$5*L46 -> 1197000 | N46: =$D$4*12.5% -> 218863.12 | O46: =$D$4*2.436% -> 42652.046 | P46: =$D$4*16% -> 280144.8 | Q46: =SUM(M46:P46)*B46 -> 1738660 | R46: 19 | S46: =$C$5*R46 -> 1137150 | T46: =$D$4*12.5% -> 218863.12 | U46: =$D$4*2.436% -> 42652.046 | V46: =$D$4*16% -> 280144.8 | W46: =SUM(S46:V46)*B46 -> 1678810 | X46: 19 | Y46: =$C$5*X46 -> 1137150 | Z46: =$D$4*12.5% -> 218863.12 | AA46: =$D$4*2.436% -> 42652.046 | AB46: =$D$4*16% -> 280144.8 | AC46: =SUM(Y46:AB46)*B46 -> 1678810 | AD46: 19 | AE46: =$C$5*AD46 -> 1137150 | AF46: =$D$4*12.5% -> 218863.12 | AG46: =$D$4*2.436% -> 42652.046 | AH46: =$D$4*16% -> 280144.8 | AI46: =SUM(AE46:AH46)*B46 -> 1678810 | AJ46: 9 | AK46: =$C$5*AJ46 -> 538650 | AL46: =$D$4*12.5% -> 218863.12 | AM46: =$D$4*2.436% -> 42652.046 | AN46: =$D$4*16% -> 280144.8 | AO46: =SUM(AK46:AN46)*B46 -> 1080310 | AP46: 18 | AQ46: =$C$5*AP46 -> 1077300 | AR46: =$D$4*12.5% -> 218863.12 | AS46: =$D$4*2.436% -> 42652.046 | AT46: =$D$4*16% -> 280144.8 | AU46: =SUM(AQ46:AT46)*B46 -> 1618960 | AV46: 19 | AW46: =$C$5*AV46 -> 1137150 | AX46: =$D$4*12.5% -> 218863.12 | AY46: =$D$4*2.436% -> 42652.046 | AZ46: =$D$4*16% -> 280144.8 | BA46: =SUM(AW46:AZ46)*B46 -> 1678810
A47: C. E. R. LA HERMOSA | B47: 1 | C47: 34 | D47: 0 | E47: =C47+D47 -> 34 | F47: 10 | G47: =$C$5*F47 -> 598500 | H47: =($D$4*12.5%)/30*13 -> 94840.688 | I47: =($D$4*2.436%)/30*13 -> 18482.553 | J47: =($D$4*16%)/30*13 -> 121396.08 | K47: =SUM(G47:J47)*B47 -> 833219.32 | L47: 20 | M47: =$C$5*L47 -> 1197000 | N47: =$D$4*12.5% -> 218863.12 | O47: =$D$4*2.436% -> 42652.046 | P47: =$D$4*16% -> 280144.8 | Q47: =SUM(M47:P47)*B47 -> 1738660 | R47: 19 | S47: =$C$5*R47 -> 1137150 | T47: =$D$4*12.5% -> 218863.12 | U47: =$D$4*2.436% -> 42652.046 | V47: =$D$4*16% -> 280144.8 | W47: =SUM(S47:V47)*B47 -> 1678810 | X47: 19 | Y47: =$C$5*X47 -> 1137150 | Z47: =$D$4*12.5% -> 218863.12 | AA47: =$D$4*2.436% -> 42652.046 | AB47: =$D$4*16% -> 280144.8 | AC47: =SUM(Y47:AB47)*B47 -> 1678810 | AD47: 19 | AE47: =$C$5*AD47 -> 1137150 | AF47: =$D$4*12.5% -> 218863.12 | AG47: =$D$4*2.436% -> 42652.046 | AH47: =$D$4*16% -> 280144.8 | AI47: =SUM(AE47:AH47)*B47 -> 1678810 | AJ47: 9 | AK47: =$C$5*AJ47 -> 538650 | AL47: =$D$4*12.5% -> 218863.12 | AM47: =$D$4*2.436% -> 42652.046 | AN47: =$D$4*16% -> 280144.8 | AO47: =SUM(AK47:AN47)*B47 -> 1080310 | AP47: 18 | AQ47: =$C$5*AP47 -> 1077300 | AR47: =$D$4*12.5% -> 218863.12 | AS47: =$D$4*2.436% -> 42652.046 | AT47: =$D$4*16% -> 280144.8 | AU47: =SUM(AQ47:AT47)*B47 -> 1618960 | AV47: 19 | AW47: =$C$5*AV47 -> 1137150 | AX47: =$D$4*12.5% -> 218863.12 | AY47: =$D$4*2.436% -> 42652.046 | AZ47: =$D$4*16% -> 280144.8 | BA47: =SUM(AW47:AZ47)*B47 -> 1678810
... A66: C. E. R. CAUNZAL | B66: 1 | C66: 23 | D66: 23 | E66: =C66+D66 -> 46 | F66: 10 | G66: =$C$5*F66 -> 598500 | H66: =($D$4*12.5%)/30*13 -> 94840.688 | I66: =($D$4*2.436%)/30*13 -> 18482.553 | J66: =($D$4*16%)/30*13 -> 121396.08 | K66: =SUM(G66:J66)*B66 -> 833219.32 | L66: 20 | M66: =$C$5*L66 -> 1197000 | N66: =$D$4*12.5% -> 218863.12 | O66: =$D$4*2.436% -> 42652.046 | P66: =$D$4*16% -> 280144.8 | Q66: =SUM(M66:P66)*B66 -> 1738660 | R66: 19 | S66: =$C$5*R66 -> 1137150 | T66: =$D$4*12.5% -> 218863.12 | U66: =$D$4*2.436% -> 42652.046 | V66: =$D$4*16% -> 280144.8 | W66: =SUM(S66:V66)*B66 -> 1678810 | X66: 19 | Y66: =$C$5*X66 -> 1137150 | Z66: =$D$4*12.5% -> 218863.12 | AA66: =$D$4*2.436% -> 42652.046 | AB66: =$D$4*16% -> 280144.8 | AC66: =SUM(Y66:AB66)*B66 -> 1678810 | AD66: 19 | AE66: =$C$5*AD66 -> 1137150 | AF66: =$D$4*12.5% -> 218863.12 | AG66: =$D$4*2.436% -> 42652.046 | AH66: =$D$4*16% -> 280144.8 | AI66: =SUM(AE66:AH66)*B66 -> 1678810 | AJ66: 9 | AK66: =$C$5*AJ66 -> 538650 | AL66: =$D$4*12.5% -> 218863.12 | AM66: =$D$4*2.436% -> 42652.046 | AN66: =$D$4*16% -> 280144.8 | AO66: =SUM(AK66:AN66)*B66 -> 1080310 | AP66: 18 | AQ66: =$C$5*AP66 -> 1077300 | AR66: =$D$4*12.5% -> 218863.12 | AS66: =$D$4*2.436% -> 42652.046 | AT66: =$D$4*16% -> 280144.8 | AU66: =SUM(AQ66:AT66)*B66 -> 1618960 | AV66: 19 | AW66: =$C$5*AV66 -> 1137150 | AX66: =$D$4*12.5% -> 218863.12 | AY66: =$D$4*2.436% -> 42652.046 | AZ66: =$D$4*16% -> 280144.8 | BA66: =SUM(AW66:AZ66)*B66 -> 1678810
A67: C. E. R. LOS PLANES | B67: 1 | C67: 15 | D67: 0 | E67: =C67+D67 -> 15 | F67: 10 | G67: =$C$4*F67 -> 409500 | H67: =($D$4*12.5%)/30*13 -> 94840.688 | I67: =($D$4*2.436%)/30*13 -> 18482.553 | J67: =($D$4*16%)/30*13 -> 121396.08 | K67: =SUM(G67:J67)*B67 -> 644219.32 | L67: 20 | M67: =$C$4*L67 -> 819000 | N67: =$D$4*12.5% -> 218863.12 | O67: =$D$4*2.436% -> 42652.046 | P67: =$D$4*16% -> 280144.8 | Q67: =SUM(M67:P67)*B67 -> 1360660 | R67: 19 | S67: =$C$4*R67 -> 778050 | T67: =$D$4*12.5% -> 218863.12 | U67: =$D$4*2.436% -> 42652.046 | V67: =$D$4*16% -> 280144.8 | W67: =SUM(S67:V67)*B67 -> 1319710 | X67: 19 | Y67: =$C$4*X67 -> 778050 | Z67: =$D$4*12.5% -> 218863.12 | AA67: =$D$4*2.436% -> 42652.046 | AB67: =$D$4*16% -> 280144.8 | AC67: =SUM(Y67:AB67)*B67 -> 1319710 | AD67: 19 | AE67: =$C$4*AD67 -> 778050 | AF67: =$D$4*12.5% -> 218863.12 | AG67: =$D$4*2.436% -> 42652.046 | AH67: =$D$4*16% -> 280144.8 | AI67: =SUM(AE67:AH67)*B67 -> 1319710 | AJ67: 9 | AK67: =$C$4*AJ67 -> 368550 | AL67: =$D$4*12.5% -> 218863.12 | AM67: =$D$4*2.436% -> 42652.046 | AN67: =$D$4*16% -> 280144.8 | AO67: =SUM(AK67:AN67)*B67 -> 910209.97 | AP67: 18 | AQ67: =$C$5*AP67 -> 1077300 | AR67: =$D$4*12.5% -> 218863.12 | AS67: =$D$4*2.436% -> 42652.046 | AT67: =$D$4*16% -> 280144.8 | AU67: =SUM(AQ67:AT67)*B67 -> 1618960 | AV67: 19 | AW67: =$C$5*AV67 -> 1137150 | AX67: =$D$4*12.5% -> 218863.12 | AY67: =$D$4*2.436% -> 42652.046 | AZ67: =$D$4*16% -> 280144.8 | BA67: =SUM(AW67:AZ67)*B67 -> 1678810
A68: C. E. R. CAÑAVERAL | B68: 1 | C68: 13 | D68: 0 | E68: =C68+D68 -> 13 | F68: 10 | G68: =$C$4*F68 -> 409500 | H68: =($D$4*12.5%)/30*13 -> 94840.688 | I68: =($D$4*2.436%)/30*13 -> 18482.553 | J68: =($D$4*16%)/30*13 -> 121396.08 | K68: =SUM(G68:J68)*B68 -> 644219.32 | L68: 20 | M68: =$C$4*L68 -> 819000 | N68: =$D$4*12.5% -> 218863.12 | O68: =$D$4*2.436% -> 42652.046 | P68: =$D$4*16% -> 280144.8 | Q68: =SUM(M68:P68)*B68 -> 1360660 | R68: 19 | S68: =$C$4*R68 -> 778050 | T68: =$D$4*12.5% -> 218863.12 | U68: =$D$4*2.436% -> 42652.046 | V68: =$D$4*16% -> 280144.8 | W68: =SUM(S68:V68)*B68 -> 1319710 | X68: 19 | Y68: =$C$4*X68 -> 778050 | Z68: =$D$4*12.5% -> 218863.12 | AA68: =$D$4*2.436% -> 42652.046 | AB68: =$D$4*16% -> 280144.8 | AC68: =SUM(Y68:AB68)*B68 -> 1319710 | AD68: 19 | AE68: =$C$4*AD68 -> 778050 | AF68: =$D$4*12.5% -> 218863.12 | AG68: =$D$4*2.436% -> 42652.046 | AH68: =$D$4*16% -> 280144.8 | AI68: =SUM(AE68:AH68)*B68 -> 1319710 | AJ68: 9 | AK68: =$C$4*AJ68 -> 368550 | AL68: =$D$4*12.5% -> 218863.12 | AM68: =$D$4*2.436% -> 42652.046 | AN68: =$D$4*16% -> 280144.8 | AO68: =SUM(AK68:AN68)*B68 -> 910209.97 | AP68: 18 | AQ68: =$C$5*AP68 -> 1077300 | AR68: =$D$4*12.5% -> 218863.12 | AS68: =$D$4*2.436% -> 42652.046 | AT68: =$D$4*16% -> 280144.8 | AU68: =SUM(AQ68:AT68)*B68 -> 1618960 | AV68: 19 | AW68: =$C$5*AV68 -> 1137150 | AX68: =$D$4*12.5% -> 218863.12 | AY68: =$D$4*2.436% -> 42652.046 | AZ68: =$D$4*16% -> 280144.8 | BA68: =SUM(AW68:AZ68)*B68 -> 1678810
A69: C. E. R. LA LINDA | B69: 1 | C69: 103 | D69: 0 | E69: =C69+D69 -> 103 | F69: 10 | G69: =$C$6*F69 -> 819000 | H69: =($D$4*12.5%)/30*13 -> 94840.688 | I69: =($D$4*2.436%)/30*13 -> 18482.553 | J69: =($D$4*16%)/30*13 -> 121396.08 | K69: =SUM(G69:J69)*B69 -> 1053719.3 | L69: 20 | M69: =$C$6*L69 -> 1638000 | N69: =$D$4*12.5% -> 218863.12 | O69: =$D$4*2.436% -> 42652.046 | P69: =$D$4*16% -> 280144.8 | Q69: =SUM(M69:P69)*B69 -> 2179660 | R69: 19 | S69: =$C$6*R69 -> 1556100 | T69: =$D$4*12.5% -> 218863.12 | U69: =$D$4*2.436% -> 42652.046 | V69: =$D$4*16% -> 280144.8 | W69: =SUM(S69:V69)*B69 -> 2097760 | X69: 19 | Y69: =$C$6*X69 -> 1556100 | Z69: =$D$4*12.5% -> 218863.12 | AA69: =$D$4*2.436% -> 42652.046 | AB69: =$D$4*16% -> 280144.8 | AC69: =SUM(Y69:AB69)*B69 -> 2097760 | AD69: 19 | AE69: =$C$6*AD69 -> 1556100 | AF69: =$D$4*12.5% -> 218863.12 | AG69: =$D$4*2.436% -> 42652.046 | AH69: =$D$4*16% -> 280144.8 | AI69: =SUM(AE69:AH69)*B69 -> 2097760 | AJ69: 9 | AK69: =$C$6*AJ69 -> 737100 | AL69: =$D$4*12.5% -> 218863.12 | AM69: =$D$4*2.436% -> 42652.046 | AN69: =$D$4*16% -> 280144.8 | AO69: =SUM(AK69:AN69)*B69 -> 1278760 | AP69: 18 | AQ69: =$C$6*AP69 -> 1474200 | AR69: =$D$4*12.5% -> 218863.12 | AS69: =$D$4*2.436% -> 42652.046 | AT69: =$D$4*16% -> 280144.8 | AU69: =SUM(AQ69:AT69)*B69 -> 2015860 | AV69: 19 | AW69: =$C$6*AV69 -> 1556100 | AX69: =$D$4*12.5% -> 218863.12 | AY69: =$D$4*2.436% -> 42652.046 | AZ69: =$D$4*16% -> 280144.8 | BA69: =SUM(AW69:AZ69)*B69 -> 2097760
A70: I. E. BRAULIO MEJIA | B70: 5 | C70: 494 | D70: 0 | E70: =C70+D70 -> 494 | F70: 10 | G70: =$C$6*F70 -> 819000 | H70: =($D$4*12.5%)/30*13 -> 94840.688 | I70: =($D$4*2.436%)/30*13 -> 18482.553 | J70: =($D$4*16%)/30*13 -> 121396.08 | K70: =SUM(G70:J70)*B70 -> 5268596.6 | L70: 20 | M70: =$C$6*L70 -> 1638000 | N70: =$D$4*12.5% -> 218863.12 | O70: =$D$4*2.436% -> 42652.046 | P70: =$D$4*16% -> 280144.8 | Q70: =SUM(M70:P70)*B70 -> 10898300 | R70: 19 | S70: =$C$6*R70 -> 1556100 | T70: =$D$4*12.5% -> 218863.12 | U70: =$D$4*2.436% -> 42652.046 | V70: =$D$4*16% -> 280144.8 | W70: =SUM(S70:V70)*B70 -> 10488800 | X70: 19 | Y70: =$C$6*X70 -> 1556100 | Z70: =$D$4*12.5% -> 218863.12 | AA70: =$D$4*2.436% -> 42652.046 | AB70: =$D$4*16% -> 280144.8 | AC70: =SUM(Y70:AB70)*B70 -> 10488800 | AD70: 19 | AE70: =$C$6*AD70 -> 1556100 | AF70: =$D$4*12.5% -> 218863.12 | AG70: =$D$4*2.436% -> 42652.046 | AH70: =$D$4*16% -> 280144.8 | AI70: =SUM(AE70:AH70)*B70 -> 10488800 | AJ70: 9 | AK70: =$C$6*AJ70 -> 737100 | AL70: =$D$4*12.5% -> 218863.12 | AM70: =$D$4*2.436% -> 42652.046 | AN70: =$D$4*16% -> 280144.8 | AO70: =SUM(AK70:AN70)*B70 -> 6393799.9 | AP70: 18 | AQ70: =$C$6*AP70 -> 1474200 | AR70: =$D$4*12.5% -> 218863.12 | AS70: =$D$4*2.436% -> 42652.046 | AT70: =$D$4*16% -> 280144.8 | AU70: =SUM(AQ70:AT70)*B70 -> 10079300 | AV70: 19 | AW70: =$C$6*AV70 -> 1556100 | AX70: =$D$4*12.5% -> 218863.12 | AY70: =$D$4*2.436% -> 42652.046 | AZ70: =$D$4*16% -> 280144.8 | BA70: =SUM(AW70:AZ70)*B70 -> 10488800
A71: I. E. R. JERUSALEN | B71: 5 | C71: 324 | D71: 0 | E71: =C71+D71 -> 324 | F71: 10 | G71: =$C$6*F71 -> 819000 | H71: =($D$4*12.5%)/30*13 -> 94840.688 | I71: =($D$4*2.436%)/30*13 -> 18482.553 | J71: =($D$4*16%)/30*13 -> 121396.08 | K71: =SUM(G71:J71)*B71 -> 5268596.6 | L71: 20 | M71: =$C$6*L71 -> 1638000 | N71: =$D$4*12.5% -> 218863.12 | O71: =$D$4*2.436% -> 42652.046 | P71: =$D$4*16% -> 280144.8 | Q71: =SUM(M71:P71)*B71 -> 10898300 | R71: 19 | S71: =$C$6*R71 -> 1556100 | T71: =$D$4*12.5% -> 218863.12 | U71: =$D$4*2.436% -> 42652.046 | V71: =$D$4*16% -> 280144.8 | W71: =SUM(S71:V71)*B71 -> 10488800 | X71: 19 | Y71: =$C$6*X71 -> 1556100 | Z71: =$D$4*12.5% -> 218863.12 | AA71: =$D$4*2.436% -> 42652.046 | AB71: =$D$4*16% -> 280144.8 | AC71: =SUM(Y71:AB71)*B71 -> 10488800 | AD71: 19 | AE71: =$C$6*AD71 -> 1556100 | AF71: =$D$4*12.5% -> 218863.12 | AG71: =$D$4*2.436% -> 42652.046 | AH71: =$D$4*16% -> 280144.8 | AI71: =SUM(AE71:AH71)*B71 -> 10488800 | AJ71: 9 | AK71: =$C$6*AJ71 -> 737100 | AL71: =$D$4*12.5% -> 218863.12 | AM71: =$D$4*2.436% -> 42652.046 | AN71: =$D$4*16% -> 280144.8 | AO71: =SUM(AK71:AN71)*B71 -> 6393799.9 | AP71: 18 | AQ71: =$C$6*AP71 -> 1474200 | AR71: =$D$4*12.5% -> 218863.12 | AS71: =$D$4*2.436% -> 42652.046 | AT71: =$D$4*16% -> 280144.8 | AU71: =SUM(AQ71:AT71)*B71 -> 10079300 | AV71: 19 | AW71: =$C$6*AV71 -> 1556100 | AX71: =$D$4*12.5% -> 218863.12 | AY71: =$D$4*2.436% -> 42652.046 | AZ71: =$D$4*16% -> 280144.8 | BA71: =SUM(AW71:AZ71)*B71 -> 10488800
A72: I. E. R. LA DANTA | B72: 6 | C72: 495 | D72: 0 | E72: =C72+D72 -> 495 | F72: 10 | G72: =$C$6*F72 -> 819000 | H72: =($D$4*12.5%)/30*13 -> 94840.688 | I72: =($D$4*2.436%)/30*13 -> 18482.553 | J72: =($D$4*16%)/30*13 -> 121396.08 | K72: =SUM(G72:J72)*B72 -> 6322315.9 | L72: 20 | M72: =$C$6*L72 -> 1638000 | N72: =$D$4*12.5% -> 218863.12 | O72: =$D$4*2.436% -> 42652.046 | P72: =$D$4*16% -> 280144.8 | Q72: =SUM(M72:P72)*B72 -> 13077960 | R72: 19 | S72: =$C$6*R72 -> 1556100 | T72: =$D$4*12.5% -> 218863.12 | U72: =$D$4*2.436% -> 42652.046 | V72: =$D$4*16% -> 280144.8 | W72: =SUM(S72:V72)*B72 -> 12586560 | X72: 19 | Y72: =$C$6*X72 -> 1556100 | Z72: =$D$4*12.5% -> 218863.12 | AA72: =$D$4*2.436% -> 42652.046 | AB72: =$D$4*16% -> 280144.8 | AC72: =SUM(Y72:AB72)*B72 -> 12586560 | AD72: 19 | AE72: =$C$6*AD72 -> 1556100 | AF72: =$D$4*12.5% -> 218863.12 | AG72: =$D$4*2.436% -> 42652.046 | AH72: =$D$4*16% -> 280144.8 | AI72: =SUM(AE72:AH72)*B72 -> 12586560 | AJ72: 9 | AK72: =$C$6*AJ72 -> 737100 | AL72: =$D$4*12.5% -> 218863.12 | AM72: =$D$4*2.436% -> 42652.046 | AN72: =$D$4*16% -> 280144.8 | AO72: =SUM(AK72:AN72)*B72 -> 7672559.8 | AP72: 18 | AQ72: =$C$6*AP72 -> 1474200 | AR72: =$D$4*12.5% -> 218863.12 | AS72: =$D$4*2.436% -> 42652.046 | AT72: =$D$4*16% -> 280144.8 | AU72: =SUM(AQ72:AT72)*B72 -> 12095160 | AV72: 19 | AW72: =$C$6*AV72 -> 1556100 | AX72: =$D$4*12.5% -> 218863.12 | AY72: =$D$4*2.436% -> 42652.046 | AZ72: =$D$4*16% -> 280144.8 | BA72: =SUM(AW72:AZ72)*B72 -> 12586560
A73: C. E. R. PIEDRAS BLANCAS | B73: 1 | C73: 58 | D73: 0 | E73: =C73+D73 -> 58 | F73: 10 | G73: =$C$6*F73 -> 819000 | H73: =($D$4*12.5%)/30*13 -> 94840.688 | I73: =($D$4*2.436%)/30*13 -> 18482.553 | J73: =($D$4*16%)/30*13 -> 121396.08 | K73: =SUM(G73:J73)*B73 -> 1053719.3 | L73: 20 | M73: =$C$6*L73 -> 1638000 | N73: =$D$4*12.5% -> 218863.12 | O73: =$D$4*2.436% -> 42652.046 | P73: =$D$4*16% -> 280144.8 | Q73: =SUM(M73:P73)*B73 -> 2179660 | R73: 19 | S73: =$C$6*R73 -> 1556100 | T73: =$D$4*12.5% -> 218863.12 | U73: =$D$4*2.436% -> 42652.046 | V73: =$D$4*16% -> 280144.8 | W73: =SUM(S73:V73)*B73 -> 2097760 | X73: 19 | Y73: =$C$6*X73 -> 1556100 | Z73: =$D$4*12.5% -> 218863.12 | AA73: =$D$4*2.436% -> 42652.046 | AB73: =$D$4*16% -> 280144.8 | AC73: =SUM(Y73:AB73)*B73 -> 2097760 | AD73: 19 | AE73: =$C$6*AD73 -> 1556100 | AF73: =$D$4*12.5% -> 218863.12 | AG73: =$D$4*2.436% -> 42652.046 | AH73: =$D$4*16% -> 280144.8 | AI73: =SUM(AE73:AH73)*B73 -> 2097760 | AJ73: 9 | AK73: =$C$6*AJ73 -> 737100 | AL73: =$D$4*12.5% -> 218863.12 | AM73: =$D$4*2.436% -> 42652.046 | AN73: =$D$4*16% -> 280144.8 | AO73: =SUM(AK73:AN73)*B73 -> 1278760 | AP73: 18 | AQ73: =$C$6*AP73 -> 1474200 | AR73: =$D$4*12.5% -> 218863.12 | AS73: =$D$4*2.436% -> 42652.046 | AT73: =$D$4*16% -> 280144.8 | AU73: =SUM(AQ73:AT73)*B73 -> 2015860 | AV73: 19 | AW73: =$C$6*AV73 -> 1556100 | AX73: =$D$4*12.5% -> 218863.12 | AY73: =$D$4*2.436% -> 42652.046 | AZ73: =$D$4*16% -> 280144.8 | BA73: =SUM(AW73:AZ73)*B73 -> 2097760
A74: I. E. R. SAN MIGUEL | B74: 2 | C74: 270 | D74: 0 | E74: =C74+D74 -> 270 | F74: 10 | G74: =$C$6*F74 -> 819000 | H74: =($D$4*12.5%)/30*13 -> 94840.688 | I74: =($D$4*2.436%)/30*13 -> 18482.553 | J74: =($D$4*16%)/30*13 -> 121396.08 | K74: =SUM(G74:J74)*B74 -> 2107438.6 | L74: 20 | M74: =$C$6*L74 -> 1638000 | N74: =$D$4*12.5% -> 218863.12 | O74: =$D$4*2.436% -> 42652.046 | P74: =$D$4*16% -> 280144.8 | Q74: =SUM(M74:P74)*B74 -> 4359319.9 | R74: 19 | S74: =$C$6*R74 -> 1556100 | T74: =$D$4*12.5% -> 218863.12 | U74: =$D$4*2.436% -> 42652.046 | V74: =$D$4*16% -> 280144.8 | W74: =SUM(S74:V74)*B74 -> 4195519.9 | X74: 19 | Y74: =$C$6*X74 -> 1556100 | Z74: =$D$4*12.5% -> 218863.12 | AA74: =$D$4*2.436% -> 42652.046 | AB74: =$D$4*16% -> 280144.8 | AC74: =SUM(Y74:AB74)*B74 -> 4195519.9 | AD74: 19 | AE74: =$C$6*AD74 -> 1556100 | AF74: =$D$4*12.5% -> 218863.12 | AG74: =$D$4*2.436% -> 42652.046 | AH74: =$D$4*16% -> 280144.8 | AI74: =SUM(AE74:AH74)*B74 -> 4195519.9 | AJ74: 9 | AK74: =$C$6*AJ74 -> 737100 | AL74: =$D$4*12.5% -> 218863.12 | AM74: =$D$4*2.436% -> 42652.046 | AN74: =$D$4*16% -> 280144.8 | AO74: =SUM(AK74:AN74)*B74 -> 2557519.9 | AP74: 18 | AQ74: =$C$6*AP74 -> 1474200 | AR74: =$D$4*12.5% -> 218863.12 | AS74: =$D$4*2.436% -> 42652.046 | AT74: =$D$4*16% -> 280144.8 | AU74: =SUM(AQ74:AT74)*B74 -> 4031719.9 | AV74: 19 | AW74: =$C$6*AV74 -> 1556100 | AX74: =$D$4*12.5% -> 218863.12 | AY74: =$D$4*2.436% -> 42652.046 | AZ74: =$D$4*16% -> 280144.8 | BA74: =SUM(AW74:AZ74)*B74 -> 4195519.9
A75: C. E. R. ALTO DE SABANA | B75: 1 | C75: 80 | D75: 0 | E75: =C75+D75 -> 80 | F75: 10 | G75: =$C$6*F75 -> 819000 | H75: =($D$4*12.5%)/30*13 -> 94840.688 | I75: =($D$4*2.436%)/30*13 -> 18482.553 | J75: =($D$4*16%)/30*13 -> 121396.08 | K75: =SUM(G75:J75)*B75 -> 1053719.3 | L75: 20 | M75: =$C$6*L75 -> 1638000 | N75: =$D$4*12.5% -> 218863.12 | O75: =$D$4*2.436% -> 42652.046 | P75: =$D$4*16% -> 280144.8 | Q75: =SUM(M75:P75)*B75 -> 2179660 | R75: 19 | S75: =$C$6*R75 -> 1556100 | T75: =$D$4*12.5% -> 218863.12 | U75: =$D$4*2.436% -> 42652.046 | V75: =$D$4*16% -> 280144.8 | W75: =SUM(S75:V75)*B75 -> 2097760 | X75: 19 | Y75: =$C$6*X75 -> 1556100 | Z75: =$D$4*12.5% -> 218863.12 | AA75: =$D$4*2.436% -> 42652.046 | AB75: =$D$4*16% -> 280144.8 | AC75: =SUM(Y75:AB75)*B75 -> 2097760 | AD75: 19 | AE75: =$C$6*AD75 -> 1556100 | AF75: =$D$4*12.5% -> 218863.12 | AG75: =$D$4*2.436% -> 42652.046 | AH75: =$D$4*16% -> 280144.8 | AI75: =SUM(AE75:AH75)*B75 -> 2097760 | AJ75: 9 | AK75: =$C$6*AJ75 -> 737100 | AL75: =$D$4*12.5% -> 218863.12 | AM75: =$D$4*2.436% -> 42652.046 | AN75: =$D$4*16% -> 280144.8 | AO75: =SUM(AK75:AN75)*B75 -> 1278760 | AP75: 18 | AQ75: =$C$6*AP75 -> 1474200 | AR75: =$D$4*12.5% -> 218863.12 | AS75: =$D$4*2.436% -> 42652.046 | AT75: =$D$4*16% -> 280144.8 | AU75: =SUM(AQ75:AT75)*B75 -> 2015860 | AV75: 19 | AW75: =$C$6*AV75 -> 1556100 | AX75: =$D$4*12.5% -> 218863.12 | AY75: =$D$4*2.436% -> 42652.046 | AZ75: =$D$4*16% -> 280144.8 | BA75: =SUM(AW75:AZ75)*B75 -> 2097760
A76: C. E. R. LAUREANO GOMEZ | B76: 1 | C76: 46 | D76: 0 | E76: =C76+D76 -> 46 | F76: 10 | G76: =$C$6*F76 -> 819000 | H76: =($D$4*12.5%)/30*13 -> 94840.688 | I76: =($D$4*2.436%)/30*13 -> 18482.553 | J76: =($D$4*16%)/30*13 -> 121396.08 | K76: =SUM(G76:J76)*B76 -> 1053719.3 | L76: 20 | M76: =$C$6*L76 -> 1638000 | N76: =$D$4*12.5% -> 218863.12 | O76: =$D$4*2.436% -> 42652.046 | P76: =$D$4*16% -> 280144.8 | Q76: =SUM(M76:P76)*B76 -> 2179660 | R76: 19 | S76: =$C$6*R76 -> 1556100 | T76: =$D$4*12.5% -> 218863.12 | U76: =$D$4*2.436% -> 42652.046 | V76: =$D$4*16% -> 280144.8 | W76: =SUM(S76:V76)*B76 -> 2097760 | X76: 19 | Y76: =$C$6*X76 -> 1556100 | Z76: =$D$4*12.5% -> 218863.12 | AA76: =$D$4*2.436% -> 42652.046 | AB76: =$D$4*16% -> 280144.8 | AC76: =SUM(Y76:AB76)*B76 -> 2097760 | AD76: 19 | AE76: =$C$6*AD76 -> 1556100 | AF76: =$D$4*12.5% -> 218863.12 | AG76: =$D$4*2.436% -> 42652.046 | AH76: =$D$4*16% -> 280144.8 | AI76: =SUM(AE76:AH76)*B76 -> 2097760 | AJ76: 9 | AK76: =$C$6*AJ76 -> 737100 | AL76: =$D$4*12.5% -> 218863.12 | AM76: =$D$4*2.436% -> 42652.046 | AN76: =$D$4*16% -> 280144.8 | AO76: =SUM(AK76:AN76)*B76 -> 1278760 | AP76: 18 | AQ76: =$C$6*AP76 -> 1474200 | AR76: =$D$4*12.5% -> 218863.12 | AS76: =$D$4*2.436% -> 42652.046 | AT76: =$D$4*16% -> 280144.8 | AU76: =SUM(AQ76:AT76)*B76 -> 2015860 | AV76: 19 | AW76: =$C$6*AV76 -> 1556100 | AX76: =$D$4*12.5% -> 218863.12 | AY76: =$D$4*2.436% -> 42652.046 | AZ76: =$D$4*16% -> 280144.8 | BA76: =SUM(AW76:AZ76)*B76 -> 2097760
A77: C. E. R. MANZANARES | B77: 1 | C77: 44 | D77: 0 | E77: =C77+D77 -> 44 | F77: 10 | G77: =$C$6*F77 -> 819000 | H77: =($D$4*12.5%)/30*13 -> 94840.688 | I77: =($D$4*2.436%)/30*13 -> 18482.553 | J77: =($D$4*16%)/30*13 -> 121396.08 | K77: =SUM(G77:J77)*B77 -> 1053719.3 | L77: 20 | M77: =$C$6*L77 -> 1638000 | N77: =$D$4*12.5% -> 218863.12 | O77: =$D$4*2.436% -> 42652.046 | P77: =$D$4*16% -> 280144.8 | Q77: =SUM(M77:P77)*B77 -> 2179660 | R77: 19 | S77: =$C$6*R77 -> 1556100 | T77: =$D$4*12.5% -> 218863.12 | U77: =$D$4*2.436% -> 42652.046 | V77: =$D$4*16% -> 280144.8 | W77: =SUM(S77:V77)*B77 -> 2097760 | X77: 19 | Y77: =$C$6*X77 -> 1556100 | Z77: =$D$4*12.5% -> 218863.12 | AA77: =$D$4*2.436% -> 42652.046 | AB77: =$D$4*16% -> 280144.8 | AC77: =SUM(Y77:AB77)*B77 -> 2097760 | AD77: 19 | AE77: =$C$6*AD77 -> 1556100 | AF77: =$D$4*12.5% -> 218863.12 | AG77: =$D$4*2.436% -> 42652.046 | AH77: =$D$4*16% -> 280144.8 | AI77: =SUM(AE77:AH77)*B77 -> 2097760 | AJ77: 9 | AK77: =$C$6*AJ77 -> 737100 | AL77: =$D$4*12.5% -> 218863.12 | AM77: =$D$4*2.436% -> 42652.046 | AN77: =$D$4*16% -> 280144.8 | AO77: =SUM(AK77:AN77)*B77 -> 1278760 | AP77: 18 | AQ77: =$C$6*AP77 -> 1474200 | AR77: =$D$4*12.5% -> 218863.12 | AS77: =$D$4*2.436% -> 42652.046 | AT77: =$D$4*16% -> 280144.8 | AU77: =SUM(AQ77:AT77)*B77 -> 2015860 | AV77: 19 | AW77: =$C$6*AV77 -> 1556100 | AX77: =$D$4*12.5% -> 218863.12 | AY77: =$D$4*2.436% -> 42652.046 | AZ77: =$D$4*16% -> 280144.8 | BA77: =SUM(AW77:AZ77)*B77 -> 2097760
A78: C. E. R. MANZANARES CENTRO | B78: 1 | C78: 68 | D78: 0 | E78: =C78+D78 -> 68 | F78: 10 | G78: =$C$6*F78 -> 819000 | H78: =($D$4*12.5%)/30*13 -> 94840.688 | I78: =($D$4*2.436%)/30*13 -> 18482.553 | J78: =($D$4*16%)/30*13 -> 121396.08 | K78: =SUM(G78:J78)*B78 -> 1053719.3 | L78: 20 | M78: =$C$6*L78 -> 1638000 | N78: =$D$4*12.5% -> 218863.12 | O78: =$D$4*2.436% -> 42652.046 | P78: =$D$4*16% -> 280144.8 | Q78: =SUM(M78:P78)*B78 -> 2179660 | R78: 19 | S78: =$C$6*R78 -> 1556100 | T78: =$D$4*12.5% -> 218863.12 | U78: =$D$4*2.436% -> 42652.046 | V78: =$D$4*16% -> 280144.8 | W78: =SUM(S78:V78)*B78 -> 2097760 | X78: 19 | Y78: =$C$6*X78 -> 1556100 | Z78: =$D$4*12.5% -> 218863.12 | AA78: =$D$4*2.436% -> 42652.046 | AB78: =$D$4*16% -> 280144.8 | AC78: =SUM(Y78:AB78)*B78 -> 2097760 | AD78: 19 | AE78: =$C$6*AD78 -> 1556100 | AF78: =$D$4*12.5% -> 218863.12 | AG78: =$D$4*2.436% -> 42652.046 | AH78: =$D$4*16% -> 280144.8 | AI78: =SUM(AE78:AH78)*B78 -> 2097760 | AJ78: 9 | AK78: =$C$6*AJ78 -> 737100 | AL78: =$D$4*12.5% -> 218863.12 | AM78: =$D$4*2.436% -> 42652.046 | AN78: =$D$4*16% -> 280144.8 | AO78: =SUM(AK78:AN78)*B78 -> 1278760 | AP78: 18 | AQ78: =$C$6*AP78 -> 1474200 | AR78: =$D$4*12.5% -> 218863.12 | AS78: =$D$4*2.436% -> 42652.046 | AT78: =$D$4*16% -> 280144.8 | AU78: =SUM(AQ78:AT78)*B78 -> 2015860 | AV78: 19 | AW78: =$C$6*AV78 -> 1556100 | AX78: =$D$4*12.5% -> 218863.12 | AY78: =$D$4*2.436% -> 42652.046 | AZ78: =$D$4*16% -> 280144.8 | BA78: =SUM(AW78:AZ78)*B78 -> 2097760
A79: I. E. INTEGRAL PARA JOVENES Y ADULTOS CELIA RAMOS TORO | B79: 2 | C79: 234 | D79: 0 | E79: =C79+D79 -> 234 | F79: 10 | G79: =$C$6*F79 -> 819000 | H79: =($D$4*12.5%)/30*13 -> 94840.688 | I79: =($D$4*2.436%)/30*13 -> 18482.553 | J79: =($D$4*16%)/30*13 -> 121396.08 | K79: =SUM(G79:J79)*B79 -> 2107438.6 | L79: 20 | M79: =$C$6*L79 -> 1638000 | N79: =$D$4*12.5% -> 218863.12 | O79: =$D$4*2.436% -> 42652.046 | P79: =$D$4*16% -> 280144.8 | Q79: =SUM(M79:P79)*B79 -> 4359319.9 | R79: 19 | S79: =$C$6*R79 -> 1556100 | T79: =$D$4*12.5% -> 218863.12 | U79: =$D$4*2.436% -> 42652.046 | V79: =$D$4*16% -> 280144.8 | W79: =SUM(S79:V79)*B79 -> 4195519.9 | X79: 19 | Y79: =$C$6*X79 -> 1556100 | Z79: =$D$4*12.5% -> 218863.12 | AA79: =$D$4*2.436% -> 42652.046 | AB79: =$D$4*16% -> 280144.8 | AC79: =SUM(Y79:AB79)*B79 -> 4195519.9 | AD79: 19 | AE79: =$C$6*AD79 -> 1556100 | AF79: =$D$4*12.5% -> 218863.12 | AG79: =$D$4*2.436% -> 42652.046 | AH79: =$D$4*16% -> 280144.8 | AI79: =SUM(AE79:AH79)*B79 -> 4195519.9 | AJ79: 9 | AK79: =$C$6*AJ79 -> 737100 | AL79: =$D$4*12.5% -> 218863.12 | AM79: =$D$4*2.436% -> 42652.046 | AN79: =$D$4*16% -> 280144.8 | AO79: =SUM(AK79:AN79)*B79 -> 2557519.9 | AP79: 18 | AQ79: =$C$6*AP79 -> 1474200 | AR79: =$D$4*12.5% -> 218863.12 | AS79: =$D$4*2.436% -> 42652.046 | AT79: =$D$4*16% -> 280144.8 | AU79: =SUM(AQ79:AT79)*B79 -> 4031719.9 | AV79: 19 | AW79: =$C$6*AV79 -> 1556100 | AX79: =$D$4*12.5% -> 218863.12 | AY79: =$D$4*2.436% -> 42652.046 | AZ79: =$D$4*16% -> 280144.8 | BA79: =SUM(AW79:AZ79)*B79 -> 4195519.9
A80: I. E. ROSA MARIA HENAO PAVAS | B80: 2 | C80: 329 | D80: 0 | E80: =C80+D80 -> 329 | F80: 10 | G80: =$C$6*F80 -> 819000 | H80: =($D$4*12.5%)/30*13 -> 94840.688 | I80: =($D$4*2.436%)/30*13 -> 18482.553 | J80: =($D$4*16%)/30*13 -> 121396.08 | K80: =SUM(G80:J80)*B80 -> 2107438.6 | L80: 20 | M80: =$C$6*L80 -> 1638000 | N80: =$D$4*12.5% -> 218863.12 | O80: =$D$4*2.436% -> 42652.046 | P80: =$D$4*16% -> 280144.8 | Q80: =SUM(M80:P80)*B80 -> 4359319.9 | R80: 19 | S80: =$C$6*R80 -> 1556100 | T80: =$D$4*12.5% -> 218863.12 | U80: =$D$4*2.436% -> 42652.046 | V80: =$D$4*16% -> 280144.8 | W80: =SUM(S80:V80)*B80 -> 4195519.9 | X80: 19 | Y80: =$C$6*X80 -> 1556100 | Z80: =$D$4*12.5% -> 218863.12 | AA80: =$D$4*2.436% -> 42652.046 | AB80: =$D$4*16% -> 280144.8 | AC80: =SUM(Y80:AB80)*B80 -> 4195519.9 | AD80: 19 | AE80: =$C$6*AD80 -> 1556100 | AF80: =$D$4*12.5% -> 218863.12 | AG80: =$D$4*2.436% -> 42652.046 | AH80: =$D$4*16% -> 280144.8 | AI80: =SUM(AE80:AH80)*B80 -> 4195519.9 | AJ80: 9 | AK80: =$C$6*AJ80 -> 737100 | AL80: =$D$4*12.5% -> 218863.12 | AM80: =$D$4*2.436% -> 42652.046 | AN80: =$D$4*16% -> 280144.8 | AO80: =SUM(AK80:AN80)*B80 -> 2557519.9 | AP80: 18 | AQ80: =$C$6*AP80 -> 1474200 | AR80: =$D$4*12.5% -> 218863.12 | AS80: =$D$4*2.436% -> 42652.046 | AT80: =$D$4*16% -> 280144.8 | AU80: =SUM(AQ80:AT80)*B80 -> 4031719.9 | AV80: 19 | AW80: =$C$6*AV80 -> 1556100 | AX80: =$D$4*12.5% -> 218863.12 | AY80: =$D$4*2.436% -> 42652.046 | AZ80: =$D$4*16% -> 280144.8 | BA80: =SUM(AW80:AZ80)*B80 -> 4195519.9
... A87: I. E. ESCUELA NORMAL SUPERIOR PRESBITERO JOSE GOMEZ ISAZA | B87: 2 | C87: 249 | D87: 0 | E87: =C87+D87 -> 249 | F87: 10 | G87: =$C$6*F87 -> 819000 | H87: =($D$4*12.5%)/30*13 -> 94840.688 | I87: =($D$4*2.436%)/30*13 -> 18482.553 | J87: =($D$4*16%)/30*13 -> 121396.08 | K87: =SUM(G87:J87)*B87 -> 2107438.6 | L87: 20 | M87: =$C$6*L87 -> 1638000 | N87: =$D$4*12.5% -> 218863.12 | O87: =$D$4*2.436% -> 42652.046 | P87: =$D$4*16% -> 280144.8 | Q87: =SUM(M87:P87)*B87 -> 4359319.9 | R87: 19 | S87: =$C$6*R87 -> 1556100 | T87: =$D$4*12.5% -> 218863.12 | U87: =$D$4*2.436% -> 42652.046 | V87: =$D$4*16% -> 280144.8 | W87: =SUM(S87:V87)*B87 -> 4195519.9 | X87: 19 | Y87: =$C$6*X87 -> 1556100 | Z87: =$D$4*12.5% -> 218863.12 | AA87: =$D$4*2.436% -> 42652.046 | AB87: =$D$4*16% -> 280144.8 | AC87: =SUM(Y87:AB87)*B87 -> 4195519.9 | AD87: 19 | AE87: =$C$6*AD87 -> 1556100 | AF87: =$D$4*12.5% -> 218863.12 | AG87: =$D$4*2.436% -> 42652.046 | AH87: =$D$4*16% -> 280144.8 | AI87: =SUM(AE87:AH87)*B87 -> 4195519.9 | AJ87: 9 | AK87: =$C$6*AJ87 -> 737100 | AL87: =$D$4*12.5% -> 218863.12 | AM87: =$D$4*2.436% -> 42652.046 | AN87: =$D$4*16% -> 280144.8 | AO87: =SUM(AK87:AN87)*B87 -> 2557519.9 | AP87: 18 | AQ87: =$C$6*AP87 -> 1474200 | AR87: =$D$4*12.5% -> 218863.12 | AS87: =$D$4*2.436% -> 42652.046 | AT87: =$D$4*16% -> 280144.8 | AU87: =SUM(AQ87:AT87)*B87 -> 4031719.9 | AV87: 19 | AW87: =$C$6*AV87 -> 1556100 | AX87: =$D$4*12.5% -> 218863.12 | AY87: =$D$4*2.436% -> 42652.046 | AZ87: =$D$4*16% -> 280144.8 | BA87: =SUM(AW87:AZ87)*B87 -> 4195519.9
A88: C. E. R. NARANJAL ARRIBA | B88: 1 | C88: 34 | D88: 0 | E88: =C88+D88 -> 34 | F88: 10 | G88: =$C$5*F88 -> 598500 | H88: =($D$4*12.5%)/30*13 -> 94840.688 | I88: =($D$4*2.436%)/30*13 -> 18482.553 | J88: =($D$4*16%)/30*13 -> 121396.08 | K88: =SUM(G88:J88)*B88 -> 833219.32 | L88: 20 | M88: =$C$5*L88 -> 1197000 | N88: =$D$4*12.5% -> 218863.12 | O88: =$D$4*2.436% -> 42652.046 | P88: =$D$4*16% -> 280144.8 | Q88: =SUM(M88:P88)*B88 -> 1738660 | R88: 19 | S88: =$C$5*R88 -> 1137150 | T88: =$D$4*12.5% -> 218863.12 | U88: =$D$4*2.436% -> 42652.046 | V88: =$D$4*16% -> 280144.8 | W88: =SUM(S88:V88)*B88 -> 1678810 | X88: 19 | Y88: =$C$5*X88 -> 1137150 | Z88: =$D$4*12.5% -> 218863.12 | AA88: =$D$4*2.436% -> 42652.046 | AB88: =$D$4*16% -> 280144.8 | AC88: =SUM(Y88:AB88)*B88 -> 1678810 | AD88: 19 | AE88: =$C$5*AD88 -> 1137150 | AF88: =$D$4*12.5% -> 218863.12 | AG88: =$D$4*2.436% -> 42652.046 | AH88: =$D$4*16% -> 280144.8 | AI88: =SUM(AE88:AH88)*B88 -> 1678810 | AJ88: 9 | AK88: =$C$5*AJ88 -> 538650 | AL88: =$D$4*12.5% -> 218863.12 | AM88: =$D$4*2.436% -> 42652.046 | AN88: =$D$4*16% -> 280144.8 | AO88: =SUM(AK88:AN88)*B88 -> 1080310 | AP88: 18 | AQ88: =$C$6*AP88 -> 1474200 | AR88: =$D$4*12.5% -> 218863.12 | AS88: =$D$4*2.436% -> 42652.046 | AT88: =$D$4*16% -> 280144.8 | AU88: =SUM(AQ88:AT88)*B88 -> 2015860 | AV88: 19 | AW88: =$C$6*AV88 -> 1556100 | AX88: =$D$4*12.5% -> 218863.12 | AY88: =$D$4*2.436% -> 42652.046 | AZ88: =$D$4*16% -> 280144.8 | BA88: =SUM(AW88:AZ88)*B88 -> 2097760
A89: SUPERNUMERARIA URBANA | B89: 1 | C89: 0 | D89: 0 | E89: =C89+D89 -> 0 | F89: 10 | G89: =$C$6*F89 -> 819000 | H89: =($D$4*12.5%)/30*13 -> 94840.688 | I89: =($D$4*2.436%)/30*13 -> 18482.553 | J89: =($D$4*16%)/30*13 -> 121396.08 | K89: =SUM(G89:J89)*B89 -> 1053719.3 | L89: 20 | M89: =$C$6*L89 -> 1638000 | N89: =$D$4*12.5% -> 218863.12 | O89: =$D$4*2.436% -> 42652.046 | P89: =$D$4*16% -> 280144.8 | Q89: =SUM(M89:P89)*B89 -> 2179660 | R89: 19 | S89: =$C$6*R89 -> 1556100 | T89: =$D$4*12.5% -> 218863.12 | U89: =$D$4*2.436% -> 42652.046 | V89: =$D$4*16% -> 280144.8 | W89: =SUM(S89:V89)*B89 -> 2097760 | X89: 19 | Y89: =$C$6*X89 -> 1556100 | Z89: =$D$4*12.5% -> 218863.12 | AA89: =$D$4*2.436% -> 42652.046 | AB89: =$D$4*16% -> 280144.8 | AC89: =SUM(Y89:AB89)*B89 -> 2097760 | AD89: 19 | AE89: =$C$6*AD89 -> 1556100 | AF89: =$D$4*12.5% -> 218863.12 | AG89: =$D$4*2.436% -> 42652.046 | AH89: =$D$4*16% -> 280144.8 | AI89: =SUM(AE89:AH89)*B89 -> 2097760 | AJ89: 9 | AK89: =$C$6*AJ89 -> 737100 | AL89: =$D$4*12.5% -> 218863.12 | AM89: =$D$4*2.436% -> 42652.046 | AN89: =$D$4*16% -> 280144.8 | AO89: =SUM(AK89:AN89)*B89 -> 1278760 | AP89: 18 | AQ89: =$C$6*AP89 -> 1474200 | AR89: =$D$4*12.5% -> 218863.12 | AS89: =$D$4*2.436% -> 42652.046 | AT89: =$D$4*16% -> 280144.8 | AU89: =SUM(AQ89:AT89)*B89 -> 2015860 | AV89: 19 | AW89: =$C$6*AV89 -> 1556100 | AX89: =$D$4*12.5% -> 218863.12 | AY89: =$D$4*2.436% -> 42652.046 | AZ89: =$D$4*16% -> 280144.8 | BA89: =SUM(AW89:AZ89)*B89 -> 2097760
A90: Total Procesadoras | B90: =SUM(B11:B89) -> 103 | D90: =SUM(D11:D89) -> 166 | K90: =SUM(K11:K89) -> 90420590 | Q90: =SUM(Q11:Q89) -> 1.8827998e+08 | W90: =SUM(W11:W89) -> 1.8165553e+08 | AC90: =SUM(AC11:AC89) -> 1.8165553e+08 | AI90: =SUM(AI11:AI89) -> 1.8165553e+08 | AO90: =SUM(AO11:AO89) -> 1.1541103e+08 | AU90: =SUM(AU11:AU89) -> 1.7610838e+08 | BA90: =SUM(BA11:BA89) -> 1.8279268e+08
A93: RESUMEN INVERSIÓN PROCESADORAS
A95: Rango | B95: Cantidad Procesadoras | C95: Honorarios x Día | D95: HONORARIOS ENERO
D96: Días Laborales | E96: X 1 Procesadora | F96: Total Procesadoras | G96: Seguridad Social X 1 Procesadora | H96: Total Seguridad Social | I96: Total Mes
A97: RANGO 1 | B97: 27 | C97: =C4 -> 40950 | D97: 10 | E97: =C97*D97 -> 409500 | F97: =E97*B97 -> 11056500 | G97: =H89+I89+J89 -> 234719.32 | H97: =G97*B97 -> 6337421.7 | I97: =F100+H100 -> 90420590 | J97: =F97+H97 -> 17393922 | N97: 17393922 | O97: 36737819 | P97: 35632169 | Q97: 35632169 | R97: 35632169 | S97: 24575669 | T97: 35632169 | U97: 35632169 | V97: =SUM(N97:U97) -> 256868255
A98: RANGO 2 | B98: 32 | C98: =C5 -> 59850 | D98: 10 | E98: =C98*D98 -> 598500 | F98: =E98*B98 -> 19152000 | G98: =SUM(H89:J89) -> 234719.32 | H98: =G98*B98 -> 7511018.3 | J98: =F98+H98 -> 26663018 | N98: 26663018 | O98: 55637119 | P98: 53721919 | Q98: 53721919 | R98: 53721919 | S98: 34569919 | T98: 53721919 | U98: 53721919 | V98: =SUM(N98:U98) -> 385479651
A99: RANGO 3 | B99: 44 | C99: =C6 -> 81900 | D99: 10 | E99: =C99*D99 -> 819000 | F99: =E99*B99 -> 36036000 | G99: =SUM(H89:J89) -> 234719.32 | H99: =G99*B99 -> 10327650 | J99: =F99+H99 -> 46363650 | N99: 46363650 | O99: 95905039 | P99: 92301439 | Q99: 92301439 | R99: 92301439 | S99: 56265439 | T99: 92301439 | U99: 92301439 | V99: =SUM(N99:U99) -> 660041323
B100: =SUM(B97:B99) -> 103 | F100: =SUM(F97:F99) -> 66244500 | H100: =SUM(H97:H99) -> 24176090 | V100: =SUM(V97:V99) -> 1302389229
C103: HONORARIOS FEBRERO
C104: Rango | D104: Días Laborales | E104: X 1 Procesadora | F104: Total Procesadoras | G104: Seguridad Social X 1 Procesadora | H104: Total Seguridad Social | I104: Total Mes
C105: RANGO 1 | D105: 20 | E105: =C97*D105 -> 819000 | F105: =E105*B97 -> 22113000 | G105: =N89+O89+P89 -> 541659.97 | H105: =G105*B97 -> 14624819 | I105: =F108+H108 -> 1.8827998e+08
C106: RANGO 2 | D106: 20 | E106: =C98*D106 -> 1197000 | F106: =E106*B98 -> 38304000 | G106: =G105 -> 541659.97 | H106: =G106*B98 -> 17333119
C107: RANGO 3 | D107: 20 | E107: =C99*D107 -> 1638000 | F107: =E107*B99 -> 72072000 | G107: =G105 -> 541659.97 | H107: =G107*B99 -> 23833039
F108: =SUM(F105:F107) -> 132489000 | H108: =SUM(H105:H107) -> 55790977
C111: HONORARIOS MARZO
C112: Rango | D112: Días Laborales | E112: X 1 Procesadora | F112: Total Procesadoras | G112: Seguridad Social X 1 Procesadora | H112: Total Seguridad Social | I112: Total Mes
C113: RANGO 1 | D113: 19 | E113: =C97*D113 -> 778050 | F113: =E113*B97 -> 21007350 | G113: =SUM(T89:V89) -> 541659.97 | H113: =G113*B97 -> 14624819 | I113: =F116+H116 -> 1.8165553e+08
C114: RANGO 2 | D114: 19 | E114: =C98*D114 -> 1137150 | F114: =E114*B98 -> 36388800 | G114: =G113 -> 541659.97 | H114: =G114*B98 -> 17333119
C115: RANGO 3 | D115: 19 | E115: =C99*D115 -> 1556100 | F115: =E115*B99 -> 68468400 | G115: =G113 -> 541659.97 | H115: =G115*B99 -> 23833039
F116: =SUM(F113:F115) -> 125864550 | H116: =SUM(H113:H115) -> 55790977
C119: HONORARIOS ABRIL
C120: Rango | D120: Días Laborales | E120: X 1 Procesadora | F120: Total Procesadoras | G120: Seguridad Social X 1 Procesadora | H120: Total Seguridad Social | I120: Total Mes
C121: RANGO 1 | D121: 19 | E121: =C97*D121 -> 778050 | F121: =E121*B97 -> 21007350 | G121: =SUM(Z89:AB89) -> 541659.97 | H121: =G121*B97 -> 14624819 | I121: =F124+H124 -> 1.8165553e+08
C122: RANGO 2 | D122: 19 | E122: =C98*D122 -> 1137150 | F122: =E122*B98 -> 36388800 | G122: =G121 -> 541659.97 | H122: =G122*B98 -> 17333119
C123: RANGO 3 | D123: 19 | E123: =C99*D123 -> 1556100 | F123: =E123*B99 -> 68468400 | G123: =G121 -> 541659.97 | H123: =G123*B99 -> 23833039
F124: =SUM(F121:F123) -> 125864550 | H124: =SUM(H121:H123) -> 55790977
C127: HONORARIOS MAYO
C128: Rango | D128: Días Laborales | E128: X 1 Procesadora | F128: Total Procesadoras | G128: Seguridad Social X 1 Procesadora | H128: Total Seguridad Social | I128: Total Mes
C129: RANGO 1 | D129: 19 | E129: =C97*D129 -> 778050 | F129: =E129*B97 -> 21007350 | G129: =SUM(AF89:AH89) -> 541659.97 | H129: =G129*B97 -> 14624819 | I129: =F132+H132 -> 1.8165553e+08
C130: RANGO 2 | D130: 19 | E130: =C98*D130 -> 1137150 | F130: =E130*B98 -> 36388800 | G130: =G129 -> 541659.97 | H130: =G130*B98 -> 17333119
C131: RANGO 3 | D131: 19 | E131: =C99*D131 -> 1556100 | F131: =E131*B99 -> 68468400 | G131: =G129 -> 541659.97 | H131: =G131*B99 -> 23833039
F132: =SUM(F129:F131) -> 125864550 | H132: =SUM(H129:H131) -> 55790977
C135: HONORARIOS JUNIO
C136: Rango | D136: Días Laborales | E136: X 1 Procesadora | F136: Total Procesadoras | G136: Seguridad Social X 1 Procesadora | H136: Total Seguridad Social | I136: Total Mes
C137: RANGO 1 | D137: 9 | E137: =C97*D137 -> 368550 | F137: =E137*B97 -> 9950850 | G137: =SUM(AL89:AN89) -> 541659.97 | H137: =G137*B97 -> 14624819 | I137: =F140+H140 -> 1.1541103e+08
C138: RANGO 2 | D138: 9 | E138: =C98*D138 -> 538650 | F138: =E138*B98 -> 17236800 | G138: =G137 -> 541659.97 | H138: =G138*B98 -> 17333119
C139: RANGO 3 | D139: 9 | E139: =C99*D139 -> 737100 | F139: =E139*B99 -> 32432400 | G139: =G137 -> 541659.97 | H139: =G139*B99 -> 23833039
F140: =SUM(F137:F139) -> 59620050 | H140: =SUM(H137:H139) -> 55790977
A143: Rango | B143: Cantidad Procesadoras | C143: HONORARIOS JULIO (9 días laborales - seguridad mes completo)
C144: Rango | D144: Días Laborales | E144: X 1 Procesadora | F144: Total Procesadoras | G144: Seguridad Social X 1 Procesadora | H144: Total Seguridad Social | I144: Total Mes
A145: RANGO 1 | B145: =SUM(B11:B35) -> 25 | C145: =C4 -> 40950 | D145: 19 | E145: =C145*D145 -> 778050 | F145: =E145*B145 -> 19451250 | G145: =AL89+AM89+AN89 -> 541659.97 | H145: =G145*B145 -> 13541499 | I145: =F148+H148 -> 1.8279268e+08
A146: RANGO 2 | B146: =SUM(B36:B68) -> 33 | C146: =C5 -> 59850 | D146: 19 | E146: =C146*D146 -> 1137150 | F146: =E146*B146 -> 37525950 | G146: =G145 -> 541659.97 | H146: =G146*B146 -> 17874779
A147: RANGO 3 | B147: =SUM(B69:B89) -> 45 | C147: =C6 -> 81900 | D147: 19 | E147: =C147*D147 -> 1556100 | F147: =E147*B147 -> 70024500 | G147: =G145 -> 541659.97 | H147: =G147*B147 -> 24374699
F148: =SUM(F145:F147) -> 127001700 | H148: =SUM(H145:H147) -> 55790977
C151: HONORARIOS AGOSTO
C152: Rango | D152: Días Laborales | E152: X 1 Procesadora | F152: Total Procesadoras | G152: Seguridad Social X 1 Procesadora | H152: Total Seguridad Social | I152: Total Mes
C153: RANGO 1 | D153: 19 | E153: =C145*D153 -> 778050 | F153: =E153*B145 -> 19451250 | G153: =AX89+AY89+AZ89 -> 541659.97 | H153: =G153*B145 -> 13541499 | I153: =F156+H156 -> 1.8279268e+08
C154: RANGO 2 | D154: 19 | E154: =C146*D154 -> 1137150 | F154: =E154*B146 -> 37525950 | G154: =G153 -> 541659.97 | H154: =G154*B146 -> 17874779
C155: RANGO 3 | D155: 19 | E155: =C147*D155 -> 1556100 | F155: =E155*B147 -> 70024500 | G155: =G153 -> 541659.97 | H155: =G155*B147 -> 24374699
...

Sheet sedes industrializadas Ad-1
A1: SEDES INDUSTRIALIZADAS
A2: C. E. R. ALTO DEL RAYO
A3: C. E. R. EL BOSQUE
A4: C. E. R. EL CEDRO
A5: C. E. R. LA FALDA
A6: C. E. R. MEDIA CUESTA
A7: C. E. R. SAN JOSE DE LAS CRUCES
A8: C. E. R. SANTA MARTA
A9: C. E. R. LA PAZ SAN FRANCISCO
A10: C. E. R. SAN ANTONIO
A11: C. E. R. BRASILAL
A12: C. E. R. LA CIENAGA
... A15: COREDI CAUNZAL

Sheet proyección general Inicial
A1: PROYECCIÓN OPERACIÓN PAE 2026
A3: NRO. DEL PROCESO EN SECOP II: 26AS151F2610
A4: OBJETO: Integrar esfuerzos para la ejecución del Programa de Alimentación Escolar - PAE, para los niños, niñas y adolescentes de la matrícula oficial del municipio de SONSÓN - Antioquia, no certificado en educación, para la vigencia 2026
A5: DIAS CALENDARIO ESCOLAR: 111
A6: CÓDIGO UNSPSC: 85151601 - Servicios de programación ed la nutrición
A7: VALOR APORTADO X GOBERNACIÓN: $3.364.200.299
A8: NRO. BENEFICIARIOS PAE REGULAR: 4.614
A9: NRO. BENEFICIARIOS PAE JORNADA ÚNICA: 849
A10: TOTAL RACIONES PAE REGULAR: 512.154 | J10: 21
A11: TOTAL RACIONES PAE JORNADA ÚNICA: 94.239
I12: PLAN DE CAPACITACIÓN
A14: Descripción | B14: Valor trabajado en 2025 con impuestos incluidos | C14: Prodeporte no tenido en cuenta | D14: IPC | E14: Valor cotización 2026 incluye descuentos | I14: Zona Urbana
C15: 0.013 | D15: 0.0551 | I15: Descripción | J15: Unidad | K15: Cantidad | L15: Valor Unitario | M15: Valor Total
A16: PAE Regular | B16: 3624 | C16: =B16*$C$15 -> 47.112 | D16: =(B16+C16)*$D$15 -> 202.27827 | E16: 3826 | I16: Capacitador | J16: Persona | K16: 2 | L16: 1500000 | M16: =L16*K16 -> 3000000
A17: PAE Jornada Única | B17: 4938 | C17: =B17*$C$15 -> 64.194 | D17: =(B17+C17)*$D$15 -> 275.62089 | E17: 5214 | I17: Almuerzo | J17: Unidad | K17: 90 | L17: 35000 | M17: =L17*K17 -> 3150000
A18: Transporte | B18: 3080000 | C18: 0 | D18: =(B18+C18)*$D$15 -> 169708 | E18: 3249708 | I18: Refrigerio | J18: Unidad | K18: 90 | L18: 10000 | M18: =L18*K18 -> 900000
A19: kits de aseo | B19: 143000 | C19: 0 | D19: =(B19+C19)*$D$15 -> 7879.3 | E19: 150879 | I19: Material para talleres | J19: global | M19: 2500000
A20: Dotación manipuladoras | B20: 229900 | C20: 0 | D20: =(B20+C20)*$D$15 -> 12667.49 | E20: 242567 | I20: TOTAL | M20: =SUM(M16:M19) -> 9550000
I22: Magdalena Medio
A23: PROYECCIÓN X 111 DÍAS CALENDARIO ESCOLAR RACIONES Y 106 DIAS MANIPULADORAS | F23: =(D25+D26+D30)-E27 -> 3364200299 | I23: Descripción | J23: Unidad | K23: Cantidad | L23: Valor Unitario | M23: Valor Total
A24: Descripción | B24: Cantidad | C24: Valor Unitario | D24: Valor Total | I24: Capacitador | J24: Persona | K24: 1 | L24: 1500000 | M24: =L24*K24 -> 1500000
A25: REGULAR | B25: 512154 | C25: =E16 -> 3826 | D25: =B25*C25 -> 1959501204 | I25: Almuerzo | J25: Unidad | K25: 26 | L25: 35000 | M25: =L25*K25 -> 910000
A26: ÚNICA | B26: 94239 | C26: =E17 -> 5214 | D26: =B26*C26 -> 491362146 | E26: =D25+D26+D30 -> 3.6120989e+09 | I26: Refrigerio | J26: Unidad | K26: 26 | L26: 10000 | M26: =L26*K26 -> 260000
A27: TRANSPORTE | B27: 10 | C27: =E18 -> 3249708 | D27: =B27*C27 -> 32497080 | E27: =E26-D33 -> 2.4789857e+08 | F27: municipio manipuladoras | I27: Material para talleres | J27: global | M27: 1000000
A28: KITS DE ASEO | B28: =80*2 -> 160 | C28: =E19 -> 150879 | D28: =B28*C28 -> 24140640 | I28: TOTAL | M28: =SUM(M24:M27) -> 3670000
A29: DOTACIÓN MANIPULADORAS | B29: =104*2 -> 208 | C29: =E20 -> 242567 | D29: =C29*B29 -> 50453936
A30: MANIPULADORAS | B30: GLOBAL | D30: ='proyección inicial procesadoras'!B174 -> 1.1612355e+09 | M30: =SUM(M20+M28) -> 13220000
A31: TOTAL | D31: =SUM(D25:D30) -> 3.7191905e+09 | M31: =M30*5% -> 661000
M32: =SUM(M30:M31) -> 13881000
C33: APORTE GOBERNACIÓN | D33: 3364200299
C34: APORTE MUNICIPIO | D34: =D31-D33 -> 3.5499023e+08 | E34: tener en cuenta que la vigencia futura solo es por 500 millones
D35: =SUM(D33:D34) -> 3.7191905e+09
A40: DEDUCCIONES | E40: convenio 1 | F40: 3501102255
A41: Nombre Estampilla | B41: Tarifa Gobernación | C41: Tarifa Municipio | E41: convenio 2 | F41: 1377970680
A42: Impuesto de timbre | B42: 0.01 | C42: 0.01 | E42: adicion | F42: 524131743
A43: Servicios | B43: 0.04 | C43: 0.04 | F43: =SUM(F40:F42) -> 5403204678 | G43: =F43*1.3% -> 70241661
A44: Estampilla Pro-Cultura | B44: 0.015 | C44: 0.015
A45: RETEICA | B45: 0.01 | C45: 0.01
A46: Estampilla Pro-Adulto Mayor | B46: 0.04 | C46: 0.04
A47: Estampilla Pro-Hospital | B47: 0.01 | C47: 0.01
A48: Estampilla Pro-Deporte | B48: 0.025 | C48: 0.012
A49: Estampilla para la justicia familiar | B49: 0.02 | C49: 0.02
A50: Total | B50: =SUM(B42:B49) -> 0.17 | C50: =SUM(C42:C49) -> 0.157

Sheet proyección inicial procesadoras
A1: PROYECCIÓN PROCESADORAS DE ALIMENTOS 2026
A3: Rango Procesadoras de Alimentos | B3: Salario Base | C3: Honorarios x Día | D3: IBC | E3: 1750905
A4: RANGO 1 (7-15 estudiantes) 65% | B4: 1890000 | C4: =(B4*65%)/30 -> 40950 | D4: 1580085 | E4: =$E$3/30 -> 58363.5
A5: RANGO 2 (16-43 estudiantes) 95% | B5: 1890000 | C5: =(B5*95%)/30 -> 59850
A6: RANGO 3 (>=44 estudiantes) 130% | B6: 1890000 | C6: =(B6*130%)/30 -> 81900
G7: =G12-G11 -> 0
F9: ENERO | L9: FEBRERO | R9: MARZO | X9: ABRIL | AD9: MAYO | AJ9: JUNIO (hasta el 12 de junio - 9 días laborales y 12 de seguridad) | AP9: JULIO (Hasta el 10 de julio) (5 días laborales, 10 días de seguridad)
A10: Sede | B10: Cantidad de Procesadoras | C10: Cantidad Alumnos a Noviembre de 2025 | D10: Alumnos COREDI | E10: Total Alumnos | F10: Días Laborales | G10: Honorarios | H10: salud 12,5% | I10: riesgos (R3) 2,436% | J10: pensión 16% | K10: Total Manipuladora | L10: Días Laborales | M10: Honorarios | N10: salud 12,5% | O10: riesgos (R3) 2,436% | P10: pensión 16% | Q10: Total Manipuladora | R10: Días Laborales | S10: Honorarios | T10: salud 12,5% | U10: riesgos (R3) 2,436% | V10: pensión 16% | W10: Total Manipuladora | X10: Días Laborales | Y10: Honorarios | Z10: salud 12,5% | AA10: riesgos (R3) 2,436% | AB10: pensión 16% | AC10: Total Manipuladora | AD10: Días Laborales | AE10: Honorarios | AF10: salud 12,5% | AG10: riesgos (R3) 2,436% | AH10: pensión 16% | AI10: Total Manipuladora | AJ10: Días Laborales | AK10: Honorarios | AL10: salud 12,5% | AM10: riesgos (R3) 2,436% | AN10: pensión 16% | AO10: Total Manipuladora | AP10: Días Laborales | AQ10: Honorarios | AR10: salud 12,5% | AS10: riesgos (R3) 2,436% | AT10: pensión 16% | AU10: Total Manipuladora
A11: C. E. R. BOQUERON | B11: 1 | C11: 4 | D11: 0 | E11: =C11+D11 -> 4 | F11: 10 | G11: =$C$4*F11 -> 409500 | H11: =($D$4*12.5%)/30*13 -> 85587.938 | I11: =($D$4*2.436%)/30*13 -> 16679.377 | J11: =($D$4*16%)/30*13 -> 109552.56 | K11: =SUM(G11:J11)*B11 -> 621319.87 | L11: 20 | M11: =$C$4*L11 -> 819000 | N11: =$D$4*12.5% -> 197510.62 | O11: =$D$4*2.436% -> 38490.871 | P11: =$D$4*16% -> 252813.6 | Q11: =SUM(M11:P11)*B11 -> 1307815.1 | R11: 19 | S11: =$C$4*R11 -> 778050 | T11: =$D$4*12.5% -> 197510.62 | U11: =$D$4*2.436% -> 38490.871 | V11: =$D$4*16% -> 252813.6 | W11: =SUM(S11:V11)*B11 -> 1266865.1 | X11: 19 | Y11: =$C$4*X11 -> 778050 | Z11: =$D$4*12.5% -> 197510.62 | AA11: =$D$4*2.436% -> 38490.871 | AB11: =$D$4*16% -> 252813.6 | AC11: =SUM(Y11:AB11)*B11 -> 1266865.1 | AD11: 19 | AE11: =$C$4*AD11 -> 778050 | AF11: =$D$4*12.5% -> 197510.62 | AG11: =$D$4*2.436% -> 38490.871 | AH11: =$D$4*16% -> 252813.6 | AI11: =SUM(AE11:AH11)*B11 -> 1266865.1 | AJ11: 9 | AK11: =$C$4*AJ11 -> 368550 | AL11: =($D$4*12.5%)/30*12 -> 79004.25 | AM11: =($D$4*2.436%)/30*12 -> 15396.348 | AN11: =($D$4*16%)/30*12 -> 101125.44 | AO11: =SUM(AK11:AN11)*B11 -> 564076.04 | AP11: 0 | AQ11: =$C$4*AP11 -> 0 | AR11: =($D$4*12.5%)/30*10 -> 65836.875 | AS11: =($D$4*2.436%)/30*10 -> 12830.29 | AT11: =($D$4*16%)/30*10 -> 84271.2 | AU11: =SUM(AQ11:AT11)*B11 -> 162938.37
A12: C. E. R. LA TORRE | B12: 1 | C12: 4 | D12: 0 | E12: =C12+D12 -> 4 | F12: 10 | G12: =$C$4*F12 -> 409500 | H12: =($D$4*12.5%)/30*13 -> 85587.938 | I12: =($D$4*2.436%)/30*13 -> 16679.377 | J12: =($D$4*16%)/30*13 -> 109552.56 | K12: =SUM(G12:J12)*B12 -> 621319.87 | L12: 20 | M12: =$C$4*L12 -> 819000 | N12: =$D$4*12.5% -> 197510.62 | O12: =$D$4*2.436% -> 38490.871 | P12: =$D$4*16% -> 252813.6 | Q12: =SUM(M12:P12)*B12 -> 1307815.1 | R12: 19 | S12: =$C$4*R12 -> 778050 | T12: =$D$4*12.5% -> 197510.62 | U12: =$D$4*2.436% -> 38490.871 | V12: =$D$4*16% -> 252813.6 | W12: =SUM(S12:V12)*B12 -> 1266865.1 | X12: 19 | Y12: =$C$4*X12 -> 778050 | Z12: =$D$4*12.5% -> 197510.62 | AA12: =$D$4*2.436% -> 38490.871 | AB12: =$D$4*16% -> 252813.6 | AC12: =SUM(Y12:AB12)*B12 -> 1266865.1 | AD12: 19 | AE12: =$C$4*AD12 -> 778050 | AF12: =$D$4*12.5% -> 197510.62 | AG12: =$D$4*2.436% -> 38490.871 | AH12: =$D$4*16% -> 252813.6 | AI12: =SUM(AE12:AH12)*B12 -> 1266865.1 | AJ12: 9 | AK12: =$C$4*AJ12 -> 368550 | AL12: =($D$4*12.5%)/30*12 -> 79004.25 | AM12: =($D$4*2.436%)/30*12 -> 15396.348 | AN12: =($D$4*16%)/30*12 -> 101125.44 | AO12: =SUM(AK12:AN12)*B12 -> 564076.04 | AP12: 0 | AQ12: =$C$4*AP12 -> 0 | AR12: =($D$4*12.5%)/30*10 -> 65836.875 | AS12: =($D$4*2.436%)/30*10 -> 12830.29 | AT12: =($D$4*16%)/30*10 -> 84271.2 | AU12: =SUM(AQ12:AT12)*B12 -> 162938.37
A13: C. E. R. SIRGUA ABAJO | B13: 1 | C13: 7 | D13: 0 | E13: =C13+D13 -> 7 | F13: 10 | G13: =$C$4*F13 -> 409500 | H13: =($D$4*12.5%)/30*13 -> 85587.938 | I13: =($D$4*2.436%)/30*13 -> 16679.377 | J13: =($D$4*16%)/30*13 -> 109552.56 | K13: =SUM(G13:J13)*B13 -> 621319.87 | L13: 20 | M13: =$C$4*L13 -> 819000 | N13: =$D$4*12.5% -> 197510.62 | O13: =$D$4*2.436% -> 38490.871 | P13: =$D$4*16% -> 252813.6 | Q13: =SUM(M13:P13)*B13 -> 1307815.1 | R13: 19 | S13: =$C$4*R13 -> 778050 | T13: =$D$4*12.5% -> 197510.62 | U13: =$D$4*2.436% -> 38490.871 | V13: =$D$4*16% -> 252813.6 | W13: =SUM(S13:V13)*B13 -> 1266865.1 | X13: 19 | Y13: =$C$4*X13 -> 778050 | Z13: =$D$4*12.5% -> 197510.62 | AA13: =$D$4*2.436% -> 38490.871 | AB13: =$D$4*16% -> 252813.6 | AC13: =SUM(Y13:AB13)*B13 -> 1266865.1 | AD13: 19 | AE13: =$C$4*AD13 -> 778050 | AF13: =$D$4*12.5% -> 197510.62 | AG13: =$D$4*2.436% -> 38490.871 | AH13: =$D$4*16% -> 252813.6 | AI13: =SUM(AE13:AH13)*B13 -> 1266865.1 | AJ13: 9 | AK13: =$C$4*AJ13 -> 368550 | AL13: =($D$4*12.5%)/30*12 -> 79004.25 | AM13: =($D$4*2.436%)/30*12 -> 15396.348 | AN13: =($D$4*16%)/30*12 -> 101125.44 | AO13: =SUM(AK13:AN13)*B13 -> 564076.04 | AP13: 0 | AQ13: =$C$4*AP13 -> 0 | AR13: =($D$4*12.5%)/30*10 -> 65836.875 | AS13: =($D$4*2.436%)/30*10 -> 12830.29 | AT13: =($D$4*16%)/30*10 -> 84271.2 | AU13: =SUM(AQ13:AT13)*B13 -> 162938.37
A14: C. E. R. LA MESA | B14: 1 | C14: 5 | D14: 0 | E14: =C14+D14 -> 5 | F14: 10 | G14: =$C$4*F14 -> 409500 | H14: =($D$4*12.5%)/30*13 -> 85587.938 | I14: =($D$4*2.436%)/30*13 -> 16679.377 | J14: =($D$4*16%)/30*13 -> 109552.56 | K14: =SUM(G14:J14)*B14 -> 621319.87 | L14: 20 | M14: =$C$4*L14 -> 819000 | N14: =$D$4*12.5% -> 197510.62 | O14: =$D$4*2.436% -> 38490.871 | P14: =$D$4*16% -> 252813.6 | Q14: =SUM(M14:P14)*B14 -> 1307815.1 | R14: 19 | S14: =$C$4*R14 -> 778050 | T14: =$D$4*12.5% -> 197510.62 | U14: =$D$4*2.436% -> 38490.871 | V14: =$D$4*16% -> 252813.6 | W14: =SUM(S14:V14)*B14 -> 1266865.1 | X14: 19 | Y14: =$C$4*X14 -> 778050 | Z14: =$D$4*12.5% -> 197510.62 | AA14: =$D$4*2.436% -> 38490.871 | AB14: =$D$4*16% -> 252813.6 | AC14: =SUM(Y14:AB14)*B14 -> 1266865.1 | AD14: 19 | AE14: =$C$4*AD14 -> 778050 | AF14: =$D$4*12.5% -> 197510.62 | AG14: =$D$4*2.436% -> 38490.871 | AH14: =$D$4*16% -> 252813.6 | AI14: =SUM(AE14:AH14)*B14 -> 1266865.1 | AJ14: 9 | AK14: =$C$4*AJ14 -> 368550 | AL14: =($D$4*12.5%)/30*12 -> 79004.25 | AM14: =($D$4*2.436%)/30*12 -> 15396.348 | AN14: =($D$4*16%)/30*12 -> 101125.44 | AO14: =SUM(AK14:AN14)*B14 -> 564076.04 | AP14: 0 | AQ14: =$C$4*AP14 -> 0 | AR14: =($D$4*12.5%)/30*10 -> 65836.875 | AS14: =($D$4*2.436%)/30*10 -> 12830.29 | AT14: =($D$4*16%)/30*10 -> 84271.2 | AU14: =SUM(AQ14:AT14)*B14 -> 162938.37
A15: C. E. R. MULATO ALTO | B15: 1 | C15: 3 | D15: 0 | E15: =C15+D15 -> 3 | F15: 10 | G15: =$C$4*F15 -> 409500 | H15: =($D$4*12.5%)/30*13 -> 85587.938 | I15: =($D$4*2.436%)/30*13 -> 16679.377 | J15: =($D$4*16%)/30*13 -> 109552.56 | K15: =SUM(G15:J15)*B15 -> 621319.87 | L15: 20 | M15: =$C$4*L15 -> 819000 | N15: =$D$4*12.5% -> 197510.62 | O15: =$D$4*2.436% -> 38490.871 | P15: =$D$4*16% -> 252813.6 | Q15: =SUM(M15:P15)*B15 -> 1307815.1 | R15: 19 | S15: =$C$4*R15 -> 778050 | T15: =$D$4*12.5% -> 197510.62 | U15: =$D$4*2.436% -> 38490.871 | V15: =$D$4*16% -> 252813.6 | W15: =SUM(S15:V15)*B15 -> 1266865.1 | X15: 19 | Y15: =$C$4*X15 -> 778050 | Z15: =$D$4*12.5% -> 197510.62 | AA15: =$D$4*2.436% -> 38490.871 | AB15: =$D$4*16% -> 252813.6 | AC15: =SUM(Y15:AB15)*B15 -> 1266865.1 | AD15: 19 | AE15: =$C$4*AD15 -> 778050 | AF15: =$D$4*12.5% -> 197510.62 | AG15: =$D$4*2.436% -> 38490.871 | AH15: =$D$4*16% -> 252813.6 | AI15: =SUM(AE15:AH15)*B15 -> 1266865.1 | AJ15: 9 | AK15: =$C$4*AJ15 -> 368550 | AL15: =($D$4*12.5%)/30*12 -> 79004.25 | AM15: =($D$4*2.436%)/30*12 -> 15396.348 | AN15: =($D$4*16%)/30*12 -> 101125.44 | AO15: =SUM(AK15:AN15)*B15 -> 564076.04 | AP15: 0 | AQ15: =$C$4*AP15 -> 0 | AR15: =($D$4*12.5%)/30*10 -> 65836.875 | AS15: =($D$4*2.436%)/30*10 -> 12830.29 | AT15: =($D$4*16%)/30*10 -> 84271.2 | AU15: =SUM(AQ15:AT15)*B15 -> 162938.37
A16: C. E. R. SANTA ROSA LA DANTA | B16: 1 | C16: 4 | D16: 0 | E16: =C16+D16 -> 4 | F16: 10 | G16: =$C$4*F16 -> 409500 | H16: =($D$4*12.5%)/30*13 -> 85587.938 | I16: =($D$4*2.436%)/30*13 -> 16679.377 | J16: =($D$4*16%)/30*13 -> 109552.56 | K16: =SUM(G16:J16)*B16 -> 621319.87 | L16: 20 | M16: =$C$4*L16 -> 819000 | N16: =$D$4*12.5% -> 197510.62 | O16: =$D$4*2.436% -> 38490.871 | P16: =$D$4*16% -> 252813.6 | Q16: =SUM(M16:P16)*B16 -> 1307815.1 | R16: 19 | S16: =$C$4*R16 -> 778050 | T16: =$D$4*12.5% -> 197510.62 | U16: =$D$4*2.436% -> 38490.871 | V16: =$D$4*16% -> 252813.6 | W16: =SUM(S16:V16)*B16 -> 1266865.1 | X16: 19 | Y16: =$C$4*X16 -> 778050 | Z16: =$D$4*12.5% -> 197510.62 | AA16: =$D$4*2.436% -> 38490.871 | AB16: =$D$4*16% -> 252813.6 | AC16: =SUM(Y16:AB16)*B16 -> 1266865.1 | AD16: 19 | AE16: =$C$4*AD16 -> 778050 | AF16: =$D$4*12.5% -> 197510.62 | AG16: =$D$4*2.436% -> 38490.871 | AH16: =$D$4*16% -> 252813.6 | AI16: =SUM(AE16:AH16)*B16 -> 1266865.1 | AJ16: 9 | AK16: =$C$4*AJ16 -> 368550 | AL16: =($D$4*12.5%)/30*12 -> 79004.25 | AM16: =($D$4*2.436%)/30*12 -> 15396.348 | AN16: =($D$4*16%)/30*12 -> 101125.44 | AO16: =SUM(AK16:AN16)*B16 -> 564076.04 | AP16: 0 | AQ16: =$C$4*AP16 -> 0 | AR16: =($D$4*12.5%)/30*10 -> 65836.875 | AS16: =($D$4*2.436%)/30*10 -> 12830.29 | AT16: =($D$4*16%)/30*10 -> 84271.2 | AU16: =SUM(AQ16:AT16)*B16 -> 162938.37
A17: C. E. R. SANTO DOMINGO | B17: 1 | C17: 3 | D17: 0 | E17: =C17+D17 -> 3 | F17: 10 | G17: =$C$4*F17 -> 409500 | H17: =($D$4*12.5%)/30*13 -> 85587.938 | I17: =($D$4*2.436%)/30*13 -> 16679.377 | J17: =($D$4*16%)/30*13 -> 109552.56 | K17: =SUM(G17:J17)*B17 -> 621319.87 | L17: 20 | M17: =$C$4*L17 -> 819000 | N17: =$D$4*12.5% -> 197510.62 | O17: =$D$4*2.436% -> 38490.871 | P17: =$D$4*16% -> 252813.6 | Q17: =SUM(M17:P17)*B17 -> 1307815.1 | R17: 19 | S17: =$C$4*R17 -> 778050 | T17: =$D$4*12.5% -> 197510.62 | U17: =$D$4*2.436% -> 38490.871 | V17: =$D$4*16% -> 252813.6 | W17: =SUM(S17:V17)*B17 -> 1266865.1 | X17: 19 | Y17: =$C$4*X17 -> 778050 | Z17: =$D$4*12.5% -> 197510.62 | AA17: =$D$4*2.436% -> 38490.871 | AB17: =$D$4*16% -> 252813.6 | AC17: =SUM(Y17:AB17)*B17 -> 1266865.1 | AD17: 19 | AE17: =$C$4*AD17 -> 778050 | AF17: =$D$4*12.5% -> 197510.62 | AG17: =$D$4*2.436% -> 38490.871 | AH17: =$D$4*16% -> 252813.6 | AI17: =SUM(AE17:AH17)*B17 -> 1266865.1 | AJ17: 9 | AK17: =$C$4*AJ17 -> 368550 | AL17: =($D$4*12.5%)/30*12 -> 79004.25 | AM17: =($D$4*2.436%)/30*12 -> 15396.348 | AN17: =($D$4*16%)/30*12 -> 101125.44 | AO17: =SUM(AK17:AN17)*B17 -> 564076.04 | AP17: 0 | AQ17: =$C$4*AP17 -> 0 | AR17: =($D$4*12.5%)/30*10 -> 65836.875 | AS17: =($D$4*2.436%)/30*10 -> 12830.29 | AT17: =($D$4*16%)/30*10 -> 84271.2 | AU17: =SUM(AQ17:AT17)*B17 -> 162938.37
A18: C. E. R. LOS POTREROS | B18: 1 | C18: 6 | D18: 0 | E18: =C18+D18 -> 6 | F18: 10 | G18: =$C$4*F18 -> 409500 | H18: =($D$4*12.5%)/30*13 -> 85587.938 | I18: =($D$4*2.436%)/30*13 -> 16679.377 | J18: =($D$4*16%)/30*13 -> 109552.56 | K18: =SUM(G18:J18)*B18 -> 621319.87 | L18: 20 | M18: =$C$4*L18 -> 819000 | N18: =$D$4*12.5% -> 197510.62 | O18: =$D$4*2.436% -> 38490.871 | P18: =$D$4*16% -> 252813.6 | Q18: =SUM(M18:P18)*B18 -> 1307815.1 | R18: 19 | S18: =$C$4*R18 -> 778050 | T18: =$D$4*12.5% -> 197510.62 | U18: =$D$4*2.436% -> 38490.871 | V18: =$D$4*16% -> 252813.6 | W18: =SUM(S18:V18)*B18 -> 1266865.1 | X18: 19 | Y18: =$C$4*X18 -> 778050 | Z18: =$D$4*12.5% -> 197510.62 | AA18: =$D$4*2.436% -> 38490.871 | AB18: =$D$4*16% -> 252813.6 | AC18: =SUM(Y18:AB18)*B18 -> 1266865.1 | AD18: 19 | AE18: =$C$4*AD18 -> 778050 | AF18: =$D$4*12.5% -> 197510.62 | AG18: =$D$4*2.436% -> 38490.871 | AH18: =$D$4*16% -> 252813.6 | AI18: =SUM(AE18:AH18)*B18 -> 1266865.1 | AJ18: 9 | AK18: =$C$4*AJ18 -> 368550 | AL18: =($D$4*12.5%)/30*12 -> 79004.25 | AM18: =($D$4*2.436%)/30*12 -> 15396.348 | AN18: =($D$4*16%)/30*12 -> 101125.44 | AO18: =SUM(AK18:AN18)*B18 -> 564076.04 | AP18: 0 | AQ18: =$C$4*AP18 -> 0 | AR18: =($D$4*12.5%)/30*10 -> 65836.875 | AS18: =($D$4*2.436%)/30*10 -> 12830.29 | AT18: =($D$4*16%)/30*10 -> 84271.2 | AU18: =SUM(AQ18:AT18)*B18 -> 162938.37
A19: C. E. R. MAGALLO | B19: 1 | C19: 6 | D19: 0 | E19: =C19+D19 -> 6 | F19: 10 | G19: =$C$4*F19 -> 409500 | H19: =($D$4*12.5%)/30*13 -> 85587.938 | I19: =($D$4*2.436%)/30*13 -> 16679.377 | J19: =($D$4*16%)/30*13 -> 109552.56 | K19: =SUM(G19:J19)*B19 -> 621319.87 | L19: 20 | M19: =$C$4*L19 -> 819000 | N19: =$D$4*12.5% -> 197510.62 | O19: =$D$4*2.436% -> 38490.871 | P19: =$D$4*16% -> 252813.6 | Q19: =SUM(M19:P19)*B19 -> 1307815.1 | R19: 19 | S19: =$C$4*R19 -> 778050 | T19: =$D$4*12.5% -> 197510.62 | U19: =$D$4*2.436% -> 38490.871 | V19: =$D$4*16% -> 252813.6 | W19: =SUM(S19:V19)*B19 -> 1266865.1 | X19: 19 | Y19: =$C$4*X19 -> 778050 | Z19: =$D$4*12.5% -> 197510.62 | AA19: =$D$4*2.436% -> 38490.871 | AB19: =$D$4*16% -> 252813.6 | AC19: =SUM(Y19:AB19)*B19 -> 1266865.1 | AD19: 19 | AE19: =$C$4*AD19 -> 778050 | AF19: =$D$4*12.5% -> 197510.62 | AG19: =$D$4*2.436% -> 38490.871 | AH19: =$D$4*16% -> 252813.6 | AI19: =SUM(AE19:AH19)*B19 -> 1266865.1 | AJ19: 9 | AK19: =$C$4*AJ19 -> 368550 | AL19: =($D$4*12.5%)/30*12 -> 79004.25 | AM19: =($D$4*2.436%)/30*12 -> 15396.348 | AN19: =($D$4*16%)/30*12 -> 101125.44 | AO19: =SUM(AK19:AN19)*B19 -> 564076.04 | AP19: 0 | AQ19: =$C$4*AP19 -> 0 | AR19: =($D$4*12.5%)/30*10 -> 65836.875 | AS19: =($D$4*2.436%)/30*10 -> 12830.29 | AT19: =($D$4*16%)/30*10 -> 84271.2 | AU19: =SUM(AQ19:AT19)*B19 -> 162938.37
A20: C. E. R. EL TIGRE EL CAUNZAL | B20: 1 | C20: 5 | D20: 0 | E20: =C20+D20 -> 5 | F20: 10 | G20: =$C$4*F20 -> 409500 | H20: =($D$4*12.5%)/30*13 -> 85587.938 | I20: =($D$4*2.436%)/30*13 -> 16679.377 | J20: =($D$4*16%)/30*13 -> 109552.56 | K20: =SUM(G20:J20)*B20 -> 621319.87 | L20: 20 | M20: =$C$4*L20 -> 819000 | N20: =$D$4*12.5% -> 197510.62 | O20: =$D$4*2.436% -> 38490.871 | P20: =$D$4*16% -> 252813.6 | Q20: =SUM(M20:P20)*B20 -> 1307815.1 | R20: 19 | S20: =$C$4*R20 -> 778050 | T20: =$D$4*12.5% -> 197510.62 | U20: =$D$4*2.436% -> 38490.871 | V20: =$D$4*16% -> 252813.6 | W20: =SUM(S20:V20)*B20 -> 1266865.1 | X20: 19 | Y20: =$C$4*X20 -> 778050 | Z20: =$D$4*12.5% -> 197510.62 | AA20: =$D$4*2.436% -> 38490.871 | AB20: =$D$4*16% -> 252813.6 | AC20: =SUM(Y20:AB20)*B20 -> 1266865.1 | AD20: 19 | AE20: =$C$4*AD20 -> 778050 | AF20: =$D$4*12.5% -> 197510.62 | AG20: =$D$4*2.436% -> 38490.871 | AH20: =$D$4*16% -> 252813.6 | AI20: =SUM(AE20:AH20)*B20 -> 1266865.1 | AJ20: 9 | AK20: =$C$4*AJ20 -> 368550 | AL20: =($D$4*12.5%)/30*12 -> 79004.25 | AM20: =($D$4*2.436%)/30*12 -> 15396.348 | AN20: =($D$4*16%)/30*12 -> 101125.44 | AO20: =SUM(AK20:AN20)*B20 -> 564076.04 | AP20: 0 | AQ20: =$C$4*AP20 -> 0 | AR20: =($D$4*12.5%)/30*10 -> 65836.875 | AS20: =($D$4*2.436%)/30*10 -> 12830.29 | AT20: =($D$4*16%)/30*10 -> 84271.2 | AU20: =SUM(AQ20:AT20)*B20 -> 162938.37
A21: C. E. R. EL TIGRE LA HABANA | B21: 1 | C21: 2 | D21: 0 | E21: =C21+D21 -> 2 | F21: 10 | G21: =$C$4*F21 -> 409500 | H21: =($D$4*12.5%)/30*13 -> 85587.938 | I21: =($D$4*2.436%)/30*13 -> 16679.377 | J21: =($D$4*16%)/30*13 -> 109552.56 | K21: =SUM(G21:J21)*B21 -> 621319.87 | L21: 20 | M21: =$C$4*L21 -> 819000 | N21: =$D$4*12.5% -> 197510.62 | O21: =$D$4*2.436% -> 38490.871 | P21: =$D$4*16% -> 252813.6 | Q21: =SUM(M21:P21)*B21 -> 1307815.1 | R21: 19 | S21: =$C$4*R21 -> 778050 | T21: =$D$4*12.5% -> 197510.62 | U21: =$D$4*2.436% -> 38490.871 | V21: =$D$4*16% -> 252813.6 | W21: =SUM(S21:V21)*B21 -> 1266865.1 | X21: 19 | Y21: =$C$4*X21 -> 778050 | Z21: =$D$4*12.5% -> 197510.62 | AA21: =$D$4*2.436% -> 38490.871 | AB21: =$D$4*16% -> 252813.6 | AC21: =SUM(Y21:AB21)*B21 -> 1266865.1 | AD21: 19 | AE21: =$C$4*AD21 -> 778050 | AF21: =$D$4*12.5% -> 197510.62 | AG21: =$D$4*2.436% -> 38490.871 | AH21: =$D$4*16% -> 252813.6 | AI21: =SUM(AE21:AH21)*B21 -> 1266865.1 | AJ21: 9 | AK21: =$C$4*AJ21 -> 368550 | AL21: =($D$4*12.5%)/30*12 -> 79004.25 | AM21: =($D$4*2.436%)/30*12 -> 15396.348 | AN21: =($D$4*16%)/30*12 -> 101125.44 | AO21: =SUM(AK21:AN21)*B21 -> 564076.04 | AP21: 0 | AQ21: =$C$4*AP21 -> 0 | AR21: =($D$4*12.5%)/30*10 -> 65836.875 | AS21: =($D$4*2.436%)/30*10 -> 12830.29 | AT21: =($D$4*16%)/30*10 -> 84271.2 | AU21: =SUM(AQ21:AT21)*B21 -> 162938.37
A22: C. E. R. LA HONDA | B22: 1 | C22: 7 | D22: 0 | E22: =C22+D22 -> 7 | F22: 10 | G22: =$C$4*F22 -> 409500 | H22: =($D$4*12.5%)/30*13 -> 85587.938 | I22: =($D$4*2.436%)/30*13 -> 16679.377 | J22: =($D$4*16%)/30*13 -> 109552.56 | K22: =SUM(G22:J22)*B22 -> 621319.87 | L22: 20 | M22: =$C$4*L22 -> 819000 | N22: =$D$4*12.5% -> 197510.62 | O22: =$D$4*2.436% -> 38490.871 | P22: =$D$4*16% -> 252813.6 | Q22: =SUM(M22:P22)*B22 -> 1307815.1 | R22: 19 | S22: =$C$4*R22 -> 778050 | T22: =$D$4*12.5% -> 197510.62 | U22: =$D$4*2.436% -> 38490.871 | V22: =$D$4*16% -> 252813.6 | W22: =SUM(S22:V22)*B22 -> 1266865.1 | X22: 19 | Y22: =$C$4*X22 -> 778050 | Z22: =$D$4*12.5% -> 197510.62 | AA22: =$D$4*2.436% -> 38490.871 | AB22: =$D$4*16% -> 252813.6 | AC22: =SUM(Y22:AB22)*B22 -> 1266865.1 | AD22: 19 | AE22: =$C$4*AD22 -> 778050 | AF22: =$D$4*12.5% -> 197510.62 | AG22: =$D$4*2.436% -> 38490.871 | AH22: =$D$4*16% -> 252813.6 | AI22: =SUM(AE22:AH22)*B22 -> 1266865.1 | AJ22: 9 | AK22: =$C$4*AJ22 -> 368550 | AL22: =($D$4*12.5%)/30*12 -> 79004.25 | AM22: =($D$4*2.436%)/30*12 -> 15396.348 | AN22: =($D$4*16%)/30*12 -> 101125.44 | AO22: =SUM(AK22:AN22)*B22 -> 564076.04 | AP22: 0 | AQ22: =$C$4*AP22 -> 0 | AR22: =($D$4*12.5%)/30*10 -> 65836.875 | AS22: =($D$4*2.436%)/30*10 -> 12830.29 | AT22: =($D$4*16%)/30*10 -> 84271.2 | AU22: =SUM(AQ22:AT22)*B22 -> 162938.37
... A27: C. E. R. LLANADAS ABAJO | B27: 1 | C27: 9 | D27: 0 | E27: =C27+D27 -> 9 | F27: 10 | G27: =$C$4*F27 -> 409500 | H27: =($D$4*12.5%)/30*13 -> 85587.938 | I27: =($D$4*2.436%)/30*13 -> 16679.377 | J27: =($D$4*16%)/30*13 -> 109552.56 | K27: =SUM(G27:J27)*B27 -> 621319.87 | L27: 20 | M27: =$C$4*L27 -> 819000 | N27: =$D$4*12.5% -> 197510.62 | O27: =$D$4*2.436% -> 38490.871 | P27: =$D$4*16% -> 252813.6 | Q27: =SUM(M27:P27)*B27 -> 1307815.1 | R27: 19 | S27: =$C$4*R27 -> 778050 | T27: =$D$4*12.5% -> 197510.62 | U27: =$D$4*2.436% -> 38490.871 | V27: =$D$4*16% -> 252813.6 | W27: =SUM(S27:V27)*B27 -> 1266865.1 | X27: 19 | Y27: =$C$4*X27 -> 778050 | Z27: =$D$4*12.5% -> 197510.62 | AA27: =$D$4*2.436% -> 38490.871 | AB27: =$D$4*16% -> 252813.6 | AC27: =SUM(Y27:AB27)*B27 -> 1266865.1 | AD27: 19 | AE27: =$C$4*AD27 -> 778050 | AF27: =$D$4*12.5% -> 197510.62 | AG27: =$D$4*2.436% -> 38490.871 | AH27: =$D$4*16% -> 252813.6 | AI27: =SUM(AE27:AH27)*B27 -> 1266865.1 | AJ27: 9 | AK27: =$C$4*AJ27 -> 368550 | AL27: =($D$4*12.5%)/30*12 -> 79004.25 | AM27: =($D$4*2.436%)/30*12 -> 15396.348 | AN27: =($D$4*16%)/30*12 -> 101125.44 | AO27: =SUM(AK27:AN27)*B27 -> 564076.04 | AP27: 0 | AQ27: =$C$4*AP27 -> 0 | AR27: =($D$4*12.5%)/30*10 -> 65836.875 | AS27: =($D$4*2.436%)/30*10 -> 12830.29 | AT27: =($D$4*16%)/30*10 -> 84271.2 | AU27: =SUM(AQ27:AT27)*B27 -> 162938.37
A28: C. E. R. ROBLAL ARRIBA | B28: 1 | C28: 10 | D28: 7 | E28: =C28+D28 -> 17 | F28: 10 | G28: =$C$5*F28 -> 598500 | H28: =($D$4*12.5%)/30*13 -> 85587.938 | I28: =($D$4*2.436%)/30*13 -> 16679.377 | J28: =($D$4*16%)/30*13 -> 109552.56 | K28: =SUM(G28:J28)*B28 -> 810319.87 | L28: 20 | M28: =$C$5*L28 -> 1197000 | N28: =$D$4*12.5% -> 197510.62 | O28: =$D$4*2.436% -> 38490.871 | P28: =$D$4*16% -> 252813.6 | Q28: =SUM(M28:P28)*B28 -> 1685815.1 | R28: 19 | S28: =$C$5*R28 -> 1137150 | T28: =$D$4*12.5% -> 197510.62 | U28: =$D$4*2.436% -> 38490.871 | V28: =$D$4*16% -> 252813.6 | W28: =SUM(S28:V28)*B28 -> 1625965.1 | X28: 19 | Y28: =$C$5*X28 -> 1137150 | Z28: =$D$4*12.5% -> 197510.62 | AA28: =$D$4*2.436% -> 38490.871 | AB28: =$D$4*16% -> 252813.6 | AC28: =SUM(Y28:AB28)*B28 -> 1625965.1 | AD28: 19 | AE28: =$C$5*AD28 -> 1137150 | AF28: =$D$4*12.5% -> 197510.62 | AG28: =$D$4*2.436% -> 38490.871 | AH28: =$D$4*16% -> 252813.6 | AI28: =SUM(AE28:AH28)*B28 -> 1625965.1 | AJ28: 9 | AK28: =$C$5*AJ28 -> 538650 | AL28: =($D$4*12.5%)/30*12 -> 79004.25 | AM28: =($D$4*2.436%)/30*12 -> 15396.348 | AN28: =($D$4*16%)/30*12 -> 101125.44 | AO28: =SUM(AK28:AN28)*B28 -> 734176.04 | AP28: 0 | AQ28: =$C$5*AP28 -> 0 | AR28: =($D$4*12.5%)/30*10 -> 65836.875 | AS28: =($D$4*2.436%)/30*10 -> 12830.29 | AT28: =($D$4*16%)/30*10 -> 84271.2 | AU28: =SUM(AQ28:AT28)*B28 -> 162938.37
A29: C. E. R. EL SALADO | B29: 1 | C29: 10 | D29: 7 | E29: =C29+D29 -> 17 | F29: 10 | G29: =$C$5*F29 -> 598500 | H29: =($D$4*12.5%)/30*13 -> 85587.938 | I29: =($D$4*2.436%)/30*13 -> 16679.377 | J29: =($D$4*16%)/30*13 -> 109552.56 | K29: =SUM(G29:J29)*B29 -> 810319.87 | L29: 20 | M29: =$C$5*L29 -> 1197000 | N29: =$D$4*12.5% -> 197510.62 | O29: =$D$4*2.436% -> 38490.871 | P29: =$D$4*16% -> 252813.6 | Q29: =SUM(M29:P29)*B29 -> 1685815.1 | R29: 19 | S29: =$C$5*R29 -> 1137150 | T29: =$D$4*12.5% -> 197510.62 | U29: =$D$4*2.436% -> 38490.871 | V29: =$D$4*16% -> 252813.6 | W29: =SUM(S29:V29)*B29 -> 1625965.1 | X29: 19 | Y29: =$C$5*X29 -> 1137150 | Z29: =$D$4*12.5% -> 197510.62 | AA29: =$D$4*2.436% -> 38490.871 | AB29: =$D$4*16% -> 252813.6 | AC29: =SUM(Y29:AB29)*B29 -> 1625965.1 | AD29: 19 | AE29: =$C$5*AD29 -> 1137150 | AF29: =$D$4*12.5% -> 197510.62 | AG29: =$D$4*2.436% -> 38490.871 | AH29: =$D$4*16% -> 252813.6 | AI29: =SUM(AE29:AH29)*B29 -> 1625965.1 | AJ29: 9 | AK29: =$C$5*AJ29 -> 538650 | AL29: =($D$4*12.5%)/30*12 -> 79004.25 | AM29: =($D$4*2.436%)/30*12 -> 15396.348 | AN29: =($D$4*16%)/30*12 -> 101125.44 | AO29: =SUM(AK29:AN29)*B29 -> 734176.04 | AP29: 0 | AQ29: =$C$5*AP29 -> 0 | AR29: =($D$4*12.5%)/30*10 -> 65836.875 | AS29: =($D$4*2.436%)/30*10 -> 12830.29 | AT29: =($D$4*16%)/30*10 -> 84271.2 | AU29: =SUM(AQ29:AT29)*B29 -> 162938.37
A30: C. E. R. GUAYAQUIL | B30: 1 | C30: 7 | D30: 8 | E30: =C30+D30 -> 15 | F30: 10 | G30: =$C$5*F30 -> 598500 | H30: =($D$4*12.5%)/30*13 -> 85587.938 | I30: =($D$4*2.436%)/30*13 -> 16679.377 | J30: =($D$4*16%)/30*13 -> 109552.56 | K30: =SUM(G30:J30)*B30 -> 810319.87 | L30: 20 | M30: =$C$5*L30 -> 1197000 | N30: =$D$4*12.5% -> 197510.62 | O30: =$D$4*2.436% -> 38490.871 | P30: =$D$4*16% -> 252813.6 | Q30: =SUM(M30:P30)*B30 -> 1685815.1 | R30: 19 | S30: =$C$5*R30 -> 1137150 | T30: =$D$4*12.5% -> 197510.62 | U30: =$D$4*2.436% -> 38490.871 | V30: =$D$4*16% -> 252813.6 | W30: =SUM(S30:V30)*B30 -> 1625965.1 | X30: 19 | Y30: =$C$5*X30 -> 1137150 | Z30: =$D$4*12.5% -> 197510.62 | AA30: =$D$4*2.436% -> 38490.871 | AB30: =$D$4*16% -> 252813.6 | AC30: =SUM(Y30:AB30)*B30 -> 1625965.1 | AD30: 19 | AE30: =$C$5*AD30 -> 1137150 | AF30: =$D$4*12.5% -> 197510.62 | AG30: =$D$4*2.436% -> 38490.871 | AH30: =$D$4*16% -> 252813.6 | AI30: =SUM(AE30:AH30)*B30 -> 1625965.1 | AJ30: 9 | AK30: =$C$5*AJ30 -> 538650 | AL30: =($D$4*12.5%)/30*12 -> 79004.25 | AM30: =($D$4*2.436%)/30*12 -> 15396.348 | AN30: =($D$4*16%)/30*12 -> 101125.44 | AO30: =SUM(AK30:AN30)*B30 -> 734176.04 | AP30: 0 | AQ30: =$C$5*AP30 -> 0 | AR30: =($D$4*12.5%)/30*10 -> 65836.875 | AS30: =($D$4*2.436%)/30*10 -> 12830.29 | AT30: =($D$4*16%)/30*10 -> 84271.2 | AU30: =SUM(AQ30:AT30)*B30 -> 162938.37
A31: C. E. R. MURRINGO | B31: 1 | C31: 6 | D31: 6 | E31: =C31+D31 -> 12 | F31: 10 | G31: =$C$5*F31 -> 598500 | H31: =($D$4*12.5%)/30*13 -> 85587.938 | I31: =($D$4*2.436%)/30*13 -> 16679.377 | J31: =($D$4*16%)/30*13 -> 109552.56 | K31: =SUM(G31:J31)*B31 -> 810319.87 | L31: 20 | M31: =$C$5*L31 -> 1197000 | N31: =$D$4*12.5% -> 197510.62 | O31: =$D$4*2.436% -> 38490.871 | P31: =$D$4*16% -> 252813.6 | Q31: =SUM(M31:P31)*B31 -> 1685815.1 | R31: 19 | S31: =$C$5*R31 -> 1137150 | T31: =$D$4*12.5% -> 197510.62 | U31: =$D$4*2.436% -> 38490.871 | V31: =$D$4*16% -> 252813.6 | W31: =SUM(S31:V31)*B31 -> 1625965.1 | X31: 19 | Y31: =$C$5*X31 -> 1137150 | Z31: =$D$4*12.5% -> 197510.62 | AA31: =$D$4*2.436% -> 38490.871 | AB31: =$D$4*16% -> 252813.6 | AC31: =SUM(Y31:AB31)*B31 -> 1625965.1 | AD31: 19 | AE31: =$C$5*AD31 -> 1137150 | AF31: =$D$4*12.5% -> 197510.62 | AG31: =$D$4*2.436% -> 38490.871 | AH31: =$D$4*16% -> 252813.6 | AI31: =SUM(AE31:AH31)*B31 -> 1625965.1 | AJ31: 9 | AK31: =$C$5*AJ31 -> 538650 | AL31: =($D$4*12.5%)/30*12 -> 79004.25 | AM31: =($D$4*2.436%)/30*12 -> 15396.348 | AN31: =($D$4*16%)/30*12 -> 101125.44 | AO31: =SUM(AK31:AN31)*B31 -> 734176.04 | AP31: 0 | AQ31: =$C$5*AP31 -> 0 | AR31: =($D$4*12.5%)/30*10 -> 65836.875 | AS31: =($D$4*2.436%)/30*10 -> 12830.29 | AT31: =($D$4*16%)/30*10 -> 84271.2 | AU31: =SUM(AQ31:AT31)*B31 -> 162938.37
A32: C. E. R. MARIANO OSPINA PEREZ | B32: 1 | C32: 8 | D32: 15 | E32: =C32+D32 -> 23 | F32: 10 | G32: =$C$5*F32 -> 598500 | H32: =($D$4*12.5%)/30*13 -> 85587.938 | I32: =($D$4*2.436%)/30*13 -> 16679.377 | J32: =($D$4*16%)/30*13 -> 109552.56 | K32: =SUM(G32:J32)*B32 -> 810319.87 | L32: 20 | M32: =$C$5*L32 -> 1197000 | N32: =$D$4*12.5% -> 197510.62 | O32: =$D$4*2.436% -> 38490.871 | P32: =$D$4*16% -> 252813.6 | Q32: =SUM(M32:P32)*B32 -> 1685815.1 | R32: 19 | S32: =$C$5*R32 -> 1137150 | T32: =$D$4*12.5% -> 197510.62 | U32: =$D$4*2.436% -> 38490.871 | V32: =$D$4*16% -> 252813.6 | W32: =SUM(S32:V32)*B32 -> 1625965.1 | X32: 19 | Y32: =$C$5*X32 -> 1137150 | Z32: =$D$4*12.5% -> 197510.62 | AA32: =$D$4*2.436% -> 38490.871 | AB32: =$D$4*16% -> 252813.6 | AC32: =SUM(Y32:AB32)*B32 -> 1625965.1 | AD32: 19 | AE32: =$C$5*AD32 -> 1137150 | AF32: =$D$4*12.5% -> 197510.62 | AG32: =$D$4*2.436% -> 38490.871 | AH32: =$D$4*16% -> 252813.6 | AI32: =SUM(AE32:AH32)*B32 -> 1625965.1 | AJ32: 9 | AK32: =$C$5*AJ32 -> 538650 | AL32: =($D$4*12.5%)/30*12 -> 79004.25 | AM32: =($D$4*2.436%)/30*12 -> 15396.348 | AN32: =($D$4*16%)/30*12 -> 101125.44 | AO32: =SUM(AK32:AN32)*B32 -> 734176.04 | AP32: 0 | AQ32: =$C$5*AP32 -> 0 | AR32: =($D$4*12.5%)/30*10 -> 65836.875 | AS32: =($D$4*2.436%)/30*10 -> 12830.29 | AT32: =($D$4*16%)/30*10 -> 84271.2 | AU32: =SUM(AQ32:AT32)*B32 -> 162938.37
A33: C. E. R. GREGORIO GUTIERREZ GONZALEZ | B33: 1 | C33: 32 | D33: 0 | E33: =C33+D33 -> 32 | F33: 10 | G33: =$C$5*F33 -> 598500 | H33: =($D$4*12.5%)/30*13 -> 85587.938 | I33: =($D$4*2.436%)/30*13 -> 16679.377 | J33: =($D$4*16%)/30*13 -> 109552.56 | K33: =SUM(G33:J33)*B33 -> 810319.87 | L33: 20 | M33: =$C$5*L33 -> 1197000 | N33: =$D$4*12.5% -> 197510.62 | O33: =$D$4*2.436% -> 38490.871 | P33: =$D$4*16% -> 252813.6 | Q33: =SUM(M33:P33)*B33 -> 1685815.1 | R33: 19 | S33: =$C$5*R33 -> 1137150 | T33: =$D$4*12.5% -> 197510.62 | U33: =$D$4*2.436% -> 38490.871 | V33: =$D$4*16% -> 252813.6 | W33: =SUM(S33:V33)*B33 -> 1625965.1 | X33: 19 | Y33: =$C$5*X33 -> 1137150 | Z33: =$D$4*12.5% -> 197510.62 | AA33: =$D$4*2.436% -> 38490.871 | AB33: =$D$4*16% -> 252813.6 | AC33: =SUM(Y33:AB33)*B33 -> 1625965.1 | AD33: 19 | AE33: =$C$5*AD33 -> 1137150 | AF33: =$D$4*12.5% -> 197510.62 | AG33: =$D$4*2.436% -> 38490.871 | AH33: =$D$4*16% -> 252813.6 | AI33: =SUM(AE33:AH33)*B33 -> 1625965.1 | AJ33: 9 | AK33: =$C$5*AJ33 -> 538650 | AL33: =($D$4*12.5%)/30*12 -> 79004.25 | AM33: =($D$4*2.436%)/30*12 -> 15396.348 | AN33: =($D$4*16%)/30*12 -> 101125.44 | AO33: =SUM(AK33:AN33)*B33 -> 734176.04 | AP33: 0 | AQ33: =$C$5*AP33 -> 0 | AR33: =($D$4*12.5%)/30*10 -> 65836.875 | AS33: =($D$4*2.436%)/30*10 -> 12830.29 | AT33: =($D$4*16%)/30*10 -> 84271.2 | AU33: =SUM(AQ33:AT33)*B33 -> 162938.37
A34: C. E. R. LA FRANCIA | B34: 1 | C34: 21 | D34: 0 | E34: =C34+D34 -> 21 | F34: 10 | G34: =$C$5*F34 -> 598500 | H34: =($D$4*12.5%)/30*13 -> 85587.938 | I34: =($D$4*2.436%)/30*13 -> 16679.377 | J34: =($D$4*16%)/30*13 -> 109552.56 | K34: =SUM(G34:J34)*B34 -> 810319.87 | L34: 20 | M34: =$C$5*L34 -> 1197000 | N34: =$D$4*12.5% -> 197510.62 | O34: =$D$4*2.436% -> 38490.871 | P34: =$D$4*16% -> 252813.6 | Q34: =SUM(M34:P34)*B34 -> 1685815.1 | R34: 19 | S34: =$C$5*R34 -> 1137150 | T34: =$D$4*12.5% -> 197510.62 | U34: =$D$4*2.436% -> 38490.871 | V34: =$D$4*16% -> 252813.6 | W34: =SUM(S34:V34)*B34 -> 1625965.1 | X34: 19 | Y34: =$C$5*X34 -> 1137150 | Z34: =$D$4*12.5% -> 197510.62 | AA34: =$D$4*2.436% -> 38490.871 | AB34: =$D$4*16% -> 252813.6 | AC34: =SUM(Y34:AB34)*B34 -> 1625965.1 | AD34: 19 | AE34: =$C$5*AD34 -> 1137150 | AF34: =$D$4*12.5% -> 197510.62 | AG34: =$D$4*2.436% -> 38490.871 | AH34: =$D$4*16% -> 252813.6 | AI34: =SUM(AE34:AH34)*B34 -> 1625965.1 | AJ34: 9 | AK34: =$C$5*AJ34 -> 538650 | AL34: =($D$4*12.5%)/30*12 -> 79004.25 | AM34: =($D$4*2.436%)/30*12 -> 15396.348 | AN34: =($D$4*16%)/30*12 -> 101125.44 | AO34: =SUM(AK34:AN34)*B34 -> 734176.04 | AP34: 0 | AQ34: =$C$5*AP34 -> 0 | AR34: =($D$4*12.5%)/30*10 -> 65836.875 | AS34: =($D$4*2.436%)/30*10 -> 12830.29 | AT34: =($D$4*16%)/30*10 -> 84271.2 | AU34: =SUM(AQ34:AT34)*B34 -> 162938.37
A35: C. E. R. LA HONDITA | B35: 1 | C35: 15 | D35: 21 | E35: =C35+D35 -> 36 | F35: 10 | G35: =$C$5*F35 -> 598500 | H35: =($D$4*12.5%)/30*13 -> 85587.938 | I35: =($D$4*2.436%)/30*13 -> 16679.377 | J35: =($D$4*16%)/30*13 -> 109552.56 | K35: =SUM(G35:J35)*B35 -> 810319.87 | L35: 20 | M35: =$C$5*L35 -> 1197000 | N35: =$D$4*12.5% -> 197510.62 | O35: =$D$4*2.436% -> 38490.871 | P35: =$D$4*16% -> 252813.6 | Q35: =SUM(M35:P35)*B35 -> 1685815.1 | R35: 19 | S35: =$C$5*R35 -> 1137150 | T35: =$D$4*12.5% -> 197510.62 | U35: =$D$4*2.436% -> 38490.871 | V35: =$D$4*16% -> 252813.6 | W35: =SUM(S35:V35)*B35 -> 1625965.1 | X35: 19 | Y35: =$C$5*X35 -> 1137150 | Z35: =$D$4*12.5% -> 197510.62 | AA35: =$D$4*2.436% -> 38490.871 | AB35: =$D$4*16% -> 252813.6 | AC35: =SUM(Y35:AB35)*B35 -> 1625965.1 | AD35: 19 | AE35: =$C$5*AD35 -> 1137150 | AF35: =$D$4*12.5% -> 197510.62 | AG35: =$D$4*2.436% -> 38490.871 | AH35: =$D$4*16% -> 252813.6 | AI35: =SUM(AE35:AH35)*B35 -> 1625965.1 | AJ35: 9 | AK35: =$C$5*AJ35 -> 538650 | AL35: =($D$4*12.5%)/30*12 -> 79004.25 | AM35: =($D$4*2.436%)/30*12 -> 15396.348 | AN35: =($D$4*16%)/30*12 -> 101125.44 | AO35: =SUM(AK35:AN35)*B35 -> 734176.04 | AP35: 0 | AQ35: =$C$5*AP35 -> 0 | AR35: =($D$4*12.5%)/30*10 -> 65836.875 | AS35: =($D$4*2.436%)/30*10 -> 12830.29 | AT35: =($D$4*16%)/30*10 -> 84271.2 | AU35: =SUM(AQ35:AT35)*B35 -> 162938.37
A36: C. E. R. RIO VERDE | B36: 1 | C36: 15 | D36: 0 | E36: =C36+D36 -> 15 | F36: 10 | G36: =$C$5*F36 -> 598500 | H36: =($D$4*12.5%)/30*13 -> 85587.938 | I36: =($D$4*2.436%)/30*13 -> 16679.377 | J36: =($D$4*16%)/30*13 -> 109552.56 | K36: =SUM(G36:J36)*B36 -> 810319.87 | L36: 20 | M36: =$C$5*L36 -> 1197000 | N36: =$D$4*12.5% -> 197510.62 | O36: =$D$4*2.436% -> 38490.871 | P36: =$D$4*16% -> 252813.6 | Q36: =SUM(M36:P36)*B36 -> 1685815.1 | R36: 19 | S36: =$C$5*R36 -> 1137150 | T36: =$D$4*12.5% -> 197510.62 | U36: =$D$4*2.436% -> 38490.871 | V36: =$D$4*16% -> 252813.6 | W36: =SUM(S36:V36)*B36 -> 1625965.1 | X36: 19 | Y36: =$C$5*X36 -> 1137150 | Z36: =$D$4*12.5% -> 197510.62 | AA36: =$D$4*2.436% -> 38490.871 | AB36: =$D$4*16% -> 252813.6 | AC36: =SUM(Y36:AB36)*B36 -> 1625965.1 | AD36: 19 | AE36: =$C$5*AD36 -> 1137150 | AF36: =$D$4*12.5% -> 197510.62 | AG36: =$D$4*2.436% -> 38490.871 | AH36: =$D$4*16% -> 252813.6 | AI36: =SUM(AE36:AH36)*B36 -> 1625965.1 | AJ36: 9 | AK36: =$C$5*AJ36 -> 538650 | AL36: =($D$4*12.5%)/30*12 -> 79004.25 | AM36: =($D$4*2.436%)/30*12 -> 15396.348 | AN36: =($D$4*16%)/30*12 -> 101125.44 | AO36: =SUM(AK36:AN36)*B36 -> 734176.04 | AP36: 0 | AQ36: =$C$5*AP36 -> 0 | AR36: =($D$4*12.5%)/30*10 -> 65836.875 | AS36: =($D$4*2.436%)/30*10 -> 12830.29 | AT36: =($D$4*16%)/30*10 -> 84271.2 | AU36: =SUM(AQ36:AT36)*B36 -> 162938.37
A37: C. E. R. ROBLALITO A | B37: 1 | C37: 28 | D37: 0 | E37: =C37+D37 -> 28 | F37: 10 | G37: =$C$5*F37 -> 598500 | H37: =($D$4*12.5%)/30*13 -> 85587.938 | I37: =($D$4*2.436%)/30*13 -> 16679.377 | J37: =($D$4*16%)/30*13 -> 109552.56 | K37: =SUM(G37:J37)*B37 -> 810319.87 | L37: 20 | M37: =$C$5*L37 -> 1197000 | N37: =$D$4*12.5% -> 197510.62 | O37: =$D$4*2.436% -> 38490.871 | P37: =$D$4*16% -> 252813.6 | Q37: =SUM(M37:P37)*B37 -> 1685815.1 | R37: 19 | S37: =$C$5*R37 -> 1137150 | T37: =$D$4*12.5% -> 197510.62 | U37: =$D$4*2.436% -> 38490.871 | V37: =$D$4*16% -> 252813.6 | W37: =SUM(S37:V37)*B37 -> 1625965.1 | X37: 19 | Y37: =$C$5*X37 -> 1137150 | Z37: =$D$4*12.5% -> 197510.62 | AA37: =$D$4*2.436% -> 38490.871 | AB37: =$D$4*16% -> 252813.6 | AC37: =SUM(Y37:AB37)*B37 -> 1625965.1 | AD37: 19 | AE37: =$C$5*AD37 -> 1137150 | AF37: =$D$4*12.5% -> 197510.62 | AG37: =$D$4*2.436% -> 38490.871 | AH37: =$D$4*16% -> 252813.6 | AI37: =SUM(AE37:AH37)*B37 -> 1625965.1 | AJ37: 9 | AK37: =$C$5*AJ37 -> 538650 | AL37: =($D$4*12.5%)/30*12 -> 79004.25 | AM37: =($D$4*2.436%)/30*12 -> 15396.348 | AN37: =($D$4*16%)/30*12 -> 101125.44 | AO37: =SUM(AK37:AN37)*B37 -> 734176.04 | AP37: 0 | AQ37: =$C$5*AP37 -> 0 | AR37: =($D$4*12.5%)/30*10 -> 65836.875 | AS37: =($D$4*2.436%)/30*10 -> 12830.29 | AT37: =($D$4*16%)/30*10 -> 84271.2 | AU37: =SUM(AQ37:AT37)*B37 -> 162938.37
A38: C. E. R. ROBLALITO B | B38: 1 | C38: 13 | D38: 0 | E38: =C38+D38 -> 13 | F38: 10 | G38: =$C$5*F38 -> 598500 | H38: =($D$4*12.5%)/30*13 -> 85587.938 | I38: =($D$4*2.436%)/30*13 -> 16679.377 | J38: =($D$4*16%)/30*13 -> 109552.56 | K38: =SUM(G38:J38)*B38 -> 810319.87 | L38: 20 | M38: =$C$5*L38 -> 1197000 | N38: =$D$4*12.5% -> 197510.62 | O38: =$D$4*2.436% -> 38490.871 | P38: =$D$4*16% -> 252813.6 | Q38: =SUM(M38:P38)*B38 -> 1685815.1 | R38: 19 | S38: =$C$5*R38 -> 1137150 | T38: =$D$4*12.5% -> 197510.62 | U38: =$D$4*2.436% -> 38490.871 | V38: =$D$4*16% -> 252813.6 | W38: =SUM(S38:V38)*B38 -> 1625965.1 | X38: 19 | Y38: =$C$5*X38 -> 1137150 | Z38: =$D$4*12.5% -> 197510.62 | AA38: =$D$4*2.436% -> 38490.871 | AB38: =$D$4*16% -> 252813.6 | AC38: =SUM(Y38:AB38)*B38 -> 1625965.1 | AD38: 19 | AE38: =$C$5*AD38 -> 1137150 | AF38: =$D$4*12.5% -> 197510.62 | AG38: =$D$4*2.436% -> 38490.871 | AH38: =$D$4*16% -> 252813.6 | AI38: =SUM(AE38:AH38)*B38 -> 1625965.1 | AJ38: 9 | AK38: =$C$5*AJ38 -> 538650 | AL38: =($D$4*12.5%)/30*12 -> 79004.25 | AM38: =($D$4*2.436%)/30*12 -> 15396.348 | AN38: =($D$4*16%)/30*12 -> 101125.44 | AO38: =SUM(AK38:AN38)*B38 -> 734176.04 | AP38: 0 | AQ38: =$C$5*AP38 -> 0 | AR38: =($D$4*12.5%)/30*10 -> 65836.875 | AS38: =($D$4*2.436%)/30*10 -> 12830.29 | AT38: =($D$4*16%)/30*10 -> 84271.2 | AU38: =SUM(AQ38:AT38)*B38 -> 162938.37
A39: C. E. R. SIRGUA ARRIBA | B39: 1 | C39: 40 | D39: 0 | E39: =C39+D39 -> 40 | F39: 10 | G39: =$C$5*F39 -> 598500 | H39: =($D$4*12.5%)/30*13 -> 85587.938 | I39: =($D$4*2.436%)/30*13 -> 16679.377 | J39: =($D$4*16%)/30*13 -> 109552.56 | K39: =SUM(G39:J39)*B39 -> 810319.87 | L39: 20 | M39: =$C$5*L39 -> 1197000 | N39: =$D$4*12.5% -> 197510.62 | O39: =$D$4*2.436% -> 38490.871 | P39: =$D$4*16% -> 252813.6 | Q39: =SUM(M39:P39)*B39 -> 1685815.1 | R39: 19 | S39: =$C$5*R39 -> 1137150 | T39: =$D$4*12.5% -> 197510.62 | U39: =$D$4*2.436% -> 38490.871 | V39: =$D$4*16% -> 252813.6 | W39: =SUM(S39:V39)*B39 -> 1625965.1 | X39: 19 | Y39: =$C$5*X39 -> 1137150 | Z39: =$D$4*12.5% -> 197510.62 | AA39: =$D$4*2.436% -> 38490.871 | AB39: =$D$4*16% -> 252813.6 | AC39: =SUM(Y39:AB39)*B39 -> 1625965.1 | AD39: 19 | AE39: =$C$5*AD39 -> 1137150 | AF39: =$D$4*12.5% -> 197510.62 | AG39: =$D$4*2.436% -> 38490.871 | AH39: =$D$4*16% -> 252813.6 | AI39: =SUM(AE39:AH39)*B39 -> 1625965.1 | AJ39: 9 | AK39: =$C$5*AJ39 -> 538650 | AL39: =($D$4*12.5%)/30*12 -> 79004.25 | AM39: =($D$4*2.436%)/30*12 -> 15396.348 | AN39: =($D$4*16%)/30*12 -> 101125.44 | AO39: =SUM(AK39:AN39)*B39 -> 734176.04 | AP39: 0 | AQ39: =$C$5*AP39 -> 0 | AR39: =($D$4*12.5%)/30*10 -> 65836.875 | AS39: =($D$4*2.436%)/30*10 -> 12830.29 | AT39: =($D$4*16%)/30*10 -> 84271.2 | AU39: =SUM(AQ39:AT39)*B39 -> 162938.37
... A69: C. E. R. RIO ARRIBA | B69: 1 | C69: 22 | D69: 0 | E69: =C69+D69 -> 22 | F69: 10 | G69: =$C$5*F69 -> 598500 | H69: =($D$4*12.5%)/30*13 -> 85587.938 | I69: =($D$4*2.436%)/30*13 -> 16679.377 | J69: =($D$4*16%)/30*13 -> 109552.56 | K69: =SUM(G69:J69)*B69 -> 810319.87 | L69: 20 | M69: =$C$5*L69 -> 1197000 | N69: =$D$4*12.5% -> 197510.62 | O69: =$D$4*2.436% -> 38490.871 | P69: =$D$4*16% -> 252813.6 | Q69: =SUM(M69:P69)*B69 -> 1685815.1 | R69: 19 | S69: =$C$5*R69 -> 1137150 | T69: =$D$4*12.5% -> 197510.62 | U69: =$D$4*2.436% -> 38490.871 | V69: =$D$4*16% -> 252813.6 | W69: =SUM(S69:V69)*B69 -> 1625965.1 | X69: 19 | Y69: =$C$5*X69 -> 1137150 | Z69: =$D$4*12.5% -> 197510.62 | AA69: =$D$4*2.436% -> 38490.871 | AB69: =$D$4*16% -> 252813.6 | AC69: =SUM(Y69:AB69)*B69 -> 1625965.1 | AD69: 19 | AE69: =$C$5*AD69 -> 1137150 | AF69: =$D$4*12.5% -> 197510.62 | AG69: =$D$4*2.436% -> 38490.871 | AH69: =$D$4*16% -> 252813.6 | AI69: =SUM(AE69:AH69)*B69 -> 1625965.1 | AJ69: 9 | AK69: =$C$5*AJ69 -> 538650 | AL69: =($D$4*12.5%)/30*12 -> 79004.25 | AM69: =($D$4*2.436%)/30*12 -> 15396.348 | AN69: =($D$4*16%)/30*12 -> 101125.44 | AO69: =SUM(AK69:AN69)*B69 -> 734176.04 | AP69: 0 | AQ69: =$C$5*AP69 -> 0 | AR69: =($D$4*12.5%)/30*10 -> 65836.875 | AS69: =($D$4*2.436%)/30*10 -> 12830.29 | AT69: =($D$4*16%)/30*10 -> 84271.2 | AU69: =SUM(AQ69:AT69)*B69 -> 162938.37
A70: C. E. R. CAUNZAL | B70: 1 | C70: 23 | D70: 23 | E70: =C70+D70 -> 46 | F70: 10 | G70: =$C$6*F70 -> 819000 | H70: =($D$4*12.5%)/30*13 -> 85587.938 | I70: =($D$4*2.436%)/30*13 -> 16679.377 | J70: =($D$4*16%)/30*13 -> 109552.56 | K70: =SUM(G70:J70)*B70 -> 1030819.9 | L70: 20 | M70: =$C$6*L70 -> 1638000 | N70: =$D$4*12.5% -> 197510.62 | O70: =$D$4*2.436% -> 38490.871 | P70: =$D$4*16% -> 252813.6 | Q70: =SUM(M70:P70)*B70 -> 2126815.1 | R70: 19 | S70: =$C$6*R70 -> 1556100 | T70: =$D$4*12.5% -> 197510.62 | U70: =$D$4*2.436% -> 38490.871 | V70: =$D$4*16% -> 252813.6 | W70: =SUM(S70:V70)*B70 -> 2044915.1 | X70: 19 | Y70: =$C$6*X70 -> 1556100 | Z70: =$D$4*12.5% -> 197510.62 | AA70: =$D$4*2.436% -> 38490.871 | AB70: =$D$4*16% -> 252813.6 | AC70: =SUM(Y70:AB70)*B70 -> 2044915.1 | AD70: 19 | AE70: =$C$6*AD70 -> 1556100 | AF70: =$D$4*12.5% -> 197510.62 | AG70: =$D$4*2.436% -> 38490.871 | AH70: =$D$4*16% -> 252813.6 | AI70: =SUM(AE70:AH70)*B70 -> 2044915.1 | AJ70: 9 | AK70: =$C$6*AJ70 -> 737100 | AL70: =($D$4*12.5%)/30*12 -> 79004.25 | AM70: =($D$4*2.436%)/30*12 -> 15396.348 | AN70: =($D$4*16%)/30*12 -> 101125.44 | AO70: =SUM(AK70:AN70)*B70 -> 932626.04 | AP70: 0 | AQ70: =$C$6*AP70 -> 0 | AR70: =($D$4*12.5%)/30*10 -> 65836.875 | AS70: =($D$4*2.436%)/30*10 -> 12830.29 | AT70: =($D$4*16%)/30*10 -> 84271.2 | AU70: =SUM(AQ70:AT70)*B70 -> 162938.37
A71: C. E. R. LA LINDA | B71: 1 | C71: 103 | D71: 0 | E71: =C71+D71 -> 103 | F71: 10 | G71: =$C$6*F71 -> 819000 | H71: =($D$4*12.5%)/30*13 -> 85587.938 | I71: =($D$4*2.436%)/30*13 -> 16679.377 | J71: =($D$4*16%)/30*13 -> 109552.56 | K71: =SUM(G71:J71)*B71 -> 1030819.9 | L71: 20 | M71: =$C$6*L71 -> 1638000 | N71: =$D$4*12.5% -> 197510.62 | O71: =$D$4*2.436% -> 38490.871 | P71: =$D$4*16% -> 252813.6 | Q71: =SUM(M71:P71)*B71 -> 2126815.1 | R71: 19 | S71: =$C$6*R71 -> 1556100 | T71: =$D$4*12.5% -> 197510.62 | U71: =$D$4*2.436% -> 38490.871 | V71: =$D$4*16% -> 252813.6 | W71: =SUM(S71:V71)*B71 -> 2044915.1 | X71: 19 | Y71: =$C$6*X71 -> 1556100 | Z71: =$D$4*12.5% -> 197510.62 | AA71: =$D$4*2.436% -> 38490.871 | AB71: =$D$4*16% -> 252813.6 | AC71: =SUM(Y71:AB71)*B71 -> 2044915.1 | AD71: 19 | AE71: =$C$6*AD71 -> 1556100 | AF71: =$D$4*12.5% -> 197510.62 | AG71: =$D$4*2.436% -> 38490.871 | AH71: =$D$4*16% -> 252813.6 | AI71: =SUM(AE71:AH71)*B71 -> 2044915.1 | AJ71: 9 | AK71: =$C$6*AJ71 -> 737100 | AL71: =($D$4*12.5%)/30*12 -> 79004.25 | AM71: =($D$4*2.436%)/30*12 -> 15396.348 | AN71: =($D$4*16%)/30*12 -> 101125.44 | AO71: =SUM(AK71:AN71)*B71 -> 932626.04 | AP71: 0 | AQ71: =$C$6*AP71 -> 0 | AR71: =($D$4*12.5%)/30*10 -> 65836.875 | AS71: =($D$4*2.436%)/30*10 -> 12830.29 | AT71: =($D$4*16%)/30*10 -> 84271.2 | AU71: =SUM(AQ71:AT71)*B71 -> 162938.37
A72: I. E. BRAULIO MEJIA | B72: 4 | C72: 494 | D72: 0 | E72: =C72+D72 -> 494 | F72: 10 | G72: =$C$6*F72 -> 819000 | H72: =($D$4*12.5%)/30*13 -> 85587.938 | I72: =($D$4*2.436%)/30*13 -> 16679.377 | J72: =($D$4*16%)/30*13 -> 109552.56 | K72: =SUM(G72:J72)*B72 -> 4123279.5 | L72: 20 | M72: =$C$6*L72 -> 1638000 | N72: =$D$4*12.5% -> 197510.62 | O72: =$D$4*2.436% -> 38490.871 | P72: =$D$4*16% -> 252813.6 | Q72: =SUM(M72:P72)*B72 -> 8507260.4 | R72: 19 | S72: =$C$6*R72 -> 1556100 | T72: =$D$4*12.5% -> 197510.62 | U72: =$D$4*2.436% -> 38490.871 | V72: =$D$4*16% -> 252813.6 | W72: =SUM(S72:V72)*B72 -> 8179660.4 | X72: 19 | Y72: =$C$6*X72 -> 1556100 | Z72: =$D$4*12.5% -> 197510.62 | AA72: =$D$4*2.436% -> 38490.871 | AB72: =$D$4*16% -> 252813.6 | AC72: =SUM(Y72:AB72)*B72 -> 8179660.4 | AD72: 19 | AE72: =$C$6*AD72 -> 1556100 | AF72: =$D$4*12.5% -> 197510.62 | AG72: =$D$4*2.436% -> 38490.871 | AH72: =$D$4*16% -> 252813.6 | AI72: =SUM(AE72:AH72)*B72 -> 8179660.4 | AJ72: 9 | AK72: =$C$6*AJ72 -> 737100 | AL72: =($D$4*12.5%)/30*12 -> 79004.25 | AM72: =($D$4*2.436%)/30*12 -> 15396.348 | AN72: =($D$4*16%)/30*12 -> 101125.44 | AO72: =SUM(AK72:AN72)*B72 -> 3730504.2 | AP72: 0 | AQ72: =$C$6*AP72 -> 0 | AR72: =($D$4*12.5%)/30*10 -> 65836.875 | AS72: =($D$4*2.436%)/30*10 -> 12830.29 | AT72: =($D$4*16%)/30*10 -> 84271.2 | AU72: =SUM(AQ72:AT72)*B72 -> 651753.46
A73: I. E. R. JERUSALEN | B73: 4 | C73: 324 | D73: 0 | E73: =C73+D73 -> 324 | F73: 10 | G73: =$C$6*F73 -> 819000 | H73: =($D$4*12.5%)/30*13 -> 85587.938 | I73: =($D$4*2.436%)/30*13 -> 16679.377 | J73: =($D$4*16%)/30*13 -> 109552.56 | K73: =SUM(G73:J73)*B73 -> 4123279.5 | L73: 20 | M73: =$C$6*L73 -> 1638000 | N73: =$D$4*12.5% -> 197510.62 | O73: =$D$4*2.436% -> 38490.871 | P73: =$D$4*16% -> 252813.6 | Q73: =SUM(M73:P73)*B73 -> 8507260.4 | R73: 19 | S73: =$C$6*R73 -> 1556100 | T73: =$D$4*12.5% -> 197510.62 | U73: =$D$4*2.436% -> 38490.871 | V73: =$D$4*16% -> 252813.6 | W73: =SUM(S73:V73)*B73 -> 8179660.4 | X73: 19 | Y73: =$C$6*X73 -> 1556100 | Z73: =$D$4*12.5% -> 197510.62 | AA73: =$D$4*2.436% -> 38490.871 | AB73: =$D$4*16% -> 252813.6 | AC73: =SUM(Y73:AB73)*B73 -> 8179660.4 | AD73: 19 | AE73: =$C$6*AD73 -> 1556100 | AF73: =$D$4*12.5% -> 197510.62 | AG73: =$D$4*2.436% -> 38490.871 | AH73: =$D$4*16% -> 252813.6 | AI73: =SUM(AE73:AH73)*B73 -> 8179660.4 | AJ73: 9 | AK73: =$C$6*AJ73 -> 737100 | AL73: =($D$4*12.5%)/30*12 -> 79004.25 | AM73: =($D$4*2.436%)/30*12 -> 15396.348 | AN73: =($D$4*16%)/30*12 -> 101125.44 | AO73: =SUM(AK73:AN73)*B73 -> 3730504.2 | AP73: 0 | AQ73: =$C$6*AP73 -> 0 | AR73: =($D$4*12.5%)/30*10 -> 65836.875 | AS73: =($D$4*2.436%)/30*10 -> 12830.29 | AT73: =($D$4*16%)/30*10 -> 84271.2 | AU73: =SUM(AQ73:AT73)*B73 -> 651753.46
A74: I. E. R. LA DANTA | B74: 6 | C74: 495 | D74: 0 | E74: =C74+D74 -> 495 | F74: 10 | G74: =$C$6*F74 -> 819000 | H74: =($D$4*12.5%)/30*13 -> 85587.938 | I74: =($D$4*2.436%)/30*13 -> 16679.377 | J74: =($D$4*16%)/30*13 -> 109552.56 | K74: =SUM(G74:J74)*B74 -> 6184919.2 | L74: 20 | M74: =$C$6*L74 -> 1638000 | N74: =$D$4*12.5% -> 197510.62 | O74: =$D$4*2.436% -> 38490.871 | P74: =$D$4*16% -> 252813.6 | Q74: =SUM(M74:P74)*B74 -> 12760891 | R74: 19 | S74: =$C$6*R74 -> 1556100 | T74: =$D$4*12.5% -> 197510.62 | U74: =$D$4*2.436% -> 38490.871 | V74: =$D$4*16% -> 252813.6 | W74: =SUM(S74:V74)*B74 -> 12269491 | X74: 19 | Y74: =$C$6*X74 -> 1556100 | Z74: =$D$4*12.5% -> 197510.62 | AA74: =$D$4*2.436% -> 38490.871 | AB74: =$D$4*16% -> 252813.6 | AC74: =SUM(Y74:AB74)*B74 -> 12269491 | AD74: 19 | AE74: =$C$6*AD74 -> 1556100 | AF74: =$D$4*12.5% -> 197510.62 | AG74: =$D$4*2.436% -> 38490.871 | AH74: =$D$4*16% -> 252813.6 | AI74: =SUM(AE74:AH74)*B74 -> 12269491 | AJ74: 9 | AK74: =$C$6*AJ74 -> 737100 | AL74: =($D$4*12.5%)/30*12 -> 79004.25 | AM74: =($D$4*2.436%)/30*12 -> 15396.348 | AN74: =($D$4*16%)/30*12 -> 101125.44 | AO74: =SUM(AK74:AN74)*B74 -> 5595756.2 | AP74: 0 | AQ74: =$C$6*AP74 -> 0 | AR74: =($D$4*12.5%)/30*10 -> 65836.875 | AS74: =($D$4*2.436%)/30*10 -> 12830.29 | AT74: =($D$4*16%)/30*10 -> 84271.2 | AU74: =SUM(AQ74:AT74)*B74 -> 977630.19
A75: C. E. R. PIEDRAS BLANCAS | B75: 1 | C75: 58 | D75: 0 | E75: =C75+D75 -> 58 | F75: 10 | G75: =$C$6*F75 -> 819000 | H75: =($D$4*12.5%)/30*13 -> 85587.938 | I75: =($D$4*2.436%)/30*13 -> 16679.377 | J75: =($D$4*16%)/30*13 -> 109552.56 | K75: =SUM(G75:J75)*B75 -> 1030819.9 | L75: 20 | M75: =$C$6*L75 -> 1638000 | N75: =$D$4*12.5% -> 197510.62 | O75: =$D$4*2.436% -> 38490.871 | P75: =$D$4*16% -> 252813.6 | Q75: =SUM(M75:P75)*B75 -> 2126815.1 | R75: 19 | S75: =$C$6*R75 -> 1556100 | T75: =$D$4*12.5% -> 197510.62 | U75: =$D$4*2.436% -> 38490.871 | V75: =$D$4*16% -> 252813.6 | W75: =SUM(S75:V75)*B75 -> 2044915.1 | X75: 19 | Y75: =$C$6*X75 -> 1556100 | Z75: =$D$4*12.5% -> 197510.62 | AA75: =$D$4*2.436% -> 38490.871 | AB75: =$D$4*16% -> 252813.6 | AC75: =SUM(Y75:AB75)*B75 -> 2044915.1 | AD75: 19 | AE75: =$C$6*AD75 -> 1556100 | AF75: =$D$4*12.5% -> 197510.62 | AG75: =$D$4*2.436% -> 38490.871 | AH75: =$D$4*16% -> 252813.6 | AI75: =SUM(AE75:AH75)*B75 -> 2044915.1 | AJ75: 9 | AK75: =$C$6*AJ75 -> 737100 | AL75: =($D$4*12.5%)/30*12 -> 79004.25 | AM75: =($D$4*2.436%)/30*12 -> 15396.348 | AN75: =($D$4*16%)/30*12 -> 101125.44 | AO75: =SUM(AK75:AN75)*B75 -> 932626.04 | AP75: 0 | AQ75: =$C$6*AP75 -> 0 | AR75: =($D$4*12.5%)/30*10 -> 65836.875 | AS75: =($D$4*2.436%)/30*10 -> 12830.29 | AT75: =($D$4*16%)/30*10 -> 84271.2 | AU75: =SUM(AQ75:AT75)*B75 -> 162938.37
A76: I. E. R. SAN MIGUEL | B76: 2 | C76: 270 | D76: 0 | E76: =C76+D76 -> 270 | F76: 10 | G76: =$C$6*F76 -> 819000 | H76: =($D$4*12.5%)/30*13 -> 85587.938 | I76: =($D$4*2.436%)/30*13 -> 16679.377 | J76: =($D$4*16%)/30*13 -> 109552.56 | K76: =SUM(G76:J76)*B76 -> 2061639.7 | L76: 20 | M76: =$C$6*L76 -> 1638000 | N76: =$D$4*12.5% -> 197510.62 | O76: =$D$4*2.436% -> 38490.871 | P76: =$D$4*16% -> 252813.6 | Q76: =SUM(M76:P76)*B76 -> 4253630.2 | R76: 19 | S76: =$C$6*R76 -> 1556100 | T76: =$D$4*12.5% -> 197510.62 | U76: =$D$4*2.436% -> 38490.871 | V76: =$D$4*16% -> 252813.6 | W76: =SUM(S76:V76)*B76 -> 4089830.2 | X76: 19 | Y76: =$C$6*X76 -> 1556100 | Z76: =$D$4*12.5% -> 197510.62 | AA76: =$D$4*2.436% -> 38490.871 | AB76: =$D$4*16% -> 252813.6 | AC76: =SUM(Y76:AB76)*B76 -> 4089830.2 | AD76: 19 | AE76: =$C$6*AD76 -> 1556100 | AF76: =$D$4*12.5% -> 197510.62 | AG76: =$D$4*2.436% -> 38490.871 | AH76: =$D$4*16% -> 252813.6 | AI76: =SUM(AE76:AH76)*B76 -> 4089830.2 | AJ76: 9 | AK76: =$C$6*AJ76 -> 737100 | AL76: =($D$4*12.5%)/30*12 -> 79004.25 | AM76: =($D$4*2.436%)/30*12 -> 15396.348 | AN76: =($D$4*16%)/30*12 -> 101125.44 | AO76: =SUM(AK76:AN76)*B76 -> 1865252.1 | AP76: 0 | AQ76: =$C$6*AP76 -> 0 | AR76: =($D$4*12.5%)/30*10 -> 65836.875 | AS76: =($D$4*2.436%)/30*10 -> 12830.29 | AT76: =($D$4*16%)/30*10 -> 84271.2 | AU76: =SUM(AQ76:AT76)*B76 -> 325876.73
A77: C. E. R. ALTO DE SABANA | B77: 1 | C77: 80 | D77: 0 | E77: =C77+D77 -> 80 | F77: 10 | G77: =$C$6*F77 -> 819000 | H77: =($D$4*12.5%)/30*13 -> 85587.938 | I77: =($D$4*2.436%)/30*13 -> 16679.377 | J77: =($D$4*16%)/30*13 -> 109552.56 | K77: =SUM(G77:J77)*B77 -> 1030819.9 | L77: 20 | M77: =$C$6*L77 -> 1638000 | N77: =$D$4*12.5% -> 197510.62 | O77: =$D$4*2.436% -> 38490.871 | P77: =$D$4*16% -> 252813.6 | Q77: =SUM(M77:P77)*B77 -> 2126815.1 | R77: 19 | S77: =$C$6*R77 -> 1556100 | T77: =$D$4*12.5% -> 197510.62 | U77: =$D$4*2.436% -> 38490.871 | V77: =$D$4*16% -> 252813.6 | W77: =SUM(S77:V77)*B77 -> 2044915.1 | X77: 19 | Y77: =$C$6*X77 -> 1556100 | Z77: =$D$4*12.5% -> 197510.62 | AA77: =$D$4*2.436% -> 38490.871 | AB77: =$D$4*16% -> 252813.6 | AC77: =SUM(Y77:AB77)*B77 -> 2044915.1 | AD77: 19 | AE77: =$C$6*AD77 -> 1556100 | AF77: =$D$4*12.5% -> 197510.62 | AG77: =$D$4*2.436% -> 38490.871 | AH77: =$D$4*16% -> 252813.6 | AI77: =SUM(AE77:AH77)*B77 -> 2044915.1 | AJ77: 9 | AK77: =$C$6*AJ77 -> 737100 | AL77: =($D$4*12.5%)/30*12 -> 79004.25 | AM77: =($D$4*2.436%)/30*12 -> 15396.348 | AN77: =($D$4*16%)/30*12 -> 101125.44 | AO77: =SUM(AK77:AN77)*B77 -> 932626.04 | AP77: 0 | AQ77: =$C$6*AP77 -> 0 | AR77: =($D$4*12.5%)/30*10 -> 65836.875 | AS77: =($D$4*2.436%)/30*10 -> 12830.29 | AT77: =($D$4*16%)/30*10 -> 84271.2 | AU77: =SUM(AQ77:AT77)*B77 -> 162938.37
A78: C. E. R. LAUREANO GOMEZ | B78: 1 | C78: 46 | D78: 0 | E78: =C78+D78 -> 46 | F78: 10 | G78: =$C$6*F78 -> 819000 | H78: =($D$4*12.5%)/30*13 -> 85587.938 | I78: =($D$4*2.436%)/30*13 -> 16679.377 | J78: =($D$4*16%)/30*13 -> 109552.56 | K78: =SUM(G78:J78)*B78 -> 1030819.9 | L78: 20 | M78: =$C$6*L78 -> 1638000 | N78: =$D$4*12.5% -> 197510.62 | O78: =$D$4*2.436% -> 38490.871 | P78: =$D$4*16% -> 252813.6 | Q78: =SUM(M78:P78)*B78 -> 2126815.1 | R78: 19 | S78: =$C$6*R78 -> 1556100 | T78: =$D$4*12.5% -> 197510.62 | U78: =$D$4*2.436% -> 38490.871 | V78: =$D$4*16% -> 252813.6 | W78: =SUM(S78:V78)*B78 -> 2044915.1 | X78: 19 | Y78: =$C$6*X78 -> 1556100 | Z78: =$D$4*12.5% -> 197510.62 | AA78: =$D$4*2.436% -> 38490.871 | AB78: =$D$4*16% -> 252813.6 | AC78: =SUM(Y78:AB78)*B78 -> 2044915.1 | AD78: 19 | AE78: =$C$6*AD78 -> 1556100 | AF78: =$D$4*12.5% -> 197510.62 | AG78: =$D$4*2.436% -> 38490.871 | AH78: =$D$4*16% -> 252813.6 | AI78: =SUM(AE78:AH78)*B78 -> 2044915.1 | AJ78: 9 | AK78: =$C$6*AJ78 -> 737100 | AL78: =($D$4*12.5%)/30*12 -> 79004.25 | AM78: =($D$4*2.436%)/30*12 -> 15396.348 | AN78: =($D$4*16%)/30*12 -> 101125.44 | AO78: =SUM(AK78:AN78)*B78 -> 932626.04 | AP78: 0 | AQ78: =$C$6*AP78 -> 0 | AR78: =($D$4*12.5%)/30*10 -> 65836.875 | AS78: =($D$4*2.436%)/30*10 -> 12830.29 | AT78: =($D$4*16%)/30*10 -> 84271.2 | AU78: =SUM(AQ78:AT78)*B78 -> 162938.37
A79: C. E. R. MANZANARES | B79: 1 | C79: 44 | D79: 0 | E79: =C79+D79 -> 44 | F79: 10 | G79: =$C$6*F79 -> 819000 | H79: =($D$4*12.5%)/30*13 -> 85587.938 | I79: =($D$4*2.436%)/30*13 -> 16679.377 | J79: =($D$4*16%)/30*13 -> 109552.56 | K79: =SUM(G79:J79)*B79 -> 1030819.9 | L79: 20 | M79: =$C$6*L79 -> 1638000 | N79: =$D$4*12.5% -> 197510.62 | O79: =$D$4*2.436% -> 38490.871 | P79: =$D$4*16% -> 252813.6 | Q79: =SUM(M79:P79)*B79 -> 2126815.1 | R79: 19 | S79: =$C$6*R79 -> 1556100 | T79: =$D$4*12.5% -> 197510.62 | U79: =$D$4*2.436% -> 38490.871 | V79: =$D$4*16% -> 252813.6 | W79: =SUM(S79:V79)*B79 -> 2044915.1 | X79: 19 | Y79: =$C$6*X79 -> 1556100 | Z79: =$D$4*12.5% -> 197510.62 | AA79: =$D$4*2.436% -> 38490.871 | AB79: =$D$4*16% -> 252813.6 | AC79: =SUM(Y79:AB79)*B79 -> 2044915.1 | AD79: 19 | AE79: =$C$6*AD79 -> 1556100 | AF79: =$D$4*12.5% -> 197510.62 | AG79: =$D$4*2.436% -> 38490.871 | AH79: =$D$4*16% -> 252813.6 | AI79: =SUM(AE79:AH79)*B79 -> 2044915.1 | AJ79: 9 | AK79: =$C$6*AJ79 -> 737100 | AL79: =($D$4*12.5%)/30*12 -> 79004.25 | AM79: =($D$4*2.436%)/30*12 -> 15396.348 | AN79: =($D$4*16%)/30*12 -> 101125.44 | AO79: =SUM(AK79:AN79)*B79 -> 932626.04 | AP79: 0 | AQ79: =$C$6*AP79 -> 0 | AR79: =($D$4*12.5%)/30*10 -> 65836.875 | AS79: =($D$4*2.436%)/30*10 -> 12830.29 | AT79: =($D$4*16%)/30*10 -> 84271.2 | AU79: =SUM(AQ79:AT79)*B79 -> 162938.37
A80: C. E. R. MANZANARES CENTRO | B80: 1 | C80: 68 | D80: 0 | E80: =C80+D80 -> 68 | F80: 10 | G80: =$C$6*F80 -> 819000 | H80: =($D$4*12.5%)/30*13 -> 85587.938 | I80: =($D$4*2.436%)/30*13 -> 16679.377 | J80: =($D$4*16%)/30*13 -> 109552.56 | K80: =SUM(G80:J80)*B80 -> 1030819.9 | L80: 20 | M80: =$C$6*L80 -> 1638000 | N80: =$D$4*12.5% -> 197510.62 | O80: =$D$4*2.436% -> 38490.871 | P80: =$D$4*16% -> 252813.6 | Q80: =SUM(M80:P80)*B80 -> 2126815.1 | R80: 19 | S80: =$C$6*R80 -> 1556100 | T80: =$D$4*12.5% -> 197510.62 | U80: =$D$4*2.436% -> 38490.871 | V80: =$D$4*16% -> 252813.6 | W80: =SUM(S80:V80)*B80 -> 2044915.1 | X80: 19 | Y80: =$C$6*X80 -> 1556100 | Z80: =$D$4*12.5% -> 197510.62 | AA80: =$D$4*2.436% -> 38490.871 | AB80: =$D$4*16% -> 252813.6 | AC80: =SUM(Y80:AB80)*B80 -> 2044915.1 | AD80: 19 | AE80: =$C$6*AD80 -> 1556100 | AF80: =$D$4*12.5% -> 197510.62 | AG80: =$D$4*2.436% -> 38490.871 | AH80: =$D$4*16% -> 252813.6 | AI80: =SUM(AE80:AH80)*B80 -> 2044915.1 | AJ80: 9 | AK80: =$C$6*AJ80 -> 737100 | AL80: =($D$4*12.5%)/30*12 -> 79004.25 | AM80: =($D$4*2.436%)/30*12 -> 15396.348 | AN80: =($D$4*16%)/30*12 -> 101125.44 | AO80: =SUM(AK80:AN80)*B80 -> 932626.04 | AP80: 0 | AQ80: =$C$6*AP80 -> 0 | AR80: =($D$4*12.5%)/30*10 -> 65836.875 | AS80: =($D$4*2.436%)/30*10 -> 12830.29 | AT80: =($D$4*16%)/30*10 -> 84271.2 | AU80: =SUM(AQ80:AT80)*B80 -> 162938.37
A81: I. E. INTEGRAL PARA JOVENES Y ADULTOS CELIA RAMOS TORO | B81: 2 | C81: 234 | D81: 0 | E81: =C81+D81 -> 234 | F81: 10 | G81: =$C$6*F81 -> 819000 | H81: =($D$4*12.5%)/30*13 -> 85587.938 | I81: =($D$4*2.436%)/30*13 -> 16679.377 | J81: =($D$4*16%)/30*13 -> 109552.56 | K81: =SUM(G81:J81)*B81 -> 2061639.7 | L81: 20 | M81: =$C$6*L81 -> 1638000 | N81: =$D$4*12.5% -> 197510.62 | O81: =$D$4*2.436% -> 38490.871 | P81: =$D$4*16% -> 252813.6 | Q81: =SUM(M81:P81)*B81 -> 4253630.2 | R81: 19 | S81: =$C$6*R81 -> 1556100 | T81: =$D$4*12.5% -> 197510.62 | U81: =$D$4*2.436% -> 38490.871 | V81: =$D$4*16% -> 252813.6 | W81: =SUM(S81:V81)*B81 -> 4089830.2 | X81: 19 | Y81: =$C$6*X81 -> 1556100 | Z81: =$D$4*12.5% -> 197510.62 | AA81: =$D$4*2.436% -> 38490.871 | AB81: =$D$4*16% -> 252813.6 | AC81: =SUM(Y81:AB81)*B81 -> 4089830.2 | AD81: 19 | AE81: =$C$6*AD81 -> 1556100 | AF81: =$D$4*12.5% -> 197510.62 | AG81: =$D$4*2.436% -> 38490.871 | AH81: =$D$4*16% -> 252813.6 | AI81: =SUM(AE81:AH81)*B81 -> 4089830.2 | AJ81: 9 | AK81: =$C$6*AJ81 -> 737100 | AL81: =($D$4*12.5%)/30*12 -> 79004.25 | AM81: =($D$4*2.436%)/30*12 -> 15396.348 | AN81: =($D$4*16%)/30*12 -> 101125.44 | AO81: =SUM(AK81:AN81)*B81 -> 1865252.1 | AP81: 0 | AQ81: =$C$6*AP81 -> 0 | AR81: =($D$4*12.5%)/30*10 -> 65836.875 | AS81: =($D$4*2.436%)/30*10 -> 12830.29 | AT81: =($D$4*16%)/30*10 -> 84271.2 | AU81: =SUM(AQ81:AT81)*B81 -> 325876.73
... A90: SUPERNUMERARIA URBANA | B90: 1 | C90: 0 | D90: 0 | E90: =C90+D90 -> 0 | F90: 10 | G90: =$C$6*F90 -> 819000 | H90: =($D$4*12.5%)/30*13 -> 85587.938 | I90: =($D$4*2.436%)/30*13 -> 16679.377 | J90: =($D$4*16%)/30*13 -> 109552.56 | K90: =SUM(G90:J90)*B90 -> 1030819.9 | L90: 20 | M90: =$C$6*L90 -> 1638000 | N90: =$D$4*12.5% -> 197510.62 | O90: =$D$4*2.436% -> 38490.871 | P90: =$D$4*16% -> 252813.6 | Q90: =SUM(M90:P90)*B90 -> 2126815.1 | R90: 19 | S90: =$C$6*R90 -> 1556100 | T90: =$D$4*12.5% -> 197510.62 | U90: =$D$4*2.436% -> 38490.871 | V90: =$D$4*16% -> 252813.6 | W90: =SUM(S90:V90)*B90 -> 2044915.1 | X90: 19 | Y90: =$C$6*X90 -> 1556100 | Z90: =$D$4*12.5% -> 197510.62 | AA90: =$D$4*2.436% -> 38490.871 | AB90: =$D$4*16% -> 252813.6 | AC90: =SUM(Y90:AB90)*B90 -> 2044915.1 | AD90: 19 | AE90: =$C$6*AD90 -> 1556100 | AF90: =$D$4*12.5% -> 197510.62 | AG90: =$D$4*2.436% -> 38490.871 | AH90: =$D$4*16% -> 252813.6 | AI90: =SUM(AE90:AH90)*B90 -> 2044915.1 | AJ90: 9 | AK90: =$C$6*AJ90 -> 737100 | AL90: =($D$4*12.5%)/30*12 -> 79004.25 | AM90: =($D$4*2.436%)/30*12 -> 15396.348 | AN90: =($D$4*16%)/30*12 -> 101125.44 | AO90: =SUM(AK90:AN90)*B90 -> 932626.04 | AP90: 0 | AQ90: =$C$6*AP90 -> 0 | AR90: =($D$4*12.5%)/30*10 -> 65836.875 | AS90: =($D$4*2.436%)/30*10 -> 12830.29 | AT90: =($D$4*16%)/30*10 -> 84271.2 | AU90: =SUM(AQ90:AT90)*B90 -> 162938.37
A91: Total Procesadoras | B91: =SUM(B11:B90) -> 103 | D91: =SUM(D11:D90) -> 166 | K91: =SUM(K11:K90) -> 89951947 | Q91: =SUM(Q11:Q90) -> 1.8661695e+08 | W91: =SUM(W11:W90) -> 1.798035e+08 | AC91: =SUM(AC11:AC90) -> 1.798035e+08 | AI91: =SUM(AI11:AI90) -> 1.798035e+08 | AO91: =SUM(AO11:AO90) -> 81460232 | AU91: =SUM(AU11:AU90) -> 16782652
A94: RESUMEN INVERSIÓN PROCESADORAS
A96: Rango | B96: Cantidad Procesadoras | C96: Honorarios x Día | D96: HONORARIOS ENERO
D97: Días Laborales | E97: X 1 Procesadora | F97: Total Procesadoras | G97: Seguridad Social X 1 Procesadora | H97: Total Seguridad Social
A98: RANGO 1 | B98: =SUM(B11:B27) -> 17 | C98: =C4 -> 40950 | D98: 10 | E98: =C98*D98 -> 409500 | F98: =E98*B98 -> 6961500 | G98: =H90+I90+J90 -> 211819.87 | H98: =G98*B98 -> 3600937.9
A99: RANGO 2 | B99: =SUM(B28:B69) -> 42 | C99: =C5 -> 59850 | D99: 10 | E99: =C99*D99 -> 598500 | F99: =E99*B99 -> 25137000 | G99: =SUM(H90:J90) -> 211819.87 | H99: =G99*B99 -> 8896434.7
A100: RANGO 3 | B100: 45 | C100: =C6 -> 81900 | D100: 10 | E100: =C100*D100 -> 819000 | F100: =E100*B100 -> 36855000 | G100: =SUM(H90:J90) -> 211819.87 | H100: =G100*B100 -> 9531894.4
B101: =SUM(B98:B100) -> 104 | F101: =SUM(F98:F100) -> 68953500 | H101: =SUM(H98:H100) -> 22029267
C104: HONORARIOS FEBRERO
C105: Rango | D105: Días Laborales | E105: X 1 Procesadora | F105: Total Procesadoras | G105: Seguridad Social X 1 Procesadora | H105: Total Seguridad Social
C106: RANGO 1 | D106: 20 | E106: =C98*D106 -> 819000 | F106: =E106*B98 -> 13923000 | G106: =N90+O90+P90 -> 488815.1 | H106: =G106*B98 -> 8309856.6
C107: RANGO 2 | D107: 20 | E107: =C99*D107 -> 1197000 | F107: =E107*B99 -> 50274000 | G107: 488815.1 | H107: =G107*B99 -> 20530234
C108: RANGO 3 | D108: 20 | E108: =C100*D108 -> 1638000 | F108: =E108*B100 -> 73710000 | G108: 488815.1 | H108: =G108*B100 -> 21996679
F109: =SUM(F106:F108) -> 137907000 | H109: =SUM(H106:H108) -> 50836770
C112: HONORARIOS MARZO
C113: Rango | D113: Días Laborales | E113: X 1 Procesadora | F113: Total Procesadoras | G113: Seguridad Social X 1 Procesadora | H113: Total Seguridad Social
C114: RANGO 1 | D114: 19 | E114: =C98*D114 -> 778050 | F114: =E114*B98 -> 13226850 | G114: =SUM(T90:V90) -> 488815.1 | H114: =G114*B98 -> 8309856.6
C115: RANGO 2 | D115: 19 | E115: =C99*D115 -> 1137150 | F115: =E115*B99 -> 47760300 | G115: 488815 | H115: =G115*B99 -> 20530230
C116: RANGO 3 | D116: 19 | E116: =C100*D116 -> 1556100 | F116: =E116*B100 -> 70024500 | G116: 488815 | H116: =G116*B100 -> 21996675
F117: =SUM(F114:F116) -> 131011650 | H117: =SUM(H114:H116) -> 50836762
C120: HONORARIOS ABRIL
C121: Rango | D121: Días Laborales | E121: X 1 Procesadora | F121: Total Procesadoras | G121: Seguridad Social X 1 Procesadora | H121: Total Seguridad Social
C122: RANGO 1 | D122: 19 | E122: =C98*D122 -> 778050 | F122: =E122*B98 -> 13226850 | G122: =SUM(Z90:AB90) -> 488815.1 | H122: =G122*B98 -> 8309856.6
C123: RANGO 2 | D123: 19 | E123: =C99*D123 -> 1137150 | F123: =E123*B99 -> 47760300 | G123: 488815 | H123: =G123*B99 -> 20530230
C124: RANGO 3 | D124: 19 | E124: =C100*D124 -> 1556100 | F124: =E124*B100 -> 70024500 | G124: 488815 | H124: =G124*B100 -> 21996675
F125: =SUM(F122:F124) -> 131011650 | H125: =SUM(H122:H124) -> 50836762
C128: HONORARIOS MAYO
C129: Rango | D129: Días Laborales | E129: X 1 Procesadora | F129: Total Procesadoras | G129: Seguridad Social X 1 Procesadora | H129: Total Seguridad Social
C130: RANGO 1 | D130: 19 | E130: =C98*D130 -> 778050 | F130: =E130*B98 -> 13226850 | G130: =SUM(AF90:AH90) -> 488815.1 | H130: =G130*B98 -> 8309856.6
C131: RANGO 2 | D131: 19 | E131: =C99*D131 -> 1137150 | F131: =E131*B99 -> 47760300 | G131: 488815 | H131: =G131*B99 -> 20530230
C132: RANGO 3 | D132: 19 | E132: =C100*D132 -> 1556100 | F132: =E132*B100 -> 70024500 | G132: 488815 | H132: =G132*B100 -> 21996675
F133: =SUM(F130:F132) -> 131011650 | H133: =SUM(H130:H132) -> 50836762
C136: HONORARIOS JUNIO
C137: Rango | D137: Días Laborales | E137: X 1 Procesadora | F137: Total Procesadoras | G137: Seguridad Social X 1 Procesadora | H137: Total Seguridad Social
C138: RANGO 1 | D138: 9 | E138: =C98*D138 -> 368550 | F138: =E138*B98 -> 6265350 | G138: =SUM(AL90:AN90) -> 195526.04 | H138: =G138*B98 -> 3323942.7
C139: RANGO 2 | D139: 9 | E139: =C99*D139 -> 538650 | F139: =E139*B99 -> 22623300 | G139: 195526.04 | H139: =G139*B99 -> 8212093.6
C140: RANGO 3 | D140: 9 | E140: =C100*D140 -> 737100 | F140: =E140*B100 -> 33169500 | G140: 195526.04 | H140: =G140*B100 -> 8798671.7
F141: =SUM(F138:F140) -> 62058150 | H141: =SUM(H138:H140) -> 20334708
C144: HONORARIOS JULIO (9 días laborales - 16 días de seguridad)
C145: Rango | D145: Días Laborales | E145: X 1 Procesadora | F145: Total Procesadoras | G145: Seguridad Social X 1 Procesadora | H145: Total Seguridad Social
C146: RANGO 1 | D146: 0 | E146: =C98*D146 -> 0 | F146: =E146*B98 -> 0 | G146: 0 | H146: =G146*B98 -> 0
C147: RANGO 2 | D147: 0 | E147: =C99*D147 -> 0 | F147: =E147*B99 -> 0 | G147: 0 | H147: =G147*B99 -> 0
C148: RANGO 3 | D148: 0 | E148: =C100*D148 -> 0 | F148: =E148*B100 -> 0 | G148: 0 | H148: =G148*B100 -> 0
F149: =SUM(F146:F148) -> 0 | H149: =SUM(H146:H148) -> 0
A152: RESUMEN GENERAL
A153: Rango | B153: ENERO | D153: FEBRERO | F153: MARZO | H153: ABRIL | J153: MAYO | L153: JUNIO | N153: JULIO
B154: Honorarios | C154: Seguridad | D154: Honorarios | E154: Seguridad | F154: Honorarios | G154: Seguridad | H154: Honorarios | I154: Seguridad | J154: Honorarios | K154: Seguridad | L154: Honorarios | M154: Seguridad | N154: Honorarios | O154: Seguridad
A155: RANGO 1 | B155: =F98 -> 6961500 | C155: =H98 -> 3600937.9 | D155: =F106 -> 13923000 | E155: =H106 -> 8309856.6 | F155: =F114 -> 13226850 | G155: =H114 -> 8309856.6 | H155: =F122 -> 13226850 | I155: =H122 -> 8309856.6 | J155: =F130 -> 13226850 | K155: =H130 -> 8309856.6 | L155: =F138 -> 6265350 | M155: =H138 -> 3323942.7 | N155: =F146 -> 0 | O155: =H146 -> 0
A156: RANGO 2 | B156: =F99 -> 25137000 | C156: =H99 -> 8896434.7 | D156: =F107 -> 50274000 | E156: =H107 -> 20530234 | F156: =F115 -> 47760300 | G156: =H115 -> 20530230 | H156: =F123 -> 47760300 | I156: =H123 -> 20530230 | J156: =F131 -> 47760300 | K156: =H131 -> 20530230 | L156: =F139 -> 22623300 | M156: =H139 -> 8212093.6 | N156: =F147 -> 0 | O156: =H147 -> 0
A157: RANGO 3 | B157: =F100 -> 36855000 | C157: =H100 -> 9531894.4 | D157: =F108 -> 73710000 | E157: =H108 -> 21996679 | F157: =F116 -> 70024500 | G157: =H116 -> 21996675 | H157: =F124 -> 70024500 | I157: =H124 -> 21996675 | J157: =F132 -> 70024500 | K157: =H132 -> 21996675 | L157: =F140 -> 33169500 | M157: =H140 -> 8798671.7 | N157: =F148 -> 0 | O157: =H148 -> 0
A158: Subtotales | B158: =SUM(B155:B157) -> 68953500 | C158: =SUM(C155:C157) -> 22029267 | D158: =SUM(D155:D157) -> 137907000 | E158: =SUM(E155:E157) -> 50836770 | F158: =SUM(F155:F157) -> 131011650 | G158: =SUM(G155:G157) -> 50836762 | H158: =SUM(H155:H157) -> 131011650 | I158: =SUM(I155:I157) -> 50836762 | ... O158: =SUM(O155:O157) -> 0
A159: Valor Total Inversión | B159: =SUM(B158:C158) -> 90982767 | D159: =D158+E158 -> 1.8874377e+08 | F159: =F158+G158 -> 1.8184841e+08 | H159: =H158+I158 -> 1.8184841e+08 | J159: =J158+K158 -> 1.8184841e+08 | L159: =L158+M158 -> 82392858 | N159: =N158+O158 -> 0
A161: TOTAL INVERSIÓN MANIPULADORAS
...

Sheet sedes industrializadas
A1: SEDES INDUSTRIALIZADAS
A2: C. E. R. ALTO DEL RAYO
A3: C. E. R. EL CEDRO
A4: C. E. R. LA PAZ SAN FRANCISCO
A5: C. E. R. SAN ANTONIO
A6: C. E. R. BRASILAL
A7: C. E. R. LA CIENAGA
A8: C. E. R. NORI
A9: C. E. R. LA FALDA
A10: C. E. R. MEDIA CUESTA
A11: C. E. R. SAN JOSE DE LAS CRUCES
A12: C. E. R. SANTA MARTA

Sheet Hoja1
A1: 621320 | B1: 1307815 | C1: 1266865 | D1: 1266865 | E1: 1266865 | F1: 857365 | G1: 1054184 | H1: =SUM(A1:G1) -> 7641279 | I1: 18 | J1: =H1*I1 -> 137543022
A2: 810320 | B2: 1685815 | C2: 1625965 | D2: 1625965 | E2: 1625965 | F2: 1027465 | G2: 1337684 | H2: =SUM(A2:G2) -> 9739179 | I2: 42 | J2: =H2*I2 -> 409045518
A3: 1030820 | B3: 2126815 | C3: 2044915 | D3: 2044915 | E3: 2044915 | F3: 1225915 | G3: 1668434 | H3: =SUM(A3:G3) -> 12186729 | I3: 45 | J3: =H3*I3 -> 548402805
I4: =SUM(I1:I3) -> 105 | J4: =SUM(J1:J3) -> 1094991345

Sheet Hoja2
A1: valor trabajado en 2025 | B1: prodeporte no tenido en cuenta | C1: IPC | D1: Valor cotización 2026 incluye descuentos | E1: AIIU Manipuladoras | F1: reconocimiento del 1,3% (estampilla departamental) que se descontó en 2025
B2: 0.013 | C2: 0.0551
A3: 3624 | B3: =A3*B2 -> 47.112 | C3: =(A3+B3)*C2 -> 202.27827 | D3: =A3+C3 -> 3826.2783 | E3: ='proyección inicial procesadoras'!B173 -> 2.4035089e+08 | F3: ='proyección general Inicial'!G43 -> 70241661 | H3: ='proyección inicial procesadoras'!#REF! -> #REF!
A4: 4938 | B4: =A4*B2 -> 64.194 | C4: =(A4+B4)*C2 -> 275.62089 | D4: =A4+C4 -> 5213.6209 | E4: =F3/2 -> 35120830 | F4: en dos tandas
A5: 3080000 | B5: 0 | C5: 169708 | D5: =A5+C5 -> 3249708
A6: 143000 | B6: 0 | C6: 7879.3 | D6: =A6+C6 -> 150879.3
A7: 229900 | B7: 0 | C7: 12667.49 | D7: =A7+C7 -> 242567.49
A12: 17 | B12: 9 | C12: 40950 | D12: =C12*B12 -> 368550
A13: 42 | B13: 9 | C13: 59850 | D13: =C13*B13 -> 538650
A14: 45 | B14: 9 | C14: 81900 | D14: =C14*B14 -> 737100
A18: 409500 | B18: 819000 | C18: 778050 | D18: 778050 | E18: 778050 | F18: 368550 | G18: =SUM(A18:F18) -> 3931200
A19: 598500 | B19: 1197000 | C19: 1137150 | D19: 1137150 | E19: 1137150 | F19: 538650 | G19: =SUM(A19:F19) -> 5745600
A20: 819000 | B20: 1638000 | C20: 1556100 | D20: 1556100 | E20: 1556100 | F20: 737100 | G20: =SUM(A20:F20) -> 7862400
A23: 211820 | B23: 488815 | C23: 488815 | D23: 488815 | E23: 488815 | F23: 195526 | G23: =SUM(A23:F23) -> 2362606
A24: 211820 | B24: 488815 | C24: 488815 | D24: 488815 | E24: 488815 | F24: 195526 | G24: =SUM(A24:F24) -> 2362606
A25: 211820 | B25: 488815 | C25: 488815 | D25: 488815 | E25: 488815 | F25: 195526 | G25: =SUM(A25:F25) -> 2362606
A28: 621320 | B28: 1307815 | C28: 1266865 | D28: 1266865 | E28: 1266865 | F28: 564076 | G28: =SUM(A28:F28) -> 6293806 | H28: 17 | I28: =G28*H28 -> 106994702
A29: 810320 | B29: 1685815 | C29: 1625965 | D29: 1625965 | E29: 1625965 | F29: 734176 | G29: =SUM(A29:F29) -> 8108206 | H29: 42 | I29: =G29*H29 -> 340544652
A30: 1030820 | B30: 2126815 | C30: 2044915 | D30: 2044915 | E30: 2044915 | F30: 932626 | G30: =SUM(A30:F30) -> 10225006 | H30: 45 | I30: =G30*H30 -> 460125270
I31: =SUM(I28:I30) -> 907664624
